Workbook

Sheet DLog
G2: Saldo | H2: =IF(E12="","",IF(G8="",E8,G8)) -> 34042.55 | M2: Ciclos | N2: Saldo | O2: % Lucro acumulado | Q2: Capitalização
G3: Objetivo % | H3: 0.5 | M3: 0 | N3: =IF(R3="","",R3) -> 1000 | O3: =100*(N3-R$3)/R$3 -> 0 | Q3: $ Inicial | R3: 1000
G4: Stop % | H4: 30 | M4: =M3+1 -> 1 | N4: =N3*(1+R$5/100) -> 1432.4 | O4: =100*(N4-R$3)/R$3 -> 43.24 | Q4: % Atual | R4: 0
M5: =M4+1 -> 2 | N5: =N4*(1+R$5/100) -> 2051.7698 | O5: =100*(N5-R$3)/R$3 -> 105.17698 | Q5: % por ciclo | R5: 43.24
C6: Resumo do dia | M6: =M5+1 -> 3 | N6: =N5*(1+R$5/100) -> 2938.955 | O6: =100*(N6-R$3)/R$3 -> 193.8955
C7: Data | E7: $ Inicial | G7: $ Atual | H7: Objetivo $ | I7: Lucro $ | J7: Lucro % | K7: Alerta | M7: =M6+1 -> 4 | N7: =N6*(1+R$5/100) -> 4209.7591 | O7: =100*(N7-R$3)/R$3 -> 320.97591
C8: =IF(C12="","",VLOOKUP(MAX(B12:B33),B12:C33,2,FALSE)) -> 42766 | E8: =IF(E12="","",VLOOKUP(MAX(D12:D33),D12:E33,2,FALSE)) -> 34042.55 | G8: =IF(G12="","",IF(VLOOKUP(MAX(F12:F33),F12:G33,2,FALSE)="","",VLOOKUP(MAX(F12:F33),F12:G33,2,FALSE))) | H8: =IF(E8="","",IF(H$3="","",E8*(1+H$3/100))) -> 34212.763 | I8: =IF(E8="","",IF(G8="","",G8-E8)) | J8: =IF(I8="","",100*I8/E8) | K8: =IF(J8="","",IF(J8<=-H$4,"Stop",IF(J8>=H$3,"Alvo",IF(G8="","Continue","")))) | M8: =M7+1 -> 5 | N8: =N7*(1+R$5/100) -> 6030.059 | O8: =100*(N8-R$3)/R$3 -> 503.0059 | Q8: Conversões
M9: =M8+1 -> 6 | N9: =N8*(1+R$5/100) -> 8637.4565 | O9: =100*(N9-R$3)/R$3 -> 763.74565
C10: Ciclos operacionais na semana | M10: =M9+1 -> 7 | N10: =N9*(1+R$5/100) -> 12372.293 | O10: =100*(N10-R$3)/R$3 -> 1137.2293 | Q10: % Dia útil | R10: 0.5
B11: # | C11: Data | D11: # | E11: $ Inicial | F11: # | G11: $ Final | H11: Objetivo $ | I11: Lucro $ | J11: Lucro % | K11: Alerta | M11: =M10+1 -> 8 | N11: =N10*(1+R$5/100) -> 17722.072 | O11: =100*(N11-R$3)/R$3 -> 1672.2072 | Q11: % Semana | R11: =100*((1+R10/100)^5-1) -> 2.5251253
B12: 0 | C12: 42766 | D12: 0 | E12: 34042.55 | F12: 0 | H12: =IF(E12="","",IF(H$3="","",E12*(1+H$3/100))) -> 34212.763 | I12: =IF(E12="","",IF(G12="","",G12-E12)) | J12: =IF(I12="","",100*I12/E12) | K12: =IF(J12="","",IF(J12<=-H$4,"Stop",IF(J12>=H$3,"Alvo",IF(G12="","Continue","")))) | M12: =M11+1 -> 9 | N12: =N11*(1+R$5/100) -> 25385.096 | O12: =100*(N12-R$3)/R$3 -> 2438.5096 | Q12: % Mês | R12: =100*((1+R10/100)^(30*5/7)-1) -> 11.279614
B13: =IF(C13="",B12,B12+1) -> 0 | D13: =IF(E13="","",IF(C13="",D12,D12+1)) | E13: =IF(G12="","",G12) | F13: =IF(G13="",IF(C13="","",F12+1),F12+1) | H13: =IF(E13="","",IF(H$3="","",E13*(1+H$3/100))) | I13: =IF(E13="","",IF(G13="","",G13-E13)) | J13: =IF(I13="","",100*I13/E13) | K13: =IF(J13="","",IF(J13<=-H$4,"Stop",IF(J13>=H$3,"Alvo",IF(G13="","Continue","")))) | M13: =M12+1 -> 10 | N13: =N12*(1+R$5/100) -> 36361.612 | O13: =100*(N13-R$3)/R$3 -> 3536.1612 | Q13: % Ano | R13: =100*((1+R10/100)^(360*5/7)-1) -> 260.56811
B14: =IF(C14="",B13,B13+1) -> 0 | D14: =IF(E14="","",IF(C14="",D13,D13+1)) | E14: =IF(G13="","",G13) | F14: =IF(G14="",IF(C14="","",F13+1),F13+1) | H14: =IF(E14="","",IF(H$3="","",E14*(1+H$3/100))) | I14: =IF(E14="","",IF(G14="","",G14-E14)) | J14: =IF(I14="","",100*I14/E14) | K14: =IF(J14="","",IF(J14<=-H$4,"Stop",IF(J14>=H$3,"Alvo",IF(G14="","Continue","")))) | M14: =M13+1 -> 11 | N14: =N13*(1+R$5/100) -> 52084.372 | O14: =100*(N14-R$3)/R$3 -> 5108.4372
B15: =IF(C15="",B14,B14+1) -> 0 | D15: =IF(E15="","",IF(C15="",D14,D14+1)) | E15: =IF(G14="","",G14) | F15: =IF(G15="",IF(C15="","",F14+1),F14+1) | H15: =IF(E15="","",IF(H$3="","",E15*(1+H$3/100))) | I15: =IF(E15="","",IF(G15="","",G15-E15)) | J15: =IF(I15="","",100*I15/E15) | K15: =IF(J15="","",IF(J15<=-H$4,"Stop",IF(J15>=H$3,"Alvo",IF(G15="","Continue","")))) | M15: =M14+1 -> 12 | N15: =N14*(1+R$5/100) -> 74605.655 | O15: =100*(N15-R$3)/R$3 -> 7360.5655 | Q15: % Semana | R15: 1
B16: =IF(C16="",B15,B15+1) -> 0 | D16: =IF(E16="","",IF(C16="",D15,D15+1)) | E16: =IF(G15="","",G15) | F16: =IF(G16="",IF(C16="","",F15+1),F15+1) | H16: =IF(E16="","",IF(H$3="","",E16*(1+H$3/100))) | I16: =IF(E16="","",IF(G16="","",G16-E16)) | J16: =IF(I16="","",100*I16/E16) | K16: =IF(J16="","",IF(J16<=-H$4,"Stop",IF(J16>=H$3,"Alvo",IF(G16="","Continue","")))) | M16: =M15+1 -> 13 | N16: =N15*(1+R$5/100) -> 106865.14 | O16: =100*(N16-R$3)/R$3 -> 10586.514 | Q16: % Mês | R16: =100*((1+R15/100)^(30/7)-1) -> 4.3566606
B17: =IF(C17="",B16,B16+1) -> 0 | D17: =IF(E17="","",IF(C17="",D16,D16+1)) | E17: =IF(G16="","",G16) | F17: =IF(G17="",IF(C17="","",F16+1),F16+1) | H17: =IF(E17="","",IF(H$3="","",E17*(1+H$3/100))) | I17: =IF(E17="","",IF(G17="","",G17-E17)) | J17: =IF(I17="","",100*I17/E17) | K17: =IF(J17="","",IF(J17<=-H$4,"Stop",IF(J17>=H$3,"Alvo",IF(G17="","Continue","")))) | M17: =M16+1 -> 14 | N17: =N16*(1+R$5/100) -> 153073.63 | O17: =100*(N17-R$3)/R$3 -> 15207.363 | Q17: % Ano | R17: =100*((1+R15/100)^(360/7)-1) -> 66.817681
B18: =IF(C18="",B17,B17+1) -> 0 | D18: =IF(E18="","",IF(C18="",D17,D17+1)) | E18: =IF(G17="","",G17) | F18: =IF(G18="",IF(C18="","",F17+1),F17+1) | H18: =IF(E18="","",IF(H$3="","",E18*(1+H$3/100))) | I18: =IF(E18="","",IF(G18="","",G18-E18)) | J18: =IF(I18="","",100*I18/E18) | K18: =IF(J18="","",IF(J18<=-H$4,"Stop",IF(J18>=H$3,"Alvo",IF(G18="","Continue","")))) | M18: =M17+1 -> 15 | N18: =N17*(1+R$5/100) -> 219262.66 | O18: =100*(N18-R$3)/R$3 -> 21826.266
B19: =IF(C19="",B18,B18+1) -> 0 | D19: =IF(E19="","",IF(C19="",D18,D18+1)) | E19: =IF(G18="","",G18) | F19: =IF(G19="",IF(C19="","",F18+1),F18+1) | H19: =IF(E19="","",IF(H$3="","",E19*(1+H$3/100))) | I19: =IF(E19="","",IF(G19="","",G19-E19)) | J19: =IF(I19="","",100*I19/E19) | K19: =IF(J19="","",IF(J19<=-H$4,"Stop",IF(J19>=H$3,"Alvo",IF(G19="","Continue","")))) | M19: =M18+1 -> 16 | N19: =N18*(1+R$5/100) -> 314071.84 | O19: =100*(N19-R$3)/R$3 -> 31307.184 | Q19: % Mês | R19: 20
B20: =IF(C20="",B19,B19+1) -> 0 | D20: =IF(E20="","",IF(C20="",D19,D19+1)) | E20: =IF(G19="","",G19) | F20: =IF(G20="",IF(C20="","",F19+1),F19+1) | H20: =IF(E20="","",IF(H$3="","",E20*(1+H$3/100))) | I20: =IF(E20="","",IF(G20="","",G20-E20)) | J20: =IF(I20="","",100*I20/E20) | K20: =IF(J20="","",IF(J20<=-H$4,"Stop",IF(J20>=H$3,"Alvo",IF(G20="","Continue","")))) | M20: =M19+1 -> 17 | N20: =N19*(1+R$5/100) -> 449876.5 | O20: =100*(N20-R$3)/R$3 -> 44887.65 | Q20: % Ano | R20: =100*((1+R19/100)^12-1) -> 791.61004
B21: =IF(C21="",B20,B20+1) -> 0 | D21: =IF(E21="","",IF(C21="",D20,D20+1)) | E21: =IF(G20="","",G20) | F21: =IF(G21="",IF(C21="","",F20+1),F20+1) | H21: =IF(E21="","",IF(H$3="","",E21*(1+H$3/100))) | I21: =IF(E21="","",IF(G21="","",G21-E21)) | J21: =IF(I21="","",100*I21/E21) | K21: =IF(J21="","",IF(J21<=-H$4,"Stop",IF(J21>=H$3,"Alvo",IF(G21="","Continue","")))) | M21: =M20+1 -> 18 | N21: =N20*(1+R$5/100) -> 644403.1 | O21: =100*(N21-R$3)/R$3 -> 64340.31
B22: =IF(C22="",B21,B21+1) -> 0 | D22: =IF(E22="","",IF(C22="",D21,D21+1)) | E22: =IF(G21="","",G21) | F22: =IF(G22="",IF(C22="","",F21+1),F21+1) | H22: =IF(E22="","",IF(H$3="","",E22*(1+H$3/100))) | I22: =IF(E22="","",IF(G22="","",G22-E22)) | J22: =IF(I22="","",100*I22/E22) | K22: =IF(J22="","",IF(J22<=-H$4,"Stop",IF(J22>=H$3,"Alvo",IF(G22="","Continue","")))) | M22: =M21+1 -> 19 | N22: =N21*(1+R$5/100) -> 923043 | O22: =100*(N22-R$3)/R$3 -> 92204.3
B23: =IF(C23="",B22,B22+1) -> 0 | D23: =IF(E23="","",IF(C23="",D22,D22+1)) | E23: =IF(G22="","",G22) | F23: =IF(G23="",IF(C23="","",F22+1),F22+1) | H23: =IF(E23="","",IF(H$3="","",E23*(1+H$3/100))) | I23: =IF(E23="","",IF(G23="","",G23-E23)) | J23: =IF(I23="","",100*I23/E23) | K23: =IF(J23="","",IF(J23<=-H$4,"Stop",IF(J23>=H$3,"Alvo",IF(G23="","Continue","")))) | M23: =M22+1 -> 20 | N23: =N22*(1+R$5/100) -> 1322166.8 | O23: =100*(N23-R$3)/R$3 -> 132116.68 | Q23: % Ano | R23: 100
B24: =IF(C24="",B23,B23+1) -> 0 | D24: =IF(E24="","",IF(C24="",D23,D23+1)) | E24: =IF(G23="","",G23) | F24: =IF(G24="",IF(C24="","",F23+1),F23+1) | H24: =IF(E24="","",IF(H$3="","",E24*(1+H$3/100))) | I24: =IF(E24="","",IF(G24="","",G24-E24)) | J24: =IF(I24="","",100*I24/E24) | K24: =IF(J24="","",IF(J24<=-H$4,"Stop",IF(J24>=H$3,"Alvo",IF(G24="","Continue","")))) | M24: =M23+1 -> 21 | N24: =N23*(1+R$5/100) -> 1893871.7 | O24: =100*(N24-R$3)/R$3 -> 189287.17 | Q24: % Mês | R24: =100*((1+R23/100)^(1/12)-1) -> 5.9463094
B25: =IF(C25="",B24,B24+1) -> 0 | D25: =IF(E25="","",IF(C25="",D24,D24+1)) | E25: =IF(G24="","",G24) | F25: =IF(G25="",IF(C25="","",F24+1),F24+1) | H25: =IF(E25="","",IF(H$3="","",E25*(1+H$3/100))) | I25: =IF(E25="","",IF(G25="","",G25-E25)) | J25: =IF(I25="","",100*I25/E25) | K25: =IF(J25="","",IF(J25<=-H$4,"Stop",IF(J25>=H$3,"Alvo",IF(G25="","Continue","")))) | M25: =M24+1 -> 22 | N25: =N24*(1+R$5/100) -> 2712781.9 | O25: =100*(N25-R$3)/R$3 -> 271178.19 | Q25: % Semana | R25: =100*((1+R23/100)^(7/360)-1) -> 1.3569098
B26: =IF(C26="",B25,B25+1) -> 0 | D26: =IF(E26="","",IF(C26="",D25,D25+1)) | E26: =IF(G25="","",G25) | F26: =IF(G26="",IF(C26="","",F25+1),F25+1) | H26: =IF(E26="","",IF(H$3="","",E26*(1+H$3/100))) | I26: =IF(E26="","",IF(G26="","",G26-E26)) | J26: =IF(I26="","",100*I26/E26) | K26: =IF(J26="","",IF(J26<=-H$4,"Stop",IF(J26>=H$3,"Alvo",IF(G26="","Continue","")))) | M26: =M25+1 -> 23 | N26: =N25*(1+R$5/100) -> 3885788.7 | O26: =100*(N26-R$3)/R$3 -> 388478.87 | Q26: % Dia útil | R26: =100*((1+R23/100)^(7/360/5)-1) -> 0.26992087
B27: =IF(C27="",B26,B26+1) -> 0 | D27: =IF(E27="","",IF(C27="",D26,D26+1)) | E27: =IF(G26="","",G26) | F27: =IF(G27="",IF(C27="","",F26+1),F26+1) | H27: =IF(E27="","",IF(H$3="","",E27*(1+H$3/100))) | I27: =IF(E27="","",IF(G27="","",G27-E27)) | J27: =IF(I27="","",100*I27/E27) | K27: =IF(J27="","",IF(J27<=-H$4,"Stop",IF(J27>=H$3,"Alvo",IF(G27="","Continue","")))) | M27: =M26+1 -> 24 | N27: =N26*(1+R$5/100) -> 5566003.8 | O27: =100*(N27-R$3)/R$3 -> 556500.38
B28: =IF(C28="",B27,B27+1) -> 0 | D28: =IF(E28="","",IF(C28="",D27,D27+1)) | E28: =IF(G27="","",G27) | F28: =IF(G28="",IF(C28="","",F27+1),F27+1) | H28: =IF(E28="","",IF(H$3="","",E28*(1+H$3/100))) | I28: =IF(E28="","",IF(G28="","",G28-E28)) | J28: =IF(I28="","",100*I28/E28) | K28: =IF(J28="","",IF(J28<=-H$4,"Stop",IF(J28>=H$3,"Alvo",IF(G28="","Continue","")))) | M28: =M27+1 -> 25 | N28: =N27*(1+R$5/100) -> 7972743.8 | O28: =100*(N28-R$3)/R$3 -> 797174.38 | Q28: % Mês | R28: 20
B29: =IF(C29="",B28,B28+1) -> 0 | D29: =IF(E29="","",IF(C29="",D28,D28+1)) | E29: =IF(G28="","",G28) | F29: =IF(G29="",IF(C29="","",F28+1),F28+1) | H29: =IF(E29="","",IF(H$3="","",E29*(1+H$3/100))) | I29: =IF(E29="","",IF(G29="","",G29-E29)) | J29: =IF(I29="","",100*I29/E29) | K29: =IF(J29="","",IF(J29<=-H$4,"Stop",IF(J29>=H$3,"Alvo",IF(G29="","Continue","")))) | M29: =M28+1 -> 26 | N29: =N28*(1+R$5/100) -> 11420158 | O29: =100*(N29-R$3)/R$3 -> 1141915.8 | Q29: % Semana | R29: =100*((1+R28/100)^(7/30)-1) -> 4.3459564
B30: =IF(C30="",B29,B29+1) -> 0 | D30: =IF(E30="","",IF(C30="",D29,D29+1)) | E30: =IF(G29="","",G29) | F30: =IF(G30="",IF(C30="","",F29+1),F29+1) | H30: =IF(E30="","",IF(H$3="","",E30*(1+H$3/100))) | I30: =IF(E30="","",IF(G30="","",G30-E30)) | J30: =IF(I30="","",100*I30/E30) | K30: =IF(J30="","",IF(J30<=-H$4,"Stop",IF(J30>=H$3,"Alvo",IF(G30="","Continue","")))) | M30: =M29+1 -> 27 | N30: =N29*(1+R$5/100) -> 16358235 | O30: =100*(N30-R$3)/R$3 -> 1635723.5 | Q30: % Dia útil | R30: =100*((1+R28/100)^(7/150)-1) -> 0.85446381
B31: =IF(C31="",B30,B30+1) -> 0 | D31: =IF(E31="","",IF(C31="",D30,D30+1)) | E31: =IF(G30="","",G30) | F31: =IF(G31="",IF(C31="","",F30+1),F30+1) | H31: =IF(E31="","",IF(H$3="","",E31*(1+H$3/100))) | I31: =IF(E31="","",IF(G31="","",G31-E31)) | J31: =IF(I31="","",100*I31/E31) | K31: =IF(J31="","",IF(J31<=-H$4,"Stop",IF(J31>=H$3,"Alvo",IF(G31="","Continue","")))) | M31: =M30+1 -> 28 | N31: =N30*(1+R$5/100) -> 23431535 | O31: =100*(N31-R$3)/R$3 -> 2343053.5
B32: =IF(C32="",B31,B31+1) -> 0 | D32: =IF(E32="","",IF(C32="",D31,D31+1)) | E32: =IF(G31="","",G31) | F32: =IF(G32="",IF(C32="","",F31+1),F31+1) | H32: =IF(E32="","",IF(H$3="","",E32*(1+H$3/100))) | I32: =IF(E32="","",IF(G32="","",G32-E32)) | J32: =IF(I32="","",100*I32/E32) | K32: =IF(J32="","",IF(J32<=-H$4,"Stop",IF(J32>=H$3,"Alvo",IF(G32="","Continue","")))) | M32: =M31+1 -> 29 | N32: =N31*(1+R$5/100) -> 33563331 | O32: =100*(N32-R$3)/R$3 -> 3356233.1 | Q32: % Semana | R32: 5
B33: =IF(C33="",B32,B32+1) -> 0 | D33: =IF(E33="","",IF(C33="",D32,D32+1)) | E33: =IF(G32="","",G32) | F33: =IF(G33="",IF(C33="","",F32+1),F32+1) | M33: =M32+1 -> 30 | N33: =N32*(1+R$5/100) -> 48076116 | O33: =100*(N33-R$3)/R$3 -> 4807511.6 | Q33: % Dia útil | R33: =100*((1+R32/100)^(1/5)-1) -> 0.98057977

Sheet Open
F2: Spread | G2: =10000*(E6-E7) -> 1.9 | H2: Equity | I2: =SUM(E5:H5) -> 34042.55 | K2: Position | L2: Rescue calculator | Q2: Max % DD
B3: Balance | E3: Starting balance | G3: $ Profit | K3: =IF(I10="","",MATCH(VLOOKUP(MAX(J10:J27),J10:K27,2,FALSE),K10:K27,0)) | L3: TP factor | M3: $ Profit | N3: % | O3: Exit 1 | P3: Exit 2 | Q3: =IF(Q6<>"",Q6,IF(Q4<>"",Q4,IF(I6<-Q3,-I6,Q3))) -> 0
G4: Closed | H4: Floating | I4: Total | K4: Last Open | L4: 1 | M4: =IF(L4="","",IF(Q10="","",IF(D28=0,"",L4*Q10))) | N4: =IF(M4="","",IF(E5="","",100*M4/E5)) | O4: =IF(L4="","",IF(L10="","",IF(D28="","",IF(D28=0,"",IF(M4="","",L10+(M4-G5-H5)/Q18/D28))))) | P4: =IF(D28="","",IF(D10=D28,"",(M4-G5-H5-D28*Q18*(K7-L10))/(D28-K5)/Q18+K7))
B5: =E5+G5 -> 34042.55 | E5: =DLog!$H$2 -> 34042.55 | G5: =SUM(M10:M27) -> 0 | H5: =SUM(N10:N27) -> 0 | I5: =G5+H5 -> 0 | K5: =IF(I10="","",INDEX(B10:B27,K3)) | L5: =IF(M5="","",IF(Q10="","",M5/Q10)) | M5: =IF(O5="","",IF(L10="","",IF(D28="","",G5+H5+(O5-L10)*Q18*D28))) | N5: =IF(M5="","",100*M5/E5) | P5: Extreme | Q5: Reset DD
B6: Ask | E6: =[1]!EURUSD/100000 -> 1.06951 | G6: =100*G5/E5 -> 0 | H6: =100*H5/E5 -> 0 | I6: =100*(I2/E5-1) -> 0 | K6: TP Last | L6: Stop out | M6: =IF(N6="","",-N6*E5/100) -> -10212.765 | N6: 30 | O6: =IF(N6="","",IF(L10="","",IF(D28=0,"",L10-(I2-E5-M6)/Q18/D28))) | Q6: =IF(P6="","",IF(D28="","",IF(D28>0,ABS(100*(D28*Q18*(P6-L10)+I5)/E5),ABS(100*(D28*Q18*(P6-L10+0.00015)+I5)/E5))))
B7: Bid | E7: =[2]!EURUSD/100000 -> 1.06932 | G7: % Profit | K7: =IF(I10="","",INDEX(F10:F27,K3)) | L7: Kelly | M7: =IF(N7="","",-N7*E5/100) -> -33906.615 | N7: =Risk!$C$28 -> 99.600691 | O7: =IF(N7="","",IF(L10="","",IF(N7=0,"",IF(D28=0,"",L10-(I2-E5-M7)/Q18/D28)))) | P7: Kelly Alert (%) | Q7: =IF(N7="","",IF(N7=0,"Kelly = 0",IF(Q3="","",100*Q3/N7))) -> 0
B8: Lots (+-) | C8: # | D8: Open Lots | E8: Entry Price | F8: Take Profit | G8: $ Profit Target | H8: Swap | I8: Status (p/o/c) | J8: # | K8: # | L8: Price | M8: Closed Profit $ | N8: Floating Profit $ | O8: % Profit | P8: Scout Default
P9: Take profit | Q9: $ Target
C10: =IF(D10="","",1) | D10: =IF(B10="","",IF(I10="p",D9,IF(I10="o",D9+B10,IF(I10="c",D9,IF(I10="","","Status?"))))) | G10: =IF(B10="","",IF(E10="","",IF(F10="","",B10*Q$18*(F10-E10)))) | J10: =IF(I10="o",1,"") | K10: =IF(I10="o",1,"") | L10: =IF(B10="","",IF(I10<>"o","",IF(B10>0,E$7,IF(B10<0,E$6,"Posição?")))) | M10: =IF(B10="","",IF(E10="","",IF(F10="","",IF(H10="","",IF(I10="c",B10*Q$18*(F10-E10)+H10,""))))) | N10: =IF(B10="","",IF(E10="","",IF(H10="","",IF(I10="o",B10*Q$18*(L10-E10)+H10,"")))) | O10: =IF(B10="","",IF(E10="","",IF(H10="","",IF(I10="p",100*G10/E$5,IF(I10="o",100*N10/E$5,IF(I10="c",100*M10/E$5,"")))))) | Q10: =IF(B10="","",IF(E10="","",IF(P10="","",B10*Q$18*(P10-E10))))
C11: =IF(D11="","",C10+1) | D11: =IF(B11="","",IF(I11="p",D10,IF(I11="o",D10+B11,IF(I11="c",D10,IF(I11="","","Status?"))))) | G11: =IF(B11="","",IF(E11="","",IF(F11="","",B11*Q$18*(F11-E11)))) | J11: =IF(J10="","",IF(I11="","",J10+1)) | K11: =IF(K10="","",IF(I11="","",IF(I11="o",K10+1,K10))) | L11: =IF(B11="","",IF(I11<>"o","",IF(B11>0,E$7,IF(B11<0,E$6,"Posição?")))) | M11: =IF(B11="","",IF(E11="","",IF(F11="","",IF(H11="","",IF(I11="c",B11*Q$18*(F11-E11)+H11,""))))) | N11: =IF(B11="","",IF(E11="","",IF(H11="","",IF(I11="o",B11*Q$18*(L11-E11)+H11,"")))) | O11: =IF(B11="","",IF(E11="","",IF(H11="","",IF(I11="p",100*G11/E$5,IF(I11="o",100*N11/E$5,IF(I11="c",100*M11/E$5,"")))))) | P11: Current $ | Q11: =IF(G10="","",SUM(G10:H27))
C12: =IF(D12="","",C11+1) | D12: =IF(B12="","",IF(I12="p",D11,IF(I12="o",D11+B12,IF(I12="c",D11,IF(I12="","","Status?"))))) | G12: =IF(B12="","",IF(E12="","",IF(F12="","",B12*Q$18*(F12-E12)))) | J12: =IF(J11="","",IF(I12="","",J11+1)) | K12: =IF(K11="","",IF(I12="","",IF(I12="o",K11+1,K11))) | L12: =IF(B12="","",IF(I12<>"o","",IF(B12>0,E$7,IF(B12<0,E$6,"Posição?")))) | M12: =IF(B12="","",IF(E12="","",IF(F12="","",IF(H12="","",IF(I12="c",B12*Q$18*(F12-E12)+H12,""))))) | N12: =IF(B12="","",IF(E12="","",IF(H12="","",IF(I12="o",B12*Q$18*(L12-E12)+H12,"")))) | O12: =IF(B12="","",IF(E12="","",IF(H12="","",IF(I12="p",100*G12/E$5,IF(I12="o",100*N12/E$5,IF(I12="c",100*M12/E$5,"")))))) | P12: % | Q12: =IF(Q11="","",100*Q11/E5)
C13: =IF(D13="","",C12+1) | D13: =IF(B13="","",IF(I13="p",D12,IF(I13="o",D12+B13,IF(I13="c",D12,IF(I13="","","Status?"))))) | G13: =IF(B13="","",IF(E13="","",IF(F13="","",B13*Q$18*(F13-E13)))) | J13: =IF(J12="","",IF(I13="","",J12+1)) | K13: =IF(K12="","",IF(I13="","",IF(I13="o",K12+1,K12))) | L13: =IF(B13="","",IF(I13<>"o","",IF(B13>0,E$7,IF(B13<0,E$6,"Posição?")))) | M13: =IF(B13="","",IF(E13="","",IF(F13="","",IF(H13="","",IF(I13="c",B13*Q$18*(F13-E13)+H13,""))))) | N13: =IF(B13="","",IF(E13="","",IF(H13="","",IF(I13="o",B13*Q$18*(L13-E13)+H13,"")))) | O13: =IF(B13="","",IF(E13="","",IF(H13="","",IF(I13="p",100*G13/E$5,IF(I13="o",100*N13/E$5,IF(I13="c",100*M13/E$5,"")))))) | P13: Factor | Q13: =IF(Q11=0,"",IF(Q10="","",Q11/Q10))
C14: =IF(D14="","",C13+1) | D14: =IF(B14="","",IF(I14="p",D13,IF(I14="o",D13+B14,IF(I14="c",D13,IF(I14="","","Status?"))))) | G14: =IF(B14="","",IF(E14="","",IF(F14="","",B14*Q$18*(F14-E14)))) | J14: =IF(J13="","",IF(I14="","",J13+1)) | K14: =IF(K13="","",IF(I14="","",IF(I14="o",K13+1,K13))) | L14: =IF(B14="","",IF(I14<>"o","",IF(B14>0,E$7,IF(B14<0,E$6,"Posição?")))) | M14: =IF(B14="","",IF(E14="","",IF(F14="","",IF(H14="","",IF(I14="c",B14*Q$18*(F14-E14)+H14,""))))) | N14: =IF(B14="","",IF(E14="","",IF(H14="","",IF(I14="o",B14*Q$18*(L14-E14)+H14,"")))) | O14: =IF(B14="","",IF(E14="","",IF(H14="","",IF(I14="p",100*G14/E$5,IF(I14="o",100*N14/E$5,IF(I14="c",100*M14/E$5,"")))))) | P14: Lots
C15: =IF(D15="","",C14+1) | D15: =IF(B15="","",IF(I15="p",D14,IF(I15="o",D14+B15,IF(I15="c",D14,IF(I15="","","Status?"))))) | G15: =IF(B15="","",IF(E15="","",IF(F15="","",B15*Q$18*(F15-E15)))) | J15: =IF(J14="","",IF(I15="","",J14+1)) | K15: =IF(K14="","",IF(I15="","",IF(I15="o",K14+1,K14))) | L15: =IF(B15="","",IF(I15<>"o","",IF(B15>0,E$7,IF(B15<0,E$6,"Posição?")))) | M15: =IF(B15="","",IF(E15="","",IF(F15="","",IF(H15="","",IF(I15="c",B15*Q$18*(F15-E15)+H15,""))))) | N15: =IF(B15="","",IF(E15="","",IF(H15="","",IF(I15="o",B15*Q$18*(L15-E15)+H15,"")))) | O15: =IF(B15="","",IF(E15="","",IF(H15="","",IF(I15="p",100*G15/E$5,IF(I15="o",100*N15/E$5,IF(I15="c",100*M15/E$5,"")))))) | P15: Base leverage | Q15: 1
C16: =IF(D16="","",C15+1) | D16: =IF(B16="","",IF(I16="p",D15,IF(I16="o",D15+B16,IF(I16="c",D15,IF(I16="","","Status?"))))) | G16: =IF(B16="","",IF(E16="","",IF(F16="","",B16*Q$18*(F16-E16)))) | J16: =IF(J15="","",IF(I16="","",J15+1)) | K16: =IF(K15="","",IF(I16="","",IF(I16="o",K15+1,K15))) | L16: =IF(B16="","",IF(I16<>"o","",IF(B16>0,E$7,IF(B16<0,E$6,"Posição?")))) | M16: =IF(B16="","",IF(E16="","",IF(F16="","",IF(H16="","",IF(I16="c",B16*Q$18*(F16-E16)+H16,""))))) | N16: =IF(B16="","",IF(E16="","",IF(H16="","",IF(I16="o",B16*Q$18*(L16-E16)+H16,"")))) | O16: =IF(B16="","",IF(E16="","",IF(H16="","",IF(I16="p",100*G16/E$5,IF(I16="o",100*N16/E$5,IF(I16="c",100*M16/E$5,"")))))) | P16: Agress (0:100+) | Q16: 110
C17: =IF(D17="","",C16+1) | D17: =IF(B17="","",IF(I17="p",D16,IF(I17="o",D16+B17,IF(I17="c",D16,IF(I17="","","Status?"))))) | G17: =IF(B17="","",IF(E17="","",IF(F17="","",B17*Q$18*(F17-E17)))) | J17: =IF(J16="","",IF(I17="","",J16+1)) | K17: =IF(K16="","",IF(I17="","",IF(I17="o",K16+1,K16))) | L17: =IF(B17="","",IF(I17<>"o","",IF(B17>0,E$7,IF(B17<0,E$6,"Posição?")))) | M17: =IF(B17="","",IF(E17="","",IF(F17="","",IF(H17="","",IF(I17="c",B17*Q$18*(F17-E17)+H17,""))))) | N17: =IF(B17="","",IF(E17="","",IF(H17="","",IF(I17="o",B17*Q$18*(L17-E17)+H17,"")))) | O17: =IF(B17="","",IF(E17="","",IF(H17="","",IF(I17="p",100*G17/E$5,IF(I17="o",100*N17/E$5,IF(I17="c",100*M17/E$5,"")))))) | P17: Start leverage | Q17: =IF(Q15="","",IF(Q16="","",IF(O28="","",Q15*(1+Q16*(O28-1)/100)))) -> 3.5520253
C18: =IF(D18="","",C17+1) | D18: =IF(B18="","",IF(I18="p",D17,IF(I18="o",D17+B18,IF(I18="c",D17,IF(I18="","","Status?"))))) | G18: =IF(B18="","",IF(E18="","",IF(F18="","",B18*Q$18*(F18-E18)))) | J18: =IF(J17="","",IF(I18="","",J17+1)) | K18: =IF(K17="","",IF(I18="","",IF(I18="o",K17+1,K17))) | L18: =IF(B18="","",IF(I18<>"o","",IF(B18>0,E$7,IF(B18<0,E$6,"Posição?")))) | M18: =IF(B18="","",IF(E18="","",IF(F18="","",IF(H18="","",IF(I18="c",B18*Q$18*(F18-E18)+H18,""))))) | N18: =IF(B18="","",IF(E18="","",IF(H18="","",IF(I18="o",B18*Q$18*(L18-E18)+H18,"")))) | O18: =IF(B18="","",IF(E18="","",IF(H18="","",IF(I18="p",100*G18/E$5,IF(I18="o",100*N18/E$5,IF(I18="c",100*M18/E$5,"")))))) | P18: Lot size | Q18: 100000
C19: =IF(D19="","",C18+1) | D19: =IF(B19="","",IF(I19="p",D18,IF(I19="o",D18+B19,IF(I19="c",D18,IF(I19="","","Status?"))))) | G19: =IF(B19="","",IF(E19="","",IF(F19="","",B19*Q$18*(F19-E19)))) | J19: =IF(J18="","",IF(I19="","",J18+1)) | K19: =IF(K18="","",IF(I19="","",IF(I19="o",K18+1,K18))) | L19: =IF(B19="","",IF(I19<>"o","",IF(B19>0,E$7,IF(B19<0,E$6,"Posição?")))) | M19: =IF(B19="","",IF(E19="","",IF(F19="","",IF(H19="","",IF(I19="c",B19*Q$18*(F19-E19)+H19,""))))) | N19: =IF(B19="","",IF(E19="","",IF(H19="","",IF(I19="o",B19*Q$18*(L19-E19)+H19,"")))) | O19: =IF(B19="","",IF(E19="","",IF(H19="","",IF(I19="p",100*G19/E$5,IF(I19="o",100*N19/E$5,IF(I19="c",100*M19/E$5,"")))))) | P19: Max leverage | Q19: 500
C20: =IF(D20="","",C19+1) | D20: =IF(B20="","",IF(I20="p",D19,IF(I20="o",D19+B20,IF(I20="c",D19,IF(I20="","","Status?"))))) | G20: =IF(B20="","",IF(E20="","",IF(F20="","",B20*Q$18*(F20-E20)))) | J20: =IF(J19="","",IF(I20="","",J19+1)) | K20: =IF(K19="","",IF(I20="","",IF(I20="o",K19+1,K19))) | L20: =IF(B20="","",IF(I20<>"o","",IF(B20>0,E$7,IF(B20<0,E$6,"Posição?")))) | M20: =IF(B20="","",IF(E20="","",IF(F20="","",IF(H20="","",IF(I20="c",B20*Q$18*(F20-E20)+H20,""))))) | N20: =IF(B20="","",IF(E20="","",IF(H20="","",IF(I20="o",B20*Q$18*(L20-E20)+H20,"")))) | O20: =IF(B20="","",IF(E20="","",IF(H20="","",IF(I20="p",100*G20/E$5,IF(I20="o",100*N20/E$5,IF(I20="c",100*M20/E$5,"")))))) | P20: Max lots | Q20: =IF(E5="","",IF(Q18="","",IF(Q19="","",E5*Q19/Q18))) -> 170.21275
C21: =IF(D21="","",C20+1) | D21: =IF(B21="","",IF(I21="p",D20,IF(I21="o",D20+B21,IF(I21="c",D20,IF(I21="","","Status?"))))) | G21: =IF(B21="","",IF(E21="","",IF(F21="","",B21*Q$18*(F21-E21)))) | J21: =IF(J20="","",IF(I21="","",J20+1)) | K21: =IF(K20="","",IF(I21="","",IF(I21="o",K20+1,K20))) | L21: =IF(B21="","",IF(I21<>"o","",IF(B21>0,E$7,IF(B21<0,E$6,"Posição?")))) | M21: =IF(B21="","",IF(E21="","",IF(F21="","",IF(H21="","",IF(I21="c",B21*Q$18*(F21-E21)+H21,""))))) | N21: =IF(B21="","",IF(E21="","",IF(H21="","",IF(I21="o",B21*Q$18*(L21-E21)+H21,"")))) | O21: =IF(B21="","",IF(E21="","",IF(H21="","",IF(I21="p",100*G21/E$5,IF(I21="o",100*N21/E$5,IF(I21="c",100*M21/E$5,"")))))) | P21: Lots 1 | Q21: =IF(E5="","",IF(Q17="","",IF(Q18="","",IF(E5*Q17/Q18>Q20,"",E5*Q17/Q18)))) -> 1.2092
C22: =IF(D22="","",C21+1) | D22: =IF(B22="","",IF(I22="p",D21,IF(I22="o",D21+B22,IF(I22="c",D21,IF(I22="","","Status?"))))) | G22: =IF(B22="","",IF(E22="","",IF(F22="","",B22*Q$18*(F22-E22)))) | J22: =IF(J21="","",IF(I22="","",J21+1)) | K22: =IF(K21="","",IF(I22="","",IF(I22="o",K21+1,K21))) | L22: =IF(B22="","",IF(I22<>"o","",IF(B22>0,E$7,IF(B22<0,E$6,"Posição?")))) | M22: =IF(B22="","",IF(E22="","",IF(F22="","",IF(H22="","",IF(I22="c",B22*Q$18*(F22-E22)+H22,""))))) | N22: =IF(B22="","",IF(E22="","",IF(H22="","",IF(I22="o",B22*Q$18*(L22-E22)+H22,"")))) | O22: =IF(B22="","",IF(E22="","",IF(H22="","",IF(I22="p",100*G22/E$5,IF(I22="o",100*N22/E$5,IF(I22="c",100*M22/E$5,"")))))) | P22: Lots 2 | Q22: =IF(Q21="","",IF(SUM(Q$21:Q21)=Q$20,"",IF(2*Q21+SUM(Q$21:Q21)>Q$20,Q$20-SUM(Q$21:Q21),2*Q21))) -> 2.4184
C23: =IF(D23="","",C22+1) | D23: =IF(B23="","",IF(I23="p",D22,IF(I23="o",D22+B23,IF(I23="c",D22,IF(I23="","","Status?"))))) | G23: =IF(B23="","",IF(E23="","",IF(F23="","",B23*Q$18*(F23-E23)))) | J23: =IF(J22="","",IF(I23="","",J22+1)) | K23: =IF(K22="","",IF(I23="","",IF(I23="o",K22+1,K22))) | L23: =IF(B23="","",IF(I23<>"o","",IF(B23>0,E$7,IF(B23<0,E$6,"Posição?")))) | M23: =IF(B23="","",IF(E23="","",IF(F23="","",IF(H23="","",IF(I23="c",B23*Q$18*(F23-E23)+H23,""))))) | N23: =IF(B23="","",IF(E23="","",IF(H23="","",IF(I23="o",B23*Q$18*(L23-E23)+H23,"")))) | O23: =IF(B23="","",IF(E23="","",IF(H23="","",IF(I23="p",100*G23/E$5,IF(I23="o",100*N23/E$5,IF(I23="c",100*M23/E$5,"")))))) | P23: Lots 3 | Q23: =IF(Q22="","",IF(SUM(Q$21:Q22)=Q$20,"",IF(2*Q22+SUM(Q$21:Q22)>Q$20,Q$20-SUM(Q$21:Q22),2*Q22))) -> 4.8368
C24: =IF(D24="","",C23+1) | D24: =IF(B24="","",IF(I24="p",D23,IF(I24="o",D23+B24,IF(I24="c",D23,IF(I24="","","Status?"))))) | G24: =IF(B24="","",IF(E24="","",IF(F24="","",B24*Q$18*(F24-E24)))) | J24: =IF(J23="","",IF(I24="","",J23+1)) | K24: =IF(K23="","",IF(I24="","",IF(I24="o",K23+1,K23))) | L24: =IF(B24="","",IF(I24<>"o","",IF(B24>0,E$7,IF(B24<0,E$6,"Posição?")))) | M24: =IF(B24="","",IF(E24="","",IF(F24="","",IF(H24="","",IF(I24="c",B24*Q$18*(F24-E24)+H24,""))))) | N24: =IF(B24="","",IF(E24="","",IF(H24="","",IF(I24="o",B24*Q$18*(L24-E24)+H24,"")))) | O24: =IF(B24="","",IF(E24="","",IF(H24="","",IF(I24="p",100*G24/E$5,IF(I24="o",100*N24/E$5,IF(I24="c",100*M24/E$5,"")))))) | P24: Lots 4 | Q24: =IF(Q23="","",IF(SUM(Q$21:Q23)=Q$20,"",IF(2*Q23+SUM(Q$21:Q23)>Q$20,Q$20-SUM(Q$21:Q23),2*Q23))) -> 9.6736
C25: =IF(D25="","",C24+1) | D25: =IF(B25="","",IF(I25="p",D24,IF(I25="o",D24+B25,IF(I25="c",D24,IF(I25="","","Status?"))))) | G25: =IF(B25="","",IF(E25="","",IF(F25="","",B25*Q$18*(F25-E25)))) | J25: =IF(J24="","",IF(I25="","",J24+1)) | K25: =IF(K24="","",IF(I25="","",IF(I25="o",K24+1,K24))) | L25: =IF(B25="","",IF(I25<>"o","",IF(B25>0,E$7,IF(B25<0,E$6,"Posição?")))) | M25: =IF(B25="","",IF(E25="","",IF(F25="","",IF(H25="","",IF(I25="c",B25*Q$18*(F25-E25)+H25,""))))) | N25: =IF(B25="","",IF(E25="","",IF(H25="","",IF(I25="o",B25*Q$18*(L25-E25)+H25,"")))) | O25: =IF(B25="","",IF(E25="","",IF(H25="","",IF(I25="p",100*G25/E$5,IF(I25="o",100*N25/E$5,IF(I25="c",100*M25/E$5,"")))))) | P25: Lots 5 | Q25: =IF(Q24="","",IF(SUM(Q$21:Q24)=Q$20,"",IF(2*Q24+SUM(Q$21:Q24)>Q$20,Q$20-SUM(Q$21:Q24),2*Q24))) -> 19.3472
C26: =IF(D26="","",C25+1) | D26: =IF(B26="","",IF(I26="p",D25,IF(I26="o",D25+B26,IF(I26="c",D25,IF(I26="","","Status?"))))) | G26: =IF(B26="","",IF(E26="","",IF(F26="","",B26*Q$18*(F26-E26)))) | J26: =IF(J25="","",IF(I26="","",J25+1)) | K26: =IF(K25="","",IF(I26="","",IF(I26="o",K25+1,K25))) | L26: =IF(B26="","",IF(I26<>"o","",IF(B26>0,E$7,IF(B26<0,E$6,"Posição?")))) | M26: =IF(B26="","",IF(E26="","",IF(F26="","",IF(H26="","",IF(I26="c",B26*Q$18*(F26-E26)+H26,""))))) | N26: =IF(B26="","",IF(E26="","",IF(H26="","",IF(I26="o",B26*Q$18*(L26-E26)+H26,"")))) | O26: =IF(B26="","",IF(E26="","",IF(H26="","",IF(I26="p",100*G26/E$5,IF(I26="o",100*N26/E$5,IF(I26="c",100*M26/E$5,"")))))) | P26: Lots 6 | Q26: =IF(Q25="","",IF(SUM(Q$21:Q25)=Q$20,"",IF(2*Q25+SUM(Q$21:Q25)>Q$20,Q$20-SUM(Q$21:Q25),2*Q25))) -> 38.6944
C27: =IF(D27="","",C26+1) | D27: =IF(B27="","",IF(I27="p",D26,IF(I27="o",D26+B27,IF(I27="c",D26,IF(I27="","","Status?"))))) | G27: =IF(B27="","",IF(E27="","",IF(F27="","",B27*Q$18*(F27-E27)))) | J27: =IF(J26="","",IF(I27="","",J26+1)) | K27: =IF(K26="","",IF(I27="","",IF(I27="o",K26+1,K26))) | L27: =IF(B27="","",IF(I27<>"o","",IF(B27>0,E$7,IF(B27<0,E$6,"Posição?")))) | M27: =IF(B27="","",IF(E27="","",IF(F27="","",IF(H27="","",IF(I27="c",B27*Q$18*(F27-E27)+H27,""))))) | N27: =IF(B27="","",IF(E27="","",IF(H27="","",IF(I27="o",B27*Q$18*(L27-E27)+H27,"")))) | O27: =IF(B27="","",IF(E27="","",IF(H27="","",IF(I27="p",100*G27/E$5,IF(I27="o",100*N27/E$5,IF(I27="c",100*M27/E$5,"")))))) | P27: Lots 7 | Q27: =IF(Q26="","",IF(SUM(Q$21:Q26)=Q$20,"",IF(2*Q26+SUM(Q$21:Q26)>Q$20,Q$20-SUM(Q$21:Q26),2*Q26))) -> 77.3888
B28: Total | D28: =IF(D10="","",VLOOKUP(MAX(C10:C27),C10:D27,2,FALSE)) | E28: Used Leverage | G28: =IF(Q18="","",IF(D28="","",IF(E5="","",ABS(Q18*D28/E5)))) | M28: Kelly Factor | O28: =IF(N6="",1,IF(N7="",1,IF(N7=0,1,IF(N7<N6,1,N7/N6)))) -> 3.320023 | P28: Lots 8 | Q28: =IF(Q27="","",IF(SUM(Q$21:Q27)=Q$20,"",IF(2*Q27+SUM(Q$21:Q27)>Q$20,Q$20-SUM(Q$21:Q27),2*Q27))) -> 16.64435

Sheet Cy
B2: # | C2: Data | D2: Balanço | E2: # | F2: % Bal | G2: # | H2: % Bal Méd | I2: % DD | J2: # | K2: Dias | L2: # | M2: Ciclos | N2: % Ano | P2: % Bal Méd | Q2: =IF(H4="","",VLOOKUP(MAX(G4:G103),G4:H103,2,FALSE)) -> 0.13198198 | R2: Últ % Bal | S2: =IF(F4="","",VLOOKUP(MAX(E4:E103),E4:F103,2,FALSE)) -> 0.38641747 | U2: Há ganho consistente?
B3: 0 | C3: 42737 | D3: 33112.58 | E3: 0 | G3: 0 | J3: 0 | K3: 0 | L3: 0 | M3: 0 | P3: Dias | Q3: =IF(C3="","",VLOOKUP(MAX(J4:J103),J4:K103,2,FALSE)) -> 28 | R3: Ciclos | S3: =IF(L4="","",VLOOKUP(MAX(L4:L103),L4:M103,2,FALSE)) -> 21
B4: =B3+1 -> 1 | C4: 42737 | D4: 33089.15 | E4: =IF(D4="","",E3+1) -> 1 | F4: =IF(D4="","",100*(D4-D3)/D3) -> -0.070758606 | G4: =IF(D4="","",G3+1) -> 1 | H4: =IF(F4="","",100*(((D4-D$3)/D$3+1)^(1/G4)-1)) -> -0.070758606 | I4: 0.07 | J4: =IF(H4="","",J3+1) -> 1 | K4: =IF(D4="","",IF(C4="",K3,C4-C$3)) -> 0 | L4: =IF(J4="","",L3+1) -> 1 | M4: =IF(K4="","",M3+1) -> 1 | U4: Teste T (D3:D24) | W4: =_xlfn.T.TEST(D3:D13,D14:D24,2,3) -> 0.0020140399 | X4: =1-W4 -> 0.99798596
B5: =B4+1 -> 2 | C5: 42738 | D5: 33103.34 | E5: =IF(D5="","",E4+1) -> 2 | F5: =IF(D5="","",100*(D5-D4)/D4) -> 0.042884148 | G5: =IF(D5="","",G4+1) -> 2 | H5: =IF(F5="","",100*(((D5-D$3)/D$3+1)^(1/G5)-1)) -> -0.013953375 | I5: 0.05 | J5: =IF(H5="","",J4+1) -> 2 | K5: =IF(D5="","",IF(C5="",K4,C5-C$3)) -> 1 | L5: =IF(J5="","",L4+1) -> 2 | M5: =IF(K5="","",M4+1) -> 2 | P5: Payoff (% por)
B6: =B5+1 -> 3 | D6: 33130.73 | E6: =IF(D6="","",E5+1) -> 3 | F6: =IF(D6="","",100*(D6-D5)/D5) -> 0.082740896 | G6: =IF(D6="","",G5+1) -> 3 | H6: =IF(F6="","",100*(((D6-D$3)/D$3+1)^(1/G6)-1)) -> 0.018267664 | I6: 0.14 | J6: =IF(H6="","",J5+1) -> 3 | K6: =IF(D6="","",IF(C6="",K5,C6-C$3)) -> 1 | L6: =IF(J6="","",L5+1) -> 3 | M6: =IF(K6="","",M5+1) -> 3 | P6: Usando média | R6: Usando último | U6: O desempenho está melhorando?
B7: =B6+1 -> 4 | C7: 42740 | D7: 33084.86 | E7: =IF(D7="","",E6+1) -> 4 | F7: =IF(D7="","",100*(D7-D6)/D6) -> -0.13845152 | G7: =IF(D7="","",G6+1) -> 4 | H7: =IF(F7="","",100*(((D7-D$3)/D$3+1)^(1/G7)-1)) -> -0.020935175 | I7: 0.15 | J7: =IF(H7="","",J6+1) -> 4 | K7: =IF(D7="","",IF(C7="",K6,C7-C$3)) -> 3 | L7: =IF(J7="","",L6+1) -> 4 | M7: =IF(K7="","",M6+1) -> 4 | P7: Ciclo | Q7: =Risk!$C$18 -> 0.13135502 | R7: Ciclo | S7: =IF(S2="","",100*((1+S2/100)^(Risk!C26/100)*(1-Risk!C24/100)^((100-Risk!C26)/100)-1)) -> 0.38578446
B8: =B7+1 -> 5 | C8: 42741 | D8: 33149.65 | E8: =IF(D8="","",E7+1) -> 5 | F8: =IF(D8="","",100*(D8-D7)/D7) -> 0.19582975 | G8: =IF(D8="","",G7+1) -> 5 | H8: =IF(F8="","",100*(((D8-D$3)/D$3+1)^(1/G8)-1)) -> 0.022380262 | I8: 2.09 | J8: =IF(H8="","",J7+1) -> 5 | K8: =IF(D8="","",IF(C8="",K7,C8-C$3)) -> 4 | L8: =IF(J8="","",L7+1) -> 5 | M8: =IF(K8="","",M7+1) -> 5 | P8: Dia corrido | Q8: =IF(Q7="","",100*((1+Q7/100)^(S3/Q3)-1)) -> 0.098500096 | R8: Dia corrido | S8: =IF(S7="","",100*((1+S7/100)^(S3/Q3)-1)) -> 0.28919904 | U8: Teste T (E4:E23) | W8: =_xlfn.T.TEST(F4:F13,F14:F23,2,3) -> 0.1025848 | X8: =1-W8 -> 0.8974152
B9: =B8+1 -> 6 | C9: 42744 | D9: 33204.63 | E9: =IF(D9="","",E8+1) -> 6 | F9: =IF(D9="","",100*(D9-D8)/D8) -> 0.16585394 | G9: =IF(D9="","",G8+1) -> 6 | H9: =IF(F9="","",100*(((D9-D$3)/D$3+1)^(1/G9)-1)) -> 0.046278262 | I9: 2.25 | J9: =IF(H9="","",J8+1) -> 6 | K9: =IF(D9="","",IF(C9="",K8,C9-C$3)) -> 7 | L9: =IF(J9="","",L8+1) -> 6 | M9: =IF(K9="","",M8+1) -> 6 | P9: Semana | Q9: =IF(Q8="","",100*((1+Q8/100)^7-1)) -> 0.6915415 | R9: Semana | S9: =IF(S8="","",100*((1+S8/100)^7-1)) -> 2.0420418
B10: =B9+1 -> 7 | C10: 42745 | D10: 33237.3 | E10: =IF(D10="","",E9+1) -> 7 | F10: =IF(D10="","",100*(D10-D9)/D9) -> 0.098389893 | G10: =IF(D10="","",G9+1) -> 7 | H10: =IF(F10="","",100*(((D10-D$3)/D$3+1)^(1/G10)-1)) -> 0.05372112 | I10: 0.08 | J10: =IF(H10="","",J9+1) -> 7 | K10: =IF(D10="","",IF(C10="",K9,C10-C$3)) -> 8 | L10: =IF(J10="","",L9+1) -> 7 | M10: =IF(K10="","",M9+1) -> 7 | P10: Mês | Q10: =IF(Q8="","",100*((1+Q8/100)^30-1)) -> 2.9975984 | R10: Mês | S10: =IF(S8="","",100*((1+S8/100)^30-1)) -> 9.0498029
B11: =B10+1 -> 8 | C11: 42746 | D11: 33246.66 | E11: =IF(D11="","",E10+1) -> 8 | F11: =IF(D11="","",100*(D11-D10)/D10) -> 0.028161132 | G11: =IF(D11="","",G10+1) -> 8 | H11: =IF(F11="","",100*(((D11-D$3)/D$3+1)^(1/G11)-1)) -> 0.050525764 | I11: 0.05 | J11: =IF(H11="","",J10+1) -> 8 | K11: =IF(D11="","",IF(C11="",K10,C11-C$3)) -> 9 | L11: =IF(J11="","",L10+1) -> 8 | M11: =IF(K11="","",M10+1) -> 8 | P11: Ano | Q11: =IF(Q8="","",100*((1+Q8/100)^365-1)) -> 43.239576 | R11: Ano | S11: =IF(S8="","",100*((1+S8/100)^365-1)) -> 186.92569
B12: =B11+1 -> 9 | C12: 42747 | D12: 33272.88 | E12: =IF(D12="","",E11+1) -> 9 | F12: =IF(D12="","",100*(D12-D11)/D11) -> 0.078865065 | G12: =IF(D12="","",G11+1) -> 9 | H12: =IF(F12="","",100*(((D12-D$3)/D$3+1)^(1/G12)-1)) -> 0.053674179 | I12: 0.12 | J12: =IF(H12="","",J11+1) -> 9 | K12: =IF(D12="","",IF(C12="",K11,C12-C$3)) -> 10 | L12: =IF(J12="","",L11+1) -> 9 | M12: =IF(K12="","",M11+1) -> 9
B13: =B12+1 -> 10 | C13: 42748 | D13: 33293.94 | E13: =IF(D13="","",E12+1) -> 10 | F13: =IF(D13="","",100*(D13-D12)/D12) -> 0.063294791 | G13: =IF(D13="","",G12+1) -> 10 | H13: =IF(F13="","",100*(((D13-D$3)/D$3+1)^(1/G13)-1)) -> 0.054636199 | I13: 0.06 | J13: =IF(H13="","",J12+1) -> 10 | K13: =IF(D13="","",IF(C13="",K12,C13-C$3)) -> 11 | L13: =IF(J13="","",L12+1) -> 10 | M13: =IF(K13="","",M12+1) -> 10
B14: =B13+1 -> 11 | D14: 33273.66 | E14: =IF(D14="","",E13+1) -> 11 | F14: =IF(D14="","",100*(D14-D13)/D13) -> -0.060911986 | G14: =IF(D14="","",G13+1) -> 11 | H14: =IF(F14="","",100*(((D14-D$3)/D$3+1)^(1/G14)-1)) -> 0.0441263 | I14: 0.15 | J14: =IF(H14="","",J13+1) -> 11 | K14: =IF(D14="","",IF(C14="",K13,C14-C$3)) -> 11 | L14: =IF(J14="","",L13+1) -> 11 | M14: =IF(K14="","",M13+1) -> 11
B15: =B14+1 -> 12 | C15: 42751 | D15: 33285.26 | E15: =IF(D15="","",E14+1) -> 12 | F15: =IF(D15="","",100*(D15-D14)/D14) -> 0.034862411 | G15: =IF(D15="","",G14+1) -> 12 | H15: =IF(F15="","",100*(((D15-D$3)/D$3+1)^(1/G15)-1)) -> 0.043354276 | I15: 0.05 | J15: =IF(H15="","",J14+1) -> 12 | K15: =IF(D15="","",IF(C15="",K14,C15-C$3)) -> 14 | L15: =IF(J15="","",L14+1) -> 12 | M15: =IF(K15="","",M14+1) -> 12
B16: =B15+1 -> 13 | C16: 42752 | D16: 33315.38 | E16: =IF(D16="","",E15+1) -> 13 | F16: =IF(D16="","",100*(D16-D15)/D15) -> 0.090490505 | G16: =IF(D16="","",G15+1) -> 13 | H16: =IF(F16="","",100*(((D16-D$3)/D$3+1)^(1/G16)-1)) -> 0.046979352 | I16: 0.53 | J16: =IF(H16="","",J15+1) -> 13 | K16: =IF(D16="","",IF(C16="",K15,C16-C$3)) -> 15 | L16: =IF(J16="","",L15+1) -> 13 | M16: =IF(K16="","",M15+1) -> 13
B17: =B16+1 -> 14 | C17: 42753 | D17: 33298.88 | E17: =IF(D17="","",E16+1) -> 14 | F17: =IF(D17="","",100*(D17-D16)/D16) -> -0.049526675 | G17: =IF(D17="","",G16+1) -> 14 | H17: =IF(F17="","",100*(((D17-D$3)/D$3+1)^(1/G17)-1)) -> 0.040082975 | I17: 0.19 | J17: =IF(H17="","",J16+1) -> 14 | K17: =IF(D17="","",IF(C17="",K16,C17-C$3)) -> 16 | L17: =IF(J17="","",L16+1) -> 14 | M17: =IF(K17="","",M16+1) -> 14
B18: =B17+1 -> 15 | C18: 42754 | D18: 33348.02 | E18: =IF(D18="","",E17+1) -> 15 | F18: =IF(D18="","",100*(D18-D17)/D17) -> 0.14757253 | G18: =IF(D18="","",G17+1) -> 15 | H18: =IF(F18="","",100*(((D18-D$3)/D$3+1)^(1/G18)-1)) -> 0.047245355 | I18: 0.42 | J18: =IF(H18="","",J17+1) -> 15 | K18: =IF(D18="","",IF(C18="",K17,C18-C$3)) -> 17 | L18: =IF(J18="","",L17+1) -> 15 | M18: =IF(K18="","",M17+1) -> 15
B19: =B18+1 -> 16 | C19: 42758 | D19: 33375.71 | E19: =IF(D19="","",E18+1) -> 16 | F19: =IF(D19="","",100*(D19-D18)/D18) -> 0.083033415 | G19: =IF(D19="","",G18+1) -> 16 | H19: =IF(F19="","",100*(((D19-D$3)/D$3+1)^(1/G19)-1)) -> 0.049481734 | I19: 0.04 | J19: =IF(H19="","",J18+1) -> 16 | K19: =IF(D19="","",IF(C19="",K18,C19-C$3)) -> 21 | L19: =IF(J19="","",L18+1) -> 16 | M19: =IF(K19="","",M18+1) -> 16
B20: =B19+1 -> 17 | C20: 42759 | D20: 33465.77 | E20: =IF(D20="","",E19+1) -> 17 | F20: =IF(D20="","",100*(D20-D19)/D19) -> 0.26983696 | G20: =IF(D20="","",G19+1) -> 17 | H20: =IF(F20="","",100*(((D20-D$3)/D$3+1)^(1/G20)-1)) -> 0.06243039 | I20: 0.78 | J20: =IF(H20="","",J19+1) -> 17 | K20: =IF(D20="","",IF(C20="",K19,C20-C$3)) -> 22 | L20: =IF(J20="","",L19+1) -> 17 | M20: =IF(K20="","",M19+1) -> 17
B21: =B20+1 -> 18 | C21: 42760 | D21: 33573.65 | E21: =IF(D21="","",E20+1) -> 18 | F21: =IF(D21="","",100*(D21-D20)/D20) -> 0.32235923 | G21: =IF(D21="","",G20+1) -> 18 | H21: =IF(F21="","",100*(((D21-D$3)/D$3+1)^(1/G21)-1)) -> 0.076853198 | I21: 0.18 | J21: =IF(H21="","",J20+1) -> 18 | K21: =IF(D21="","",IF(C21="",K20,C21-C$3)) -> 23 | L21: =IF(J21="","",L20+1) -> 18 | M21: =IF(K21="","",M20+1) -> 18
B22: =B21+1 -> 19 | C22: 42761 | D22: 33714.95 | E22: =IF(D22="","",E21+1) -> 19 | F22: =IF(D22="","",100*(D22-D21)/D21) -> 0.42086577 | G22: =IF(D22="","",G21+1) -> 19 | H22: =IF(F22="","",100*(((D22-D$3)/D$3+1)^(1/G22)-1)) -> 0.094929706 | I22: 2.42 | J22: =IF(H22="","",J21+1) -> 19 | K22: =IF(D22="","",IF(C22="",K21,C22-C$3)) -> 24 | L22: =IF(J22="","",L21+1) -> 19 | M22: =IF(K22="","",M21+1) -> 19 | N22: 31.54
B23: =B22+1 -> 20 | C23: 42762 | D23: 33911.51 | E23: =IF(D23="","",E22+1) -> 20 | F23: =IF(D23="","",100*(D23-D22)/D22) -> 0.58300546 | G23: =IF(D23="","",G22+1) -> 20 | H23: =IF(F23="","",100*(((D23-D$3)/D$3+1)^(1/G23)-1)) -> 0.11927715 | I23: 2.51 | J23: =IF(H23="","",J22+1) -> 20 | K23: =IF(D23="","",IF(C23="",K22,C23-C$3)) -> 25 | L23: =IF(J23="","",L22+1) -> 20 | M23: =IF(K23="","",M22+1) -> 20 | N23: 41.32
B24: =B23+1 -> 21 | C24: 42765 | D24: 34042.55 | E24: =IF(D24="","",E23+1) -> 21 | F24: =IF(D24="","",100*(D24-D23)/D23) -> 0.38641747 | G24: =IF(D24="","",G23+1) -> 21 | H24: =IF(F24="","",100*(((D24-D$3)/D$3+1)^(1/G24)-1)) -> 0.13198198 | I24: 0.34 | J24: =IF(H24="","",J23+1) -> 21 | K24: =IF(D24="","",IF(C24="",K23,C24-C$3)) -> 28 | L24: =IF(J24="","",L23+1) -> 21 | M24: =IF(K24="","",M23+1) -> 21 | N24: 43.24
B25: =B24+1 -> 22 | E25: =IF(D25="","",E24+1) | F25: =IF(D25="","",100*(D25-D24)/D24) | G25: =IF(D25="","",G24+1) | H25: =IF(F25="","",100*(((D25-D$3)/D$3+1)^(1/G25)-1)) | J25: =IF(H25="","",J24+1) | K25: =IF(D25="","",IF(C25="",K24,C25-C$3)) | L25: =IF(J25="","",L24+1) | M25: =IF(K25="","",M24+1)
B26: =B25+1 -> 23 | E26: =IF(D26="","",E25+1) | F26: =IF(D26="","",100*(D26-D25)/D25) | G26: =IF(D26="","",G25+1) | H26: =IF(F26="","",100*(((D26-D$3)/D$3+1)^(1/G26)-1)) | J26: =IF(H26="","",J25+1) | K26: =IF(D26="","",IF(C26="",K25,C26-C$3)) | L26: =IF(J26="","",L25+1) | M26: =IF(K26="","",M25+1)
B27: =B26+1 -> 24 | E27: =IF(D27="","",E26+1) | F27: =IF(D27="","",100*(D27-D26)/D26) | G27: =IF(D27="","",G26+1) | H27: =IF(F27="","",100*(((D27-D$3)/D$3+1)^(1/G27)-1)) | J27: =IF(H27="","",J26+1) | K27: =IF(D27="","",IF(C27="",K26,C27-C$3)) | L27: =IF(J27="","",L26+1) | M27: =IF(K27="","",M26+1)
B28: =B27+1 -> 25 | E28: =IF(D28="","",E27+1) | F28: =IF(D28="","",100*(D28-D27)/D27) | G28: =IF(D28="","",G27+1) | H28: =IF(F28="","",100*(((D28-D$3)/D$3+1)^(1/G28)-1)) | J28: =IF(H28="","",J27+1) | K28: =IF(D28="","",IF(C28="",K27,C28-C$3)) | L28: =IF(J28="","",L27+1) | M28: =IF(K28="","",M27+1)
B29: =B28+1 -> 26 | E29: =IF(D29="","",E28+1) | F29: =IF(D29="","",100*(D29-D28)/D28) | G29: =IF(D29="","",G28+1) | H29: =IF(F29="","",100*(((D29-D$3)/D$3+1)^(1/G29)-1)) | J29: =IF(H29="","",J28+1) | K29: =IF(D29="","",IF(C29="",K28,C29-C$3)) | L29: =IF(J29="","",L28+1) | M29: =IF(K29="","",M28+1)
B30: =B29+1 -> 27 | E30: =IF(D30="","",E29+1) | F30: =IF(D30="","",100*(D30-D29)/D29) | G30: =IF(D30="","",G29+1) | H30: =IF(F30="","",100*(((D30-D$3)/D$3+1)^(1/G30)-1)) | J30: =IF(H30="","",J29+1) | K30: =IF(D30="","",IF(C30="",K29,C30-C$3)) | L30: =IF(J30="","",L29+1) | M30: =IF(K30="","",M29+1)
B31: =B30+1 -> 28 | E31: =IF(D31="","",E30+1) | F31: =IF(D31="","",100*(D31-D30)/D30) | G31: =IF(D31="","",G30+1) | H31: =IF(F31="","",100*(((D31-D$3)/D$3+1)^(1/G31)-1)) | J31: =IF(H31="","",J30+1) | K31: =IF(D31="","",IF(C31="",K30,C31-C$3)) | L31: =IF(J31="","",L30+1) | M31: =IF(K31="","",M30+1)
B32: =B31+1 -> 29 | E32: =IF(D32="","",E31+1) | F32: =IF(D32="","",100*(D32-D31)/D31) | G32: =IF(D32="","",G31+1) | H32: =IF(F32="","",100*(((D32-D$3)/D$3+1)^(1/G32)-1)) | J32: =IF(H32="","",J31+1) | K32: =IF(D32="","",IF(C32="",K31,C32-C$3)) | L32: =IF(J32="","",L31+1) | M32: =IF(K32="","",M31+1)
B33: =B32+1 -> 30 | E33: =IF(D33="","",E32+1) | F33: =IF(D33="","",100*(D33-D32)/D32) | G33: =IF(D33="","",G32+1) | H33: =IF(F33="","",100*(((D33-D$3)/D$3+1)^(1/G33)-1)) | J33: =IF(H33="","",J32+1) | K33: =IF(D33="","",IF(C33="",K32,C33-C$3)) | L33: =IF(J33="","",L32+1) | M33: =IF(K33="","",M32+1)
B34: =B33+1 -> 31 | E34: =IF(D34="","",E33+1) | F34: =IF(D34="","",100*(D34-D33)/D33) | G34: =IF(D34="","",G33+1) | H34: =IF(F34="","",100*(((D34-D$3)/D$3+1)^(1/G34)-1)) | J34: =IF(H34="","",J33+1) | K34: =IF(D34="","",IF(C34="",K33,C34-C$3)) | L34: =IF(J34="","",L33+1) | M34: =IF(K34="","",M33+1)
B35: =B34+1 -> 32 | E35: =IF(D35="","",E34+1) | F35: =IF(D35="","",100*(D35-D34)/D34) | G35: =IF(D35="","",G34+1) | H35: =IF(F35="","",100*(((D35-D$3)/D$3+1)^(1/G35)-1)) | J35: =IF(H35="","",J34+1) | K35: =IF(D35="","",IF(C35="",K34,C35-C$3)) | L35: =IF(J35="","",L34+1) | M35: =IF(K35="","",M34+1)
B36: =B35+1 -> 33 | E36: =IF(D36="","",E35+1) | F36: =IF(D36="","",100*(D36-D35)/D35) | G36: =IF(D36="","",G35+1) | H36: =IF(F36="","",100*(((D36-D$3)/D$3+1)^(1/G36)-1)) | J36: =IF(H36="","",J35+1) | K36: =IF(D36="","",IF(C36="",K35,C36-C$3)) | L36: =IF(J36="","",L35+1) | M36: =IF(K36="","",M35+1)
... B103: =B102+1 -> 100 | E103: =IF(D103="","",E102+1) | F103: =IF(D103="","",100*(D103-D102)/D102) | G103: =IF(D103="","",G102+1) | H103: =IF(F103="","",100*(((D103-D$3)/D$3+1)^(1/G103)-1)) | J103: =IF(H103="","",J102+1) | K103: =IF(D103="","",IF(C103="",K102,C103-C$3)) | L103: =IF(J103="","",L102+1) | M103: =IF(K103="","",M102+1)

Sheet DDCy
B2: # | C2: % DD | D2: %Bal+ | E2: % Bal | F2: Kelly % | G2: P(K) | H2: # | I2: HS % | J2: P(HS) | L2: Faixa até % | M2: Freq | N2: Ant | O2: Tot | P2: Prob1 | Q2: Prob2
B3: 1 | C3: =IF(Cy!I4="","",Cy!I4) -> 0.07 | D3: =E3+0.15 -> 0.079241394 | E3: =IF(Cy!F4="","",Cy!F4) -> -0.070758606 | H3: 1 | I3: 30 | L3: 2.42 | M3: =IF(L3="","",FREQUENCY(C$3:C$102,L3)) -> 20 | N3: 0 | O3: =IF(M3="",N3,M3+N3) -> 20 | P3: =O3/O$13 -> 0.95238095 | Q3: =IF(L3="","",IF(O3>0,O3/O$13,M$17*L3^N$17)) -> 0.95238095
B4: =B3+1 -> 2 | C4: =IF(Cy!I5="","",Cy!I5) -> 0.05 | D4: =IF(E4="","",E4+D$3-E$3) -> 0.19288415 | E4: =IF(Cy!F5="","",Cy!F5) -> 0.042884148 | H4: =IF(I4="","",H3+1) -> 2 | I4: 30 | L4: =IF(L3="","",IF(L3+L$3<L$12,L3+L$3,"")) -> 4.84 | M4: =IF(L4="","",FREQUENCY(C$3:C$102,L4)-FREQUENCY(C$3:C$102,L3)) -> 1 | N4: 0 | O4: =IF(M4="",N4,M4+N4) -> 1 | P4: =O4/O$13 -> 0.047619048 | Q4: =IF(L4="","",IF(O4>0,O4/O$13,M$17*L4^N$17)) -> 0.047619048
B5: =B4+1 -> 3 | C5: =IF(Cy!I6="","",Cy!I6) -> 0.14 | D5: =IF(E5="","",E5+D$3-E$3) -> 0.2327409 | E5: =IF(Cy!F6="","",Cy!F6) -> 0.082740896 | F5: 0 | G5: 100 | H5: =IF(I5="","",H4+1) -> 3 | I5: 30 | J5: 0.94 | L5: =IF(L4="","",IF(L4+L$3<L$12,L4+L$3,"")) -> 7.26 | M5: =IF(L5="","",FREQUENCY(C$3:C$102,L5)-FREQUENCY(C$3:C$102,L4)) -> 0 | N5: 0 | O5: =IF(M5="",N5,M5+N5) -> 0 | Q5: =IF(L5="","",IF(O5>0,O5/O$13,M$17*((L5+L4)/2)^N$17)) -> 0.018150269
B6: =B5+1 -> 4 | C6: =IF(Cy!I7="","",Cy!I7) -> 0.15 | D6: =IF(E6="","",E6+D$3-E$3) -> 0.011548478 | E6: =IF(Cy!F7="","",Cy!F7) -> -0.13845152 | F6: 0 | G6: 100 | H6: =IF(I6="","",H5+1) -> 4 | I6: 30 | J6: 0.015 | L6: =IF(L5="","",IF(L5+L$3<L$12,L5+L$3,"")) -> 9.68 | M6: =IF(L6="","",FREQUENCY(C$3:C$102,L6)-FREQUENCY(C$3:C$102,L5)) -> 0 | N6: 0 | O6: =IF(M6="",N6,M6+N6) -> 0 | Q6: =IF(L6="","",IF(O6>0,O6/O$13,M$17*((L6+L5)/2)^N$17)) -> 0.0042395299
B7: =B6+1 -> 5 | C7: =IF(Cy!I8="","",Cy!I8) -> 2.09 | D7: =IF(E7="","",E7+D$3-E$3) -> 0.34582975 | E7: =IF(Cy!F8="","",Cy!F8) -> 0.19582975 | F7: 0 | G7: 100 | H7: =IF(I7="","",H6+1) -> 5 | I7: 30 | J7: 0.098 | L7: =IF(L6="","",IF(L6+L$3<L$12,L6+L$3,"")) -> 12.1 | M7: =IF(L7="","",FREQUENCY(C$3:C$102,L7)-FREQUENCY(C$3:C$102,L6)) -> 0 | N7: 0 | O7: =IF(M7="",N7,M7+N7) -> 0 | Q7: =IF(L7="","",IF(O7>0,O7/O$13,M$17*((L7+L6)/2)^N$17)) -> 0.0014308539
B8: =B7+1 -> 6 | C8: =IF(Cy!I9="","",Cy!I9) -> 2.25 | D8: =IF(E8="","",E8+D$3-E$3) -> 0.31585394 | E8: =IF(Cy!F9="","",Cy!F9) -> 0.16585394 | F8: 0 | G8: 100 | H8: =IF(I8="","",H7+1) -> 6 | I8: 30 | J8: 0.172 | L8: =IF(L7="","",IF(L7+L$3<L$12,L7+L$3,"")) -> 14.52 | M8: =IF(L8="","",FREQUENCY(C$3:C$102,L8)-FREQUENCY(C$3:C$102,L7)) -> 0 | N8: 0 | O8: =IF(M8="",N8,M8+N8) -> 0 | Q8: =IF(L8="","",IF(O8>0,O8/O$13,M$17*((L8+L7)/2)^N$17)) -> 0.00060107996
B9: =B8+1 -> 7 | C9: =IF(Cy!I10="","",Cy!I10) -> 0.08 | D9: =IF(E9="","",E9+D$3-E$3) -> 0.24838989 | E9: =IF(Cy!F10="","",Cy!F10) -> 0.098389893 | F9: 51.02 | G9: 0.022 | H9: =IF(I9="","",H8+1) -> 7 | I9: 30 | J9: 0.088 | L9: =IF(L8="","",IF(L8+L$3<L$12,L8+L$3,"")) -> 16.94 | M9: =IF(L9="","",FREQUENCY(C$3:C$102,L9)-FREQUENCY(C$3:C$102,L8)) -> 0 | N9: 0 | O9: =IF(M9="",N9,M9+N9) -> 0 | Q9: =IF(L9="","",IF(O9>0,O9/O$13,M$17*((L9+L8)/2)^N$17)) -> 0.00029199019
B10: =B9+1 -> 8 | C10: =IF(Cy!I11="","",Cy!I11) -> 0.05 | D10: =IF(E10="","",E10+D$3-E$3) -> 0.17816113 | E10: =IF(Cy!F11="","",Cy!F11) -> 0.028161132 | F10: 70.57 | G10: 0.004 | H10: =IF(I10="","",H9+1) -> 8 | I10: 30 | J10: 0.049 | L10: =IF(L9="","",IF(L9+L$3<L$12,L9+L$3,"")) -> 19.36 | M10: =IF(L10="","",FREQUENCY(C$3:C$102,L10)-FREQUENCY(C$3:C$102,L9)) -> 0 | N10: 0 | O10: =IF(M10="",N10,M10+N10) -> 0 | Q10: =IF(L10="","",IF(O10>0,O10/O$13,M$17*((L10+L9)/2)^N$17)) -> 0.00015731314
B11: =B10+1 -> 9 | C11: =IF(Cy!I12="","",Cy!I12) -> 0.12 | D11: =IF(E11="","",E11+D$3-E$3) -> 0.22886506 | E11: =IF(Cy!F12="","",Cy!F12) -> 0.078865065 | F11: 83.17 | G11: 0.001 | H11: =IF(I11="","",H10+1) -> 9 | I11: 30 | J11: 0.03 | L11: =IF(L10="","",IF(L10+L$3<L$12,L10+L$3,"")) -> 21.78 | M11: =IF(L11="","",FREQUENCY(C$3:C$102,L11)-FREQUENCY(C$3:C$102,L10)) -> 0 | N11: 0 | O11: =IF(M11="",N11,M11+N11) -> 0 | Q11: =IF(L11="","",IF(O11>0,O11/O$13,M$17*((L11+L10)/2)^N$17)) -> 9.1586443e-05
B12: =B11+1 -> 10 | C12: =IF(Cy!I13="","",Cy!I13) -> 0.06 | D12: =IF(E12="","",E12+D$3-E$3) -> 0.21329479 | E12: =IF(Cy!F13="","",Cy!F13) -> 0.063294791 | F12: 89.36 | G12: 0.001 | H12: =IF(I12="","",H11+1) -> 10 | I12: 30 | J12: 0.019 | L12: =$M$19 -> 30 | M12: =IF(L12="","",IF(L11="",FREQUENCY(C$3:C$102,L12)-FREQUENCY(C$3:C$102,L12-0.01),FREQUENCY(C$3:C$102,L12)-FREQUENCY(C$3:C$102,L11))) -> 0 | N12: 0 | O12: =IF(M12="",N12,M12+N12) -> 0 | Q12: =IF(L12="","",IF(O12>0,O12/O$13,M$17*L12^N$17)) -> 1.792717e-05
B13: =B12+1 -> 11 | C13: =IF(Cy!I14="","",Cy!I14) -> 0.15 | D13: =IF(E13="","",E13+D$3-E$3) -> 0.089088014 | E13: =IF(Cy!F14="","",Cy!F14) -> -0.060911986 | F13: 91.13 | G13: 0 | H13: =IF(I13="","",H12+1) -> 11 | I13: 30 | J13: 0.013 | L13: Totais | M13: =SUM(M3:M12) -> 21 | N13: =SUM(N3:N12) -> 0 | O13: =SUM(O3:O12) -> 21 | P13: =SUM(P3:P12) -> 1 | Q13: =SUM(Q3:Q12) -> 1.0249806
B14: =B13+1 -> 12 | C14: =IF(Cy!I15="","",Cy!I15) -> 0.05 | D14: =IF(E14="","",E14+D$3-E$3) -> 0.18486241 | E14: =IF(Cy!F15="","",Cy!F15) -> 0.034862411 | F14: 93.67 | G14: 0 | H14: =IF(I14="","",H13+1) -> 12 | I14: 30 | J14: 0.009
B15: =B14+1 -> 13 | C15: =IF(Cy!I16="","",Cy!I16) -> 0.53 | D15: =IF(E15="","",E15+D$3-E$3) -> 0.24049051 | E15: =IF(Cy!F16="","",Cy!F16) -> 0.090490505 | F15: 95.8 | G15: 0 | H15: =IF(I15="","",H14+1) -> 13 | I15: 30 | J15: 0.007 | L15: Probabilidades (%)
B16: =B15+1 -> 14 | C16: =IF(Cy!I17="","",Cy!I17) -> 0.19 | D16: =IF(E16="","",E16+D$3-E$3) -> 0.10047332 | E16: =IF(Cy!F17="","",Cy!F17) -> -0.049526675 | F16: 96.35 | G16: 0 | H16: =IF(I16="","",H15+1) -> 14 | I16: 30 | J16: 0.005 | L16: Coeficientes | M16: Base | N16: Expo
B17: =B16+1 -> 15 | C17: =IF(Cy!I18="","",Cy!I18) -> 0.42 | D17: =IF(E17="","",E17+D$3-E$3) -> 0.29757253 | E17: =IF(Cy!F18="","",Cy!F18) -> 0.14757253 | F17: 97.76 | G17: 0 | H17: =IF(I17="","",H16+1) -> 15 | I17: 30 | J17: 0.004 | M17: 43.414 | N17: -4.322
B18: =B17+1 -> 16 | C18: =IF(Cy!I19="","",Cy!I19) -> 0.04 | D18: =IF(E18="","",E18+D$3-E$3) -> 0.23303342 | E18: =IF(Cy!F19="","",Cy!F19) -> 0.083033415 | F18: 98.35 | G18: 0 | H18: =IF(I18="","",H17+1) -> 16 | I18: 30 | J18: 0.003 | L18: Kelly (%) | M18: =Risk!$C$28 -> 99.600691 | N18: =IF(M18=0,100,100*M17*M18^N17/Q13) -> 9.7819243e-06
B19: =B18+1 -> 17 | C19: =IF(Cy!I20="","",Cy!I20) -> 0.78 | D19: =IF(E19="","",E19+D$3-E$3) -> 0.41983696 | E19: =IF(Cy!F20="","",Cy!F20) -> 0.26983696 | F19: 98.97 | G19: 0 | H19: =IF(I19="","",H18+1) -> 17 | I19: 30 | J19: 0.002 | L19: Hard Stop (%) | M19: =IF(I3="","",VLOOKUP(MAX(H3:H102),H3:I102,2,FALSE)) -> 30 | N19: =100*M17*M19^N17/Q13 -> 0.0017490254
B20: =B19+1 -> 18 | C20: =IF(Cy!I21="","",Cy!I21) -> 0.18 | D20: =IF(E20="","",E20+D$3-E$3) -> 0.47235923 | E20: =IF(Cy!F21="","",Cy!F21) -> 0.32235923 | F20: 99.33 | G20: 0 | H20: =IF(I20="","",H19+1) -> 18 | I20: 30 | J20: 0.002
B21: =B20+1 -> 19 | C21: =IF(Cy!I22="","",Cy!I22) -> 2.42 | D21: =IF(E21="","",E21+D$3-E$3) -> 0.57086577 | E21: =IF(Cy!F22="","",Cy!F22) -> 0.42086577 | F21: 99.41 | G21: 0 | H21: =IF(I21="","",H20+1) -> 19 | I21: 30 | J21: 0.002
B22: =B21+1 -> 20 | C22: =IF(Cy!I23="","",Cy!I23) -> 2.51 | D22: =IF(E22="","",E22+D$3-E$3) -> 0.73300546 | E22: =IF(Cy!F23="","",Cy!F23) -> 0.58300546 | F22: 99.47 | G22: 0 | H22: =IF(I22="","",H21+1) -> 20 | I22: 30 | J22: 0.002
B23: =B22+1 -> 21 | C23: =IF(Cy!I24="","",Cy!I24) -> 0.34 | D23: =IF(E23="","",E23+D$3-E$3) -> 0.53641747 | E23: =IF(Cy!F24="","",Cy!F24) -> 0.38641747 | F23: 99.6 | G23: 0 | I23: 30 | J23: 0.002
B24: =B23+1 -> 22 | C24: =IF(Cy!I25="","",Cy!I25) | D24: =IF(E24="","",E24+D$3-E$3) | E24: =IF(Cy!F25="","",Cy!F25) | H24: =IF(I24="","",H23+1)
B25: =B24+1 -> 23 | C25: =IF(Cy!I26="","",Cy!I26) | D25: =IF(E25="","",E25+D$3-E$3) | E25: =IF(Cy!F26="","",Cy!F26) | H25: =IF(I25="","",H24+1)
B26: =B25+1 -> 24 | C26: =IF(Cy!I27="","",Cy!I27) | D26: =IF(E26="","",E26+D$3-E$3) | E26: =IF(Cy!F27="","",Cy!F27) | H26: =IF(I26="","",H25+1)
B27: =B26+1 -> 25 | C27: =IF(Cy!I28="","",Cy!I28) | D27: =IF(E27="","",E27+D$3-E$3) | E27: =IF(Cy!F28="","",Cy!F28) | H27: =IF(I27="","",H26+1)
B28: =B27+1 -> 26 | C28: =IF(Cy!I29="","",Cy!I29) | D28: =IF(E28="","",E28+D$3-E$3) | E28: =IF(Cy!F29="","",Cy!F29) | H28: =IF(I28="","",H27+1)
B29: =B28+1 -> 27 | C29: =IF(Cy!I30="","",Cy!I30) | D29: =IF(E29="","",E29+D$3-E$3) | E29: =IF(Cy!F30="","",Cy!F30) | H29: =IF(I29="","",H28+1)
B30: =B29+1 -> 28 | C30: =IF(Cy!I31="","",Cy!I31) | D30: =IF(E30="","",E30+D$3-E$3) | E30: =IF(Cy!F31="","",Cy!F31) | H30: =IF(I30="","",H29+1)
B31: =B30+1 -> 29 | C31: =IF(Cy!I32="","",Cy!I32) | D31: =IF(E31="","",E31+D$3-E$3) | E31: =IF(Cy!F32="","",Cy!F32) | H31: =IF(I31="","",H30+1)
B32: =B31+1 -> 30 | C32: =IF(Cy!I33="","",Cy!I33) | D32: =IF(E32="","",E32+D$3-E$3) | E32: =IF(Cy!F33="","",Cy!F33) | H32: =IF(I32="","",H31+1)
B33: =B32+1 -> 31 | C33: =IF(Cy!I34="","",Cy!I34) | D33: =IF(E33="","",E33+D$3-E$3) | E33: =IF(Cy!F34="","",Cy!F34) | H33: =IF(I33="","",H32+1)
B34: =B33+1 -> 32 | C34: =IF(Cy!I35="","",Cy!I35) | D34: =IF(E34="","",E34+D$3-E$3) | E34: =IF(Cy!F35="","",Cy!F35) | H34: =IF(I34="","",H33+1)
B35: =B34+1 -> 33 | C35: =IF(Cy!I36="","",Cy!I36) | D35: =IF(E35="","",E35+D$3-E$3) | E35: =IF(Cy!F36="","",Cy!F36) | H35: =IF(I35="","",H34+1)
... B102: =B101+1 -> 100 | C102: =IF(Cy!I103="","",Cy!I103) | D102: =IF(E102="","",E102+D$3-E$3) | E102: =IF(Cy!F103="","",Cy!F103) | H102: =IF(I102="","",H101+1)

Sheet Risk
B2: Quadro Resumo (CLog) | N2: Por operação
B3: Saldo Inicial | C3: =CLog!$X$4 -> 33112.58 | N3: %CAR | O3: Ganho | P3: Perda | Q3: %Payoff
B4: $Ac | C4: =CLog!X5 -> 929.97 | N4: 1 | O4: =IF(L$27="","",1+L$27*N4/100) -> 1.05 | P4: =IF(O4="","",1-N4/100) -> 0.99 | Q4: =IF(O4="","",100*(O4^(L$28/100)*P4^((100-L$28)/100)-1)) -> 2.5575547
B5: Saldo Atual | C5: =CLog!X6 -> 34042.55 | N5: =N4+1 -> 2 | O5: =IF(L$27="","",1+L$27*N5/100) -> 1.1 | P5: =IF(O5="","",1-N5/100) -> 0.98 | Q5: =IF(O5="","",100*(O5^(L$28/100)*P5^((100-L$28)/100)-1)) -> 5.0330656
B6: =CLog!W13 -> Ganhos | C6: =CLog!X13 -> 17 | N6: =N5+1 -> 3 | O6: =IF(L$27="","",1+L$27*N6/100) -> 1.15 | P6: =IF(O6="","",1-N6/100) -> 0.97 | Q6: =IF(O6="","",100*(O6^(L$28/100)*P6^((100-L$28)/100)-1)) -> 7.4304507
B7: =CLog!W14 -> Perdas | C7: =CLog!X14 -> 4 | N7: =N6+1 -> 4 | O7: =IF(L$27="","",1+L$27*N7/100) -> 1.2 | P7: =IF(O7="","",1-N7/100) -> 0.96 | Q7: =IF(O7="","",100*(O7^(L$28/100)*P7^((100-L$28)/100)-1)) -> 9.7532125
B8: =CLog!W15 -> Operações | C8: =CLog!X15 -> 21 | N8: =N7+1 -> 5 | O8: =IF(L$27="","",1+L$27*N8/100) -> 1.25 | P8: =IF(O8="","",1-N8/100) -> 0.95 | Q8: =IF(O8="","",100*(O8^(L$28/100)*P8^((100-L$28)/100)-1)) -> 12.004494
B9: =CLog!W16 -> WinP | C9: =CLog!X16 -> 0.80952381 | N9: =N8+1 -> 6 | O9: =IF(L$27="","",1+L$27*N9/100) -> 1.3 | P9: =IF(O9="","",1-N9/100) -> 0.94 | Q9: =IF(O9="","",100*(O9^(L$28/100)*P9^((100-L$28)/100)-1)) -> 14.187129
B10: =CLog!W17 -> CAR | C10: =CLog!X17 -> 26.52 | N10: =N9+1 -> 7 | O10: =IF(L$27="","",1+L$27*N10/100) -> 1.35 | P10: =IF(O10="","",1-N10/100) -> 0.93 | Q10: =IF(O10="","",100*(O10^(L$28/100)*P10^((100-L$28)/100)-1)) -> 16.303676
C11: =CLog!X18 -> 0.00080090407 | N11: =N10+1 -> 8 | O11: =IF(L$27="","",1+L$27*N11/100) -> 1.4 | P11: =IF(O11="","",1-N11/100) -> 0.92 | Q11: =IF(O11="","",100*(O11^(L$28/100)*P11^((100-L$28)/100)-1)) -> 18.356456
B12: =CLog!W19 -> FL | C12: =CLog!X19 -> 2.2980437 | N12: =N11+1 -> 9 | O12: =IF(L$27="","",1+L$27*N12/100) -> 1.45 | P12: =IF(O12="","",1-N12/100) -> 0.91 | Q12: =IF(O12="","",100*(O12^(L$28/100)*P12^((100-L$28)/100)-1)) -> 20.347579
B13: Kelly % | C13: =IF(C9="","",IF(C12="","",IF(C9-(1-C9)/C12<0,0,100*(C9-(1-C9)/C12)))) -> 72.663757 | N13: =N12+1 -> 10 | O13: =IF(L$27="","",1+L$27*N13/100) -> 1.5 | P13: =IF(O13="","",1-N13/100) -> 0.9 | Q13: =IF(O13="","",100*(O13^(L$28/100)*P13^((100-L$28)/100)-1)) -> 22.278966
N14: =N13+1 -> 11 | O14: =IF(L$27="","",1+L$27*N14/100) -> 1.55 | P14: =IF(O14="","",1-N14/100) -> 0.89 | Q14: =IF(O14="","",100*(O14^(L$28/100)*P14^((100-L$28)/100)-1)) -> 24.152372
B15: Payoff (% por ciclo) | N15: =N14+1 -> 12 | O15: =IF(L$27="","",1+L$27*N15/100) -> 1.6 | P15: =IF(O15="","",1-N15/100) -> 0.88 | Q15: =IF(O15="","",100*(O15^(L$28/100)*P15^((100-L$28)/100)-1)) -> 25.969399
B16: CLog "ideal" | D16: x | N16: =N15+1 -> 13 | O16: =IF(L$27="","",1+L$27*N16/100) -> 1.65 | P16: =IF(O16="","",1-N16/100) -> 0.87 | Q16: =IF(O16="","",100*(O16^(L$28/100)*P16^((100-L$28)/100)-1)) -> 27.731516
B17: CyHS "ideal" | C17: =IF(C24="","",100*((1+C23/100)^((100-DDCy!$N$18)/100)*(1-C28/100)^(DDCy!$N$18/100)-1)) -> 0.13192787 | D17: x | N17: =N16+1 -> 14 | O17: =IF(L$27="","",1+L$27*N17/100) -> 1.7 | P17: =IF(O17="","",1-N17/100) -> 0.86 | Q17: =IF(O17="","",100*(O17^(L$28/100)*P17^((100-L$28)/100)-1)) -> 29.440068
B18: Com HS atual | C18: =IF(C24="","",100*((1+C23/100)^(C26/100)*(1-C24/100)^((100-C26)/100)-1)) -> 0.13135502 | N18: =N17+1 -> 15 | O18: =IF(L$27="","",1+L$27*N18/100) -> 1.75 | P18: =IF(O18="","",1-N18/100) -> 0.85 | Q18: =IF(O18="","",100*(O18^(L$28/100)*P18^((100-L$28)/100)-1)) -> 31.096289
B19: Hard Stop (%) | C19: 30 | N19: =N18+1 -> 16 | O19: =IF(L$27="","",1+L$27*N19/100) -> 1.8 | P19: =IF(O19="","",1-N19/100) -> 0.84 | Q19: =IF(O19="","",100*(O19^(L$28/100)*P19^((100-L$28)/100)-1)) -> 32.701312
B20: Payoff (%) | C20: =IF(C19="","",100*((1+C23/100)^(C26/100)*(1-C19/100)^((100-C26)/100)-1)) -> 0.13135502 | D20: x | E20: =IF(L26="CLog","Perfil de risco de Clog (não analisa drawdown)",IF(L26="CyHS","Perfil de risco de Cycle HS",IF(L26="Sim","Perfil de risco de operações hipotéticas","Gráfico de perfil de risco"))) -> Perfil de risco de operações hipotéticas | F20: =IF(B26="x",IF(C27="",#REF!,""),IF(C27="x",IF(B26="",#REF!,""),"")) | G20: =IF(#REF!="x",IF(G28="",#REF!,""),IF(G28="x",IF(#REF!="",#REF!,""),"")) -> #REF! | H20: =IF(C26="x",IF(H23="",#REF!,""),IF(H23="x",IF(C26="",#REF!,""),"")) | I20: =IF(#REF!="x",IF(I23="",#REF!,""),IF(I23="x",IF(#REF!="",#REF!,""),"")) -> #REF! | K20: =IF(#REF!="x",IF(K23="",#REF!,""),IF(K23="x",IF(#REF!="",#REF!,""),"")) -> #REF! | L20: =IF(#REF!="x",IF(L23="",#REF!,""),IF(L23="x",IF(#REF!="",#REF!,""),"")) -> #REF! | N20: =N19+1 -> 17 | O20: =IF(L$27="","",1+L$27*N20/100) -> 1.85 | P20: =IF(O20="","",1-N20/100) -> 0.83 | Q20: =IF(O20="","",100*(O20^(L$28/100)*P20^((100-L$28)/100)-1)) -> 34.256176
N21: =N20+1 -> 18 | O21: =IF(L$27="","",1+L$27*N21/100) -> 1.9 | P21: =IF(O21="","",1-N21/100) -> 0.82 | Q21: =IF(O21="","",100*(O21^(L$28/100)*P21^((100-L$28)/100)-1)) -> 35.761836
B22: Cycle HS Risk (CyHS) | N22: =N21+1 -> 19 | O22: =IF(L$27="","",1+L$27*N22/100) -> 1.95 | P22: =IF(O22="","",1-N22/100) -> 0.81 | Q22: =IF(O22="","",100*(O22^(L$28/100)*P22^((100-L$28)/100)-1)) -> 37.219166
B23: Cycle Avg % | C23: =Cy!$Q$2 -> 0.13198198 | E23: Simulações (Sim) | N23: =N22+1 -> 20 | O23: =IF(L$27="","",1+L$27*N23/100) -> 2 | P23: =IF(O23="","",1-N23/100) -> 0.8 | Q23: =IF(O23="","",100*(O23^(L$28/100)*P23^((100-L$28)/100)-1)) -> 38.628969
B24: Hard Stop % | C24: =DDCy!$M$19 -> 30 | E24: Ganho ($ ou %) | F24: 5 | H24: Ideais por ciclo | N24: =N23+1 -> 21 | O24: =IF(L$27="","",1+L$27*N24/100) -> 2.05 | P24: =IF(O24="","",1-N24/100) -> 0.79 | Q24: =IF(O24="","",100*(O24^(L$28/100)*P24^((100-L$28)/100)-1)) -> 39.991979
B25: H Stop Prob % | C25: =DDCy!$N$19 -> 0.0017490254 | E25: Perda ($ ou %) | F25: 1 | H25: Capital em risco | I25: =IF(L27="","",IF(L28="","",IF(L27<0,0,IF(L28/100-(1-L28/100)/L27<0,0,L28/100-(1-L28/100)/L27)))) -> 0.52 | K25: Gráfico | N25: =N24+1 -> 22 | O25: =IF(L$27="","",1+L$27*N25/100) -> 2.1 | P25: =IF(O25="","",1-N25/100) -> 0.78 | Q25: =IF(O25="","",100*(O25^(L$28/100)*P25^((100-L$28)/100)-1)) -> 41.308868
B26: Win % | C26: =IF(C25="","",100-C25) -> 99.998251 | E26: Win % | F26: 60 | I26: =IF(I25="","",IF(C5="",IF(C3="","",C3*I25),C5*I25)) -> 17702.126 | K26: Opção | L26: Sim | N26: =N25+1 -> 23 | O26: =IF(L$27="","",1+L$27*N26/100) -> 2.15 | P26: =IF(O26="","",1-N26/100) -> 0.77 | Q26: =IF(O26="","",100*(O26^(L$28/100)*P26^((100-L$28)/100)-1)) -> 42.580248
B27: FL | C27: =IF(C23="","",IF(C24="","",IF(C26="","",C23/C24))) -> 0.0043993994 | E27: FL | F27: =IF(F24="","",IF(F25="","",IF(F26="","",F24/F25))) -> 5 | H27: Payoff | I27: =IF(L27="","",IF(MAX(Q4:Q103)<0,0,MAX(Q4:Q103)/100)) -> 0.6079702 | K27: FL | L27: =IF(L26="CLog",C12,IF(L26="CyHS",C27,IF(L26="Sim",F27,""))) -> 5 | N27: =N26+1 -> 24 | O27: =IF(L$27="","",1+L$27*N27/100) -> 2.2 | P27: =IF(O27="","",1-N27/100) -> 0.76 | Q27: =IF(O27="","",100*(O27^(L$28/100)*P27^((100-L$28)/100)-1)) -> 43.806675
B28: Kelly % | C28: =IF(C26="","",IF(C27="","",IF(C23<0,0,IF(100*((C26/100)-(1-C26/100)/C27)<0,0,100*((C26/100)-(1-C26/100)/C27))))) -> 99.600691 | E28: Kelly % | F28: =IF(F26="","",IF(F27="","",IF(100*((F26/100)-(1-F26/100)/F27)<0,0,100*((F26/100)-(1-F26/100)/F27)))) -> 52 | I28: =IF(I27="","",IF(C5="",IF(C3="","",C3*I27),C5*I27)) -> 20696.856 | K28: WinP | L28: =IF(L26="CLog",100*C9,IF(L26="CyHS",C26,IF(L26="Sim",F26,""))) -> 60 | N28: =N27+1 -> 25 | O28: =IF(L$27="","",1+L$27*N28/100) -> 2.25 | P28: =IF(O28="","",1-N28/100) -> 0.75 | Q28: =IF(O28="","",100*(O28^(L$28/100)*P28^((100-L$28)/100)-1)) -> 44.988653
N29: =N28+1 -> 26 | O29: =IF(L$27="","",1+L$27*N29/100) -> 2.3 | P29: =IF(O29="","",1-N29/100) -> 0.74 | Q29: =IF(O29="","",100*(O29^(L$28/100)*P29^((100-L$28)/100)-1)) -> 46.126637
N30: =N29+1 -> 27 | O30: =IF(L$27="","",1+L$27*N30/100) -> 2.35 | P30: =IF(O30="","",1-N30/100) -> 0.73 | Q30: =IF(O30="","",100*(O30^(L$28/100)*P30^((100-L$28)/100)-1)) -> 47.221033
N31: =N30+1 -> 28 | O31: =IF(L$27="","",1+L$27*N31/100) -> 2.4 | P31: =IF(O31="","",1-N31/100) -> 0.72 | Q31: =IF(O31="","",100*(O31^(L$28/100)*P31^((100-L$28)/100)-1)) -> 48.272204
N32: =N31+1 -> 29 | O32: =IF(L$27="","",1+L$27*N32/100) -> 2.45 | P32: =IF(O32="","",1-N32/100) -> 0.71 | Q32: =IF(O32="","",100*(O32^(L$28/100)*P32^((100-L$28)/100)-1)) -> 49.280469
N33: =N32+1 -> 30 | O33: =IF(L$27="","",1+L$27*N33/100) -> 2.5 | P33: =IF(O33="","",1-N33/100) -> 0.7 | Q33: =IF(O33="","",100*(O33^(L$28/100)*P33^((100-L$28)/100)-1)) -> 50.246105
N34: =N33+1 -> 31 | O34: =IF(L$27="","",1+L$27*N34/100) -> 2.55 | P34: =IF(O34="","",1-N34/100) -> 0.69 | Q34: =IF(O34="","",100*(O34^(L$28/100)*P34^((100-L$28)/100)-1)) -> 51.16935
N35: =N34+1 -> 32 | O35: =IF(L$27="","",1+L$27*N35/100) -> 2.6 | P35: =IF(O35="","",1-N35/100) -> 0.68 | Q35: =IF(O35="","",100*(O35^(L$28/100)*P35^((100-L$28)/100)-1)) -> 52.050402
N36: =N35+1 -> 33 | O36: =IF(L$27="","",1+L$27*N36/100) -> 2.65 | P36: =IF(O36="","",1-N36/100) -> 0.67 | Q36: =IF(O36="","",100*(O36^(L$28/100)*P36^((100-L$28)/100)-1)) -> 52.889424
N37: =N36+1 -> 34 | O37: =IF(L$27="","",1+L$27*N37/100) -> 2.7 | P37: =IF(O37="","",1-N37/100) -> 0.66 | Q37: =IF(O37="","",100*(O37^(L$28/100)*P37^((100-L$28)/100)-1)) -> 53.68654
N38: =N37+1 -> 35 | O38: =IF(L$27="","",1+L$27*N38/100) -> 2.75 | P38: =IF(O38="","",1-N38/100) -> 0.65 | Q38: =IF(O38="","",100*(O38^(L$28/100)*P38^((100-L$28)/100)-1)) -> 54.441837
N39: =N38+1 -> 36 | O39: =IF(L$27="","",1+L$27*N39/100) -> 2.8 | P39: =IF(O39="","",1-N39/100) -> 0.64 | Q39: =IF(O39="","",100*(O39^(L$28/100)*P39^((100-L$28)/100)-1)) -> 55.155369
N40: =N39+1 -> 37 | O40: =IF(L$27="","",1+L$27*N40/100) -> 2.85 | P40: =IF(O40="","",1-N40/100) -> 0.63 | Q40: =IF(O40="","",100*(O40^(L$28/100)*P40^((100-L$28)/100)-1)) -> 55.827153
... N103: =N102+1 -> 100 | O103: =IF(L$27="","",1+L$27*N103/100) -> 6 | P103: =IF(O103="","",1-N103/100) -> 0 | Q103: =IF(O103="","",100*(O103^(L$28/100)*P103^((100-L$28)/100)-1)) -> -100

Sheet CRes
A1: Data | B1: Depósito | C1: Principal | D1: Balanço | E1: $ Bal | F1: $ Bal Ac | G1: % Bal | H1: % Bal Ac | I1: Pos.Liq. | J1: $ Liq | K1: $ Liq Ac | L1: % Liq | M1: % Liq Ac | N1: $ Aberto | O1: Obs.
A2: =IF(Cy!C3="","",Cy!C3) -> 42737 | C2: 33112.58 | D2: =IF(Cy!D3="","",Cy!D3) -> 33112.58 | I2: =D2 -> 33112.58
A3: =IF(Cy!C4="","",Cy!C4) -> 42737 | B3: 0 | C3: =IF(B3="","",C2+B3) -> 33112.58 | D3: =IF(Cy!D4="","",Cy!D4) -> 33089.15 | E3: =IF(B3="","",IF(D3="","",D3-D2-B3)) -> -23.43 | F3: =IF(E3="","",F2+E3) -> -23.43 | G3: =IF(E3="","",100*E3/(D2+0.5*B3)) -> -0.070758606 | H3: =IF(F3="","",100*F3/C3) -> -0.070758606 | I3: =D3 -> 33089.15 | J3: =IF(B3="","",IF(I3="","",I3-I2-B3)) -> -23.43 | K3: =IF(J3="","",K2+J3) -> -23.43 | L3: =IF(J3="","",100*J3/(I2+0.5*B3)) -> -0.070758606 | M3: =IF(K3="","",100*K3/C3) -> -0.070758606 | N3: =IF(D3="","",IF(I3="","",I3-D3)) -> 0
A4: =IF(Cy!C5="","",Cy!C5) -> 42738 | B4: 0 | C4: =IF(B4="","",C3+B4) -> 33112.58 | D4: =IF(Cy!D5="","",Cy!D5) -> 33103.34 | E4: =IF(B4="","",IF(D4="","",D4-D3-B4)) -> 14.19 | F4: =IF(E4="","",F3+E4) -> -9.24 | G4: =IF(E4="","",100*E4/(D3+0.5*B4)) -> 0.042884148 | H4: =IF(F4="","",100*F4/C4) -> -0.027904802 | I4: =D4 -> 33103.34 | J4: =IF(B4="","",IF(I4="","",I4-I3-B4)) -> 14.19 | K4: =IF(J4="","",K3+J4) -> -9.24 | L4: =IF(J4="","",100*J4/(I3+0.5*B4)) -> 0.042884148 | M4: =IF(K4="","",100*K4/C4) -> -0.027904802 | N4: =IF(D4="","",IF(I4="","",I4-D4)) -> 0
A5: =IF(Cy!C6="","",Cy!C6) | B5: 0 | C5: =IF(B5="","",C4+B5) -> 33112.58 | D5: =IF(Cy!D6="","",Cy!D6) -> 33130.73 | E5: =IF(B5="","",IF(D5="","",D5-D4-B5)) -> 27.39 | F5: =IF(E5="","",F4+E5) -> 18.15 | G5: =IF(E5="","",100*E5/(D4+0.5*B5)) -> 0.082740896 | H5: =IF(F5="","",100*F5/C5) -> 0.054813005 | I5: =D5 -> 33130.73 | J5: =IF(B5="","",IF(I5="","",I5-I4-B5)) -> 27.39 | K5: =IF(J5="","",K4+J5) -> 18.15 | L5: =IF(J5="","",100*J5/(I4+0.5*B5)) -> 0.082740896 | M5: =IF(K5="","",100*K5/C5) -> 0.054813005 | N5: =IF(D5="","",IF(I5="","",I5-D5)) -> 0
A6: =IF(Cy!C7="","",Cy!C7) -> 42740 | B6: 0 | C6: =IF(B6="","",C5+B6) -> 33112.58 | D6: =IF(Cy!D7="","",Cy!D7) -> 33084.86 | E6: =IF(B6="","",IF(D6="","",D6-D5-B6)) -> -45.87 | F6: =IF(E6="","",F5+E6) -> -27.72 | G6: =IF(E6="","",100*E6/(D5+0.5*B6)) -> -0.13845152 | H6: =IF(F6="","",100*F6/C6) -> -0.083714407 | I6: =D6 -> 33084.86 | J6: =IF(B6="","",IF(I6="","",I6-I5-B6)) -> -45.87 | K6: =IF(J6="","",K5+J6) -> -27.72 | L6: =IF(J6="","",100*J6/(I5+0.5*B6)) -> -0.13845152 | M6: =IF(K6="","",100*K6/C6) -> -0.083714407 | N6: =IF(D6="","",IF(I6="","",I6-D6)) -> 0
A7: =IF(Cy!C8="","",Cy!C8) -> 42741 | B7: 0 | C7: =IF(B7="","",C6+B7) -> 33112.58 | D7: =IF(Cy!D8="","",Cy!D8) -> 33149.65 | E7: =IF(B7="","",IF(D7="","",D7-D6-B7)) -> 64.79 | F7: =IF(E7="","",F6+E7) -> 37.07 | G7: =IF(E7="","",100*E7/(D6+0.5*B7)) -> 0.19582975 | H7: =IF(F7="","",100*F7/C7) -> 0.11195141 | I7: =D7 -> 33149.65 | J7: =IF(B7="","",IF(I7="","",I7-I6-B7)) -> 64.79 | K7: =IF(J7="","",K6+J7) -> 37.07 | L7: =IF(J7="","",100*J7/(I6+0.5*B7)) -> 0.19582975 | M7: =IF(K7="","",100*K7/C7) -> 0.11195141 | N7: =IF(D7="","",IF(I7="","",I7-D7)) -> 0 | O7: Resultado até bom, considerando que, em dia de NFP, esqueci de considerar a tendência do dia e entrei contra ela
A8: =IF(Cy!C9="","",Cy!C9) -> 42744 | B8: 0 | C8: =IF(B8="","",C7+B8) -> 33112.58 | D8: =IF(Cy!D9="","",Cy!D9) -> 33204.63 | E8: =IF(B8="","",IF(D8="","",D8-D7-B8)) -> 54.98 | F8: =IF(E8="","",F7+E8) -> 92.05 | G8: =IF(E8="","",100*E8/(D7+0.5*B8)) -> 0.16585394 | H8: =IF(F8="","",100*F8/C8) -> 0.27799102 | I8: =D8 -> 33204.63 | J8: =IF(B8="","",IF(I8="","",I8-I7-B8)) -> 54.98 | K8: =IF(J8="","",K7+J8) -> 92.05 | L8: =IF(J8="","",100*J8/(I7+0.5*B8)) -> 0.16585394 | M8: =IF(K8="","",100*K8/C8) -> 0.27799102 | N8: =IF(D8="","",IF(I8="","",I8-D8)) -> 0
A9: =IF(Cy!C10="","",Cy!C10) -> 42745 | B9: 0 | C9: =IF(B9="","",C8+B9) -> 33112.58 | D9: =IF(Cy!D10="","",Cy!D10) -> 33237.3 | E9: =IF(B9="","",IF(D9="","",D9-D8-B9)) -> 32.67 | F9: =IF(E9="","",F8+E9) -> 124.72 | G9: =IF(E9="","",100*E9/(D8+0.5*B9)) -> 0.098389893 | H9: =IF(F9="","",100*F9/C9) -> 0.37665443 | I9: =D9 -> 33237.3 | J9: =IF(B9="","",IF(I9="","",I9-I8-B9)) -> 32.67 | K9: =IF(J9="","",K8+J9) -> 124.72 | L9: =IF(J9="","",100*J9/(I8+0.5*B9)) -> 0.098389893 | M9: =IF(K9="","",100*K9/C9) -> 0.37665443 | N9: =IF(D9="","",IF(I9="","",I9-D9)) -> 0
A10: =IF(Cy!C11="","",Cy!C11) -> 42746 | B10: 0 | C10: =IF(B10="","",C9+B10) -> 33112.58 | D10: =IF(Cy!D11="","",Cy!D11) -> 33246.66 | E10: =IF(B10="","",IF(D10="","",D10-D9-B10)) -> 9.36 | F10: =IF(E10="","",F9+E10) -> 134.08 | G10: =IF(E10="","",100*E10/(D9+0.5*B10)) -> 0.028161132 | H10: =IF(F10="","",100*F10/C10) -> 0.40492163 | I10: =D10 -> 33246.66 | J10: =IF(B10="","",IF(I10="","",I10-I9-B10)) -> 9.36 | K10: =IF(J10="","",K9+J10) -> 134.08 | L10: =IF(J10="","",100*J10/(I9+0.5*B10)) -> 0.028161132 | M10: =IF(K10="","",100*K10/C10) -> 0.40492163 | N10: =IF(D10="","",IF(I10="","",I10-D10)) -> 0
A11: =IF(Cy!C12="","",Cy!C12) -> 42747 | B11: 0 | C11: =IF(B11="","",C10+B11) -> 33112.58 | D11: =IF(Cy!D12="","",Cy!D12) -> 33272.88 | E11: =IF(B11="","",IF(D11="","",D11-D10-B11)) -> 26.22 | F11: =IF(E11="","",F10+E11) -> 160.3 | G11: =IF(E11="","",100*E11/(D10+0.5*B11)) -> 0.078865065 | H11: =IF(F11="","",100*F11/C11) -> 0.48410604 | I11: =D11 -> 33272.88 | J11: =IF(B11="","",IF(I11="","",I11-I10-B11)) -> 26.22 | K11: =IF(J11="","",K10+J11) -> 160.3 | L11: =IF(J11="","",100*J11/(I10+0.5*B11)) -> 0.078865065 | M11: =IF(K11="","",100*K11/C11) -> 0.48410604 | N11: =IF(D11="","",IF(I11="","",I11-D11)) -> 0
A12: =IF(Cy!C13="","",Cy!C13) -> 42748 | B12: 0 | C12: =IF(B12="","",C11+B12) -> 33112.58 | D12: =IF(Cy!D13="","",Cy!D13) -> 33293.94 | E12: =IF(B12="","",IF(D12="","",D12-D11-B12)) -> 21.06 | F12: =IF(E12="","",F11+E12) -> 181.36 | G12: =IF(E12="","",100*E12/(D11+0.5*B12)) -> 0.063294791 | H12: =IF(F12="","",100*F12/C12) -> 0.54770725 | I12: =D12 -> 33293.94 | J12: =IF(B12="","",IF(I12="","",I12-I11-B12)) -> 21.06 | K12: =IF(J12="","",K11+J12) -> 181.36 | L12: =IF(J12="","",100*J12/(I11+0.5*B12)) -> 0.063294791 | M12: =IF(K12="","",100*K12/C12) -> 0.54770725 | N12: =IF(D12="","",IF(I12="","",I12-D12)) -> 0
A13: =IF(Cy!C14="","",Cy!C14) | B13: 0 | C13: =IF(B13="","",C12+B13) -> 33112.58 | D13: =IF(Cy!D14="","",Cy!D14) -> 33273.66 | E13: =IF(B13="","",IF(D13="","",D13-D12-B13)) -> -20.28 | F13: =IF(E13="","",F12+E13) -> 161.08 | G13: =IF(E13="","",100*E13/(D12+0.5*B13)) -> -0.060911986 | H13: =IF(F13="","",100*F13/C13) -> 0.48646164 | I13: =D13 -> 33273.66 | J13: =IF(B13="","",IF(I13="","",I13-I12-B13)) -> -20.28 | K13: =IF(J13="","",K12+J13) -> 161.08 | L13: =IF(J13="","",100*J13/(I12+0.5*B13)) -> -0.060911986 | M13: =IF(K13="","",100*K13/C13) -> 0.48646164 | N13: =IF(D13="","",IF(I13="","",I13-D13)) -> 0
A14: =IF(Cy!C15="","",Cy!C15) -> 42751 | B14: 0 | C14: =IF(B14="","",C13+B14) -> 33112.58 | D14: =IF(Cy!D15="","",Cy!D15) -> 33285.26 | E14: =IF(B14="","",IF(D14="","",D14-D13-B14)) -> 11.6 | F14: =IF(E14="","",F13+E14) -> 172.68 | G14: =IF(E14="","",100*E14/(D13+0.5*B14)) -> 0.034862411 | H14: =IF(F14="","",100*F14/C14) -> 0.52149364 | I14: =D14 -> 33285.26 | J14: =IF(B14="","",IF(I14="","",I14-I13-B14)) -> 11.6 | K14: =IF(J14="","",K13+J14) -> 172.68 | L14: =IF(J14="","",100*J14/(I13+0.5*B14)) -> 0.034862411 | M14: =IF(K14="","",100*K14/C14) -> 0.52149364 | N14: =IF(D14="","",IF(I14="","",I14-D14)) -> 0
A15: =IF(Cy!C16="","",Cy!C16) -> 42752 | B15: 0 | C15: =IF(B15="","",C14+B15) -> 33112.58 | D15: =IF(Cy!D16="","",Cy!D16) -> 33315.38 | E15: =IF(B15="","",IF(D15="","",D15-D14-B15)) -> 30.12 | F15: =IF(E15="","",F14+E15) -> 202.8 | G15: =IF(E15="","",100*E15/(D14+0.5*B15)) -> 0.090490505 | H15: =IF(F15="","",100*F15/C15) -> 0.61245605 | I15: =D15 -> 33315.38 | J15: =IF(B15="","",IF(I15="","",I15-I14-B15)) -> 30.12 | K15: =IF(J15="","",K14+J15) -> 202.8 | L15: =IF(J15="","",100*J15/(I14+0.5*B15)) -> 0.090490505 | M15: =IF(K15="","",100*K15/C15) -> 0.61245605 | N15: =IF(D15="","",IF(I15="","",I15-D15)) -> 0
A16: =IF(Cy!C17="","",Cy!C17) -> 42753 | B16: 0 | C16: =IF(B16="","",C15+B16) -> 33112.58 | D16: =IF(Cy!D17="","",Cy!D17) -> 33298.88 | E16: =IF(B16="","",IF(D16="","",D16-D15-B16)) -> -16.5 | F16: =IF(E16="","",F15+E16) -> 186.3 | G16: =IF(E16="","",100*E16/(D15+0.5*B16)) -> -0.049526675 | H16: =IF(F16="","",100*F16/C16) -> 0.56262605 | I16: =D16 -> 33298.88 | J16: =IF(B16="","",IF(I16="","",I16-I15-B16)) -> -16.5 | K16: =IF(J16="","",K15+J16) -> 186.3 | L16: =IF(J16="","",100*J16/(I15+0.5*B16)) -> -0.049526675 | M16: =IF(K16="","",100*K16/C16) -> 0.56262605 | N16: =IF(D16="","",IF(I16="","",I16-D16)) -> 0 | O16: Entrei contra a tendência do dia de novo. Atitude mental inadequada - medo do arrastão (a tendência maior)
A17: =IF(Cy!C18="","",Cy!C18) -> 42754 | B17: 0 | C17: =IF(B17="","",C16+B17) -> 33112.58 | D17: =IF(Cy!D18="","",Cy!D18) -> 33348.02 | E17: =IF(B17="","",IF(D17="","",D17-D16-B17)) -> 49.14 | F17: =IF(E17="","",F16+E17) -> 235.44 | G17: =IF(E17="","",100*E17/(D16+0.5*B17)) -> 0.14757253 | H17: =IF(F17="","",100*F17/C17) -> 0.71102886 | I17: =D17 -> 33348.02 | J17: =IF(B17="","",IF(I17="","",I17-I16-B17)) -> 49.14 | K17: =IF(J17="","",K16+J17) -> 235.44 | L17: =IF(J17="","",100*J17/(I16+0.5*B17)) -> 0.14757253 | M17: =IF(K17="","",100*K17/C17) -> 0.71102886 | N17: =IF(D17="","",IF(I17="","",I17-D17)) -> 0 | O17: Entrei na direção da tendência do dia (que era forte) mas fui apanhado num contrafluxo que atingiu seu objetivo
A18: =IF(Cy!C19="","",Cy!C19) -> 42758 | B18: 0 | C18: =IF(B18="","",C17+B18) -> 33112.58 | D18: =IF(Cy!D19="","",Cy!D19) -> 33375.71 | E18: =IF(B18="","",IF(D18="","",D18-D17-B18)) -> 27.69 | F18: =IF(E18="","",F17+E18) -> 263.13 | G18: =IF(E18="","",100*E18/(D17+0.5*B18)) -> 0.083033415 | H18: =IF(F18="","",100*F18/C18) -> 0.79465267 | I18: =D18 -> 33375.71 | J18: =IF(B18="","",IF(I18="","",I18-I17-B18)) -> 27.69 | K18: =IF(J18="","",K17+J18) -> 263.13 | L18: =IF(J18="","",100*J18/(I17+0.5*B18)) -> 0.083033415 | M18: =IF(K18="","",100*K18/C18) -> 0.79465267 | N18: =IF(D18="","",IF(I18="","",I18-D18)) -> 0
A19: =IF(Cy!C20="","",Cy!C20) -> 42759 | B19: 0 | C19: =IF(B19="","",C18+B19) -> 33112.58 | D19: =IF(Cy!D20="","",Cy!D20) -> 33465.77 | E19: =IF(B19="","",IF(D19="","",D19-D18-B19)) -> 90.06 | F19: =IF(E19="","",F18+E19) -> 353.19 | G19: =IF(E19="","",100*E19/(D18+0.5*B19)) -> 0.26983696 | H19: =IF(F19="","",100*F19/C19) -> 1.0666339 | I19: =D19 -> 33465.77 | J19: =IF(B19="","",IF(I19="","",I19-I18-B19)) -> 90.06 | K19: =IF(J19="","",K18+J19) -> 353.19 | L19: =IF(J19="","",100*J19/(I18+0.5*B19)) -> 0.26983696 | M19: =IF(K19="","",100*K19/C19) -> 1.0666339 | N19: =IF(D19="","",IF(I19="","",I19-D19)) -> 0 | O19: Arrastão de alta, entrei contra a tendência do dia, que era de baixa
A20: =IF(Cy!C21="","",Cy!C21) -> 42760 | B20: 0 | C20: =IF(B20="","",C19+B20) -> 33112.58 | D20: =IF(Cy!D21="","",Cy!D21) -> 33573.65 | E20: =IF(B20="","",IF(D20="","",D20-D19-B20)) -> 107.88 | F20: =IF(E20="","",F19+E20) -> 461.07 | G20: =IF(E20="","",100*E20/(D19+0.5*B20)) -> 0.32235923 | H20: =IF(F20="","",100*F20/C20) -> 1.3924315 | I20: =D20 -> 33573.65 | J20: =IF(B20="","",IF(I20="","",I20-I19-B20)) -> 107.88 | K20: =IF(J20="","",K19+J20) -> 461.07 | L20: =IF(J20="","",100*J20/(I19+0.5*B20)) -> 0.32235923 | M20: =IF(K20="","",100*K20/C20) -> 1.3924315 | N20: =IF(D20="","",IF(I20="","",I20-D20)) -> 0 | O20: Dia raro. Não levei um segundo para decidir que o lado era "compra"
A21: =IF(Cy!C22="","",Cy!C22) -> 42761 | B21: 0 | C21: =IF(B21="","",C20+B21) -> 33112.58 | D21: =IF(Cy!D22="","",Cy!D22) -> 33714.95 | E21: =IF(B21="","",IF(D21="","",D21-D20-B21)) -> 141.3 | F21: =IF(E21="","",F20+E21) -> 602.37 | G21: =IF(E21="","",100*E21/(D20+0.5*B21)) -> 0.42086577 | H21: =IF(F21="","",100*F21/C21) -> 1.8191576 | I21: =D21 -> 33714.95 | J21: =IF(B21="","",IF(I21="","",I21-I20-B21)) -> 141.3 | K21: =IF(J21="","",K20+J21) -> 602.37 | L21: =IF(J21="","",100*J21/(I20+0.5*B21)) -> 0.42086577 | M21: =IF(K21="","",100*K21/C21) -> 1.8191576 | N21: =IF(D21="","",IF(I21="","",I21-D21)) -> 0 | O21: Contra a tendência do dia
A22: =IF(Cy!C23="","",Cy!C23) -> 42762 | B22: 0 | C22: =IF(B22="","",C21+B22) -> 33112.58 | D22: =IF(Cy!D23="","",Cy!D23) -> 33911.51 | E22: =IF(B22="","",IF(D22="","",D22-D21-B22)) -> 196.56 | F22: =IF(E22="","",F21+E22) -> 798.93 | G22: =IF(E22="","",100*E22/(D21+0.5*B22)) -> 0.58300546 | H22: =IF(F22="","",100*F22/C22) -> 2.4127688 | I22: =D22 -> 33911.51 | J22: =IF(B22="","",IF(I22="","",I22-I21-B22)) -> 196.56 | K22: =IF(J22="","",K21+J22) -> 798.93 | L22: =IF(J22="","",100*J22/(I21+0.5*B22)) -> 0.58300546 | M22: =IF(K22="","",100*K22/C22) -> 2.4127688 | N22: =IF(D22="","",IF(I22="","",I22-D22)) -> 0
A23: =IF(Cy!C24="","",Cy!C24) -> 42765 | B23: 0 | C23: =IF(B23="","",C22+B23) -> 33112.58 | D23: =IF(Cy!D24="","",Cy!D24) -> 34042.55 | E23: =IF(B23="","",IF(D23="","",D23-D22-B23)) -> 131.04 | F23: =IF(E23="","",F22+E23) -> 929.97 | G23: =IF(E23="","",100*E23/(D22+0.5*B23)) -> 0.38641747 | H23: =IF(F23="","",100*F23/C23) -> 2.8085096 | I23: =D23 -> 34042.55 | J23: =IF(B23="","",IF(I23="","",I23-I22-B23)) -> 131.04 | K23: =IF(J23="","",K22+J23) -> 929.97 | L23: =IF(J23="","",100*J23/(I22+0.5*B23)) -> 0.38641747 | M23: =IF(K23="","",100*K23/C23) -> 2.8085096 | N23: =IF(D23="","",IF(I23="","",I23-D23)) -> 0
A24: =IF(Cy!C25="","",Cy!C25) | C24: =IF(B24="","",C23+B24) | D24: =IF(Cy!D25="","",Cy!D25) | E24: =IF(B24="","",IF(D24="","",D24-D23-B24)) | F24: =IF(E24="","",F23+E24) | G24: =IF(E24="","",100*E24/(D23+0.5*B24)) | H24: =IF(F24="","",100*F24/C24) | I24: =D24 | J24: =IF(B24="","",IF(I24="","",I24-I23-B24)) | K24: =IF(J24="","",K23+J24) | L24: =IF(J24="","",100*J24/(I23+0.5*B24)) | M24: =IF(K24="","",100*K24/C24) | N24: =IF(D24="","",IF(I24="","",I24-D24))
A25: =IF(Cy!C26="","",Cy!C26) | C25: =IF(B25="","",C24+B25) | D25: =IF(Cy!D26="","",Cy!D26) | E25: =IF(B25="","",IF(D25="","",D25-D24-B25)) | F25: =IF(E25="","",F24+E25) | G25: =IF(E25="","",100*E25/(D24+0.5*B25)) | H25: =IF(F25="","",100*F25/C25) | I25: =D25 | J25: =IF(B25="","",IF(I25="","",I25-I24-B25)) | K25: =IF(J25="","",K24+J25) | L25: =IF(J25="","",100*J25/(I24+0.5*B25)) | M25: =IF(K25="","",100*K25/C25) | N25: =IF(D25="","",IF(I25="","",I25-D25))
A26: =IF(Cy!C27="","",Cy!C27) | C26: =IF(B26="","",C25+B26) | D26: =IF(Cy!D27="","",Cy!D27) | E26: =IF(B26="","",IF(D26="","",D26-D25-B26)) | F26: =IF(E26="","",F25+E26) | G26: =IF(E26="","",100*E26/(D25+0.5*B26)) | H26: =IF(F26="","",100*F26/C26) | I26: =D26 | J26: =IF(B26="","",IF(I26="","",I26-I25-B26)) | K26: =IF(J26="","",K25+J26) | L26: =IF(J26="","",100*J26/(I25+0.5*B26)) | M26: =IF(K26="","",100*K26/C26) | N26: =IF(D26="","",IF(I26="","",I26-D26))
A27: =IF(Cy!C28="","",Cy!C28) | C27: =IF(B27="","",C26+B27) | D27: =IF(Cy!D28="","",Cy!D28) | E27: =IF(B27="","",IF(D27="","",D27-D26-B27)) | F27: =IF(E27="","",F26+E27) | G27: =IF(E27="","",100*E27/(D26+0.5*B27)) | H27: =IF(F27="","",100*F27/C27) | I27: =D27 | J27: =IF(B27="","",IF(I27="","",I27-I26-B27)) | K27: =IF(J27="","",K26+J27) | L27: =IF(J27="","",100*J27/(I26+0.5*B27)) | M27: =IF(K27="","",100*K27/C27) | N27: =IF(D27="","",IF(I27="","",I27-D27))
A28: =IF(Cy!C29="","",Cy!C29) | C28: =IF(B28="","",C27+B28) | D28: =IF(Cy!D29="","",Cy!D29) | E28: =IF(B28="","",IF(D28="","",D28-D27-B28)) | F28: =IF(E28="","",F27+E28) | G28: =IF(E28="","",100*E28/(D27+0.5*B28)) | H28: =IF(F28="","",100*F28/C28) | I28: =D28 | J28: =IF(B28="","",IF(I28="","",I28-I27-B28)) | K28: =IF(J28="","",K27+J28) | L28: =IF(J28="","",100*J28/(I27+0.5*B28)) | M28: =IF(K28="","",100*K28/C28) | N28: =IF(D28="","",IF(I28="","",I28-D28))
A29: =IF(Cy!C30="","",Cy!C30) | C29: =IF(B29="","",C28+B29) | D29: =IF(Cy!D30="","",Cy!D30) | E29: =IF(B29="","",IF(D29="","",D29-D28-B29)) | F29: =IF(E29="","",F28+E29) | G29: =IF(E29="","",100*E29/(D28+0.5*B29)) | H29: =IF(F29="","",100*F29/C29) | I29: =D29 | J29: =IF(B29="","",IF(I29="","",I29-I28-B29)) | K29: =IF(J29="","",K28+J29) | L29: =IF(J29="","",100*J29/(I28+0.5*B29)) | M29: =IF(K29="","",100*K29/C29) | N29: =IF(D29="","",IF(I29="","",I29-D29))
A30: =IF(Cy!C31="","",Cy!C31) | C30: =IF(B30="","",C29+B30) | D30: =IF(Cy!D31="","",Cy!D31) | E30: =IF(B30="","",IF(D30="","",D30-D29-B30)) | F30: =IF(E30="","",F29+E30) | G30: =IF(E30="","",100*E30/(D29+0.5*B30)) | H30: =IF(F30="","",100*F30/C30) | I30: =D30 | J30: =IF(B30="","",IF(I30="","",I30-I29-B30)) | K30: =IF(J30="","",K29+J30) | L30: =IF(J30="","",100*J30/(I29+0.5*B30)) | M30: =IF(K30="","",100*K30/C30) | N30: =IF(D30="","",IF(I30="","",I30-D30))
A31: =IF(Cy!C32="","",Cy!C32) | C31: =IF(B31="","",C30+B31) | D31: =IF(Cy!D32="","",Cy!D32) | E31: =IF(B31="","",IF(D31="","",D31-D30-B31)) | F31: =IF(E31="","",F30+E31) | G31: =IF(E31="","",100*E31/(D30+0.5*B31)) | H31: =IF(F31="","",100*F31/C31) | I31: =D31 | J31: =IF(B31="","",IF(I31="","",I31-I30-B31)) | K31: =IF(J31="","",K30+J31) | L31: =IF(J31="","",100*J31/(I30+0.5*B31)) | M31: =IF(K31="","",100*K31/C31) | N31: =IF(D31="","",IF(I31="","",I31-D31))
A32: =IF(Cy!C33="","",Cy!C33) | C32: =IF(B32="","",C31+B32) | D32: =IF(Cy!D33="","",Cy!D33) | E32: =IF(B32="","",IF(D32="","",D32-D31-B32)) | F32: =IF(E32="","",F31+E32) | G32: =IF(E32="","",100*E32/(D31+0.5*B32)) | H32: =IF(F32="","",100*F32/C32) | I32: =D32 | J32: =IF(B32="","",IF(I32="","",I32-I31-B32)) | K32: =IF(J32="","",K31+J32) | L32: =IF(J32="","",100*J32/(I31+0.5*B32)) | M32: =IF(K32="","",100*K32/C32) | N32: =IF(D32="","",IF(I32="","",I32-D32))
A33: =IF(Cy!C34="","",Cy!C34) | C33: =IF(B33="","",C32+B33) | D33: =IF(Cy!D34="","",Cy!D34) | E33: =IF(B33="","",IF(D33="","",D33-D32-B33)) | F33: =IF(E33="","",F32+E33) | G33: =IF(E33="","",100*E33/(D32+0.5*B33)) | H33: =IF(F33="","",100*F33/C33) | I33: =D33 | J33: =IF(B33="","",IF(I33="","",I33-I32-B33)) | K33: =IF(J33="","",K32+J33) | L33: =IF(J33="","",100*J33/(I32+0.5*B33)) | M33: =IF(K33="","",100*K33/C33) | N33: =IF(D33="","",IF(I33="","",I33-D33))
A34: =IF(Cy!C35="","",Cy!C35) | C34: =IF(B34="","",C33+B34) | D34: =IF(Cy!D35="","",Cy!D35) | E34: =IF(B34="","",IF(D34="","",D34-D33-B34)) | F34: =IF(E34="","",F33+E34) | G34: =IF(E34="","",100*E34/(D33+0.5*B34)) | H34: =IF(F34="","",100*F34/C34) | I34: =D34 | J34: =IF(B34="","",IF(I34="","",I34-I33-B34)) | K34: =IF(J34="","",K33+J34) | L34: =IF(J34="","",100*J34/(I33+0.5*B34)) | M34: =IF(K34="","",100*K34/C34) | N34: =IF(D34="","",IF(I34="","",I34-D34))
A35: =IF(Cy!C36="","",Cy!C36) | C35: =IF(B35="","",C34+B35) | D35: =IF(Cy!D36="","",Cy!D36) | E35: =IF(B35="","",IF(D35="","",D35-D34-B35)) | F35: =IF(E35="","",F34+E35) | G35: =IF(E35="","",100*E35/(D34+0.5*B35)) | H35: =IF(F35="","",100*F35/C35) | I35: =D35 | J35: =IF(B35="","",IF(I35="","",I35-I34-B35)) | K35: =IF(J35="","",K34+J35) | L35: =IF(J35="","",100*J35/(I34+0.5*B35)) | M35: =IF(K35="","",100*K35/C35) | N35: =IF(D35="","",IF(I35="","",I35-D35))
... A102: =IF(Cy!C103="","",Cy!C103) | C102: =IF(B102="","",C101+B102) | D102: =IF(Cy!D103="","",Cy!D103) | E102: =IF(B102="","",IF(D102="","",D102-D101-B102)) | F102: =IF(E102="","",F101+E102) | G102: =IF(E102="","",100*E102/(D101+0.5*B102)) | H102: =IF(F102="","",100*F102/C102) | I102: =D102 | J102: =IF(B102="","",IF(I102="","",I102-I101-B102)) | K102: =IF(J102="","",K101+J102) | L102: =IF(J102="","",100*J102/(I101+0.5*B102)) | M102: =IF(K102="","",100*K102/C102) | N102: =IF(D102="","",IF(I102="","",I102-D102))

Sheet CCh
A1: Data | B1: % Liq | C1: # | D1: Fator | E1: Mhist | F1: # | G1: Fator | H1: # | I1: Mrec1 | J1: # | K1: Fator | L1: Mrec2 | M1: Obs.
A2: =IF(CRes!A2="","",CRes!A2) -> 42737 | C2: 0 | D2: 1
A3: =IF(CRes!A3="","",CRes!A3) -> 42737 | B3: =CRes!L3 -> -0.070758606 | C3: =IF(B3="","",C2+1) -> 1 | D3: =IF(B3="","",D2*(1+B3/100)) -> 0.99929241 | E3: =IF(B3="","",100*(D3^(1/C3)-1)) -> -0.070758606 | N3: Mrec1
A4: =IF(CRes!A4="","",CRes!A4) -> 42738 | B4: =CRes!L4 -> 0.042884148 | C4: =IF(B4="","",C3+1) -> 2 | D4: =IF(B4="","",D3*(1+B4/100)) -> 0.99972095 | E4: =IF(B4="","",100*(D4^(1/C4)-1)) -> -0.013953375 | N4: =IF(I7="","",VLOOKUP(MAX(H7:H102),H7:I102,2,FALSE)) -> 0.16799647
A5: =IF(CRes!A5="","",CRes!A5) | B5: =CRes!L5 -> 0.082740896 | C5: =IF(B5="","",C4+1) -> 3 | D5: =IF(B5="","",D4*(1+B5/100)) -> 1.0005481 | E5: =IF(B5="","",100*(D5^(1/C5)-1)) -> 0.018267664
A6: =IF(CRes!A6="","",CRes!A6) -> 42740 | B6: =CRes!L6 -> -0.13845152 | C6: =IF(B6="","",C5+1) -> 4 | D6: =IF(B6="","",D5*(1+B6/100)) -> 0.99916286 | E6: =IF(B6="","",100*(D6^(1/C6)-1)) -> -0.020935175 | F6: 0 | G6: 1 | H6: 0
A7: =IF(CRes!A7="","",CRes!A7) -> 42741 | B7: =CRes!L7 -> 0.19582975 | C7: =IF(B7="","",C6+1) -> 5 | D7: =IF(B7="","",D6*(1+B7/100)) -> 1.0011195 | E7: =IF(B7="","",100*(D7^(1/C7)-1)) -> 0.022380262 | F7: =IF(D7="","",F6+1) -> 1 | G7: =IF(B7="","",G6*(1+B7/100)) -> 1.0019583 | H7: =IF(E7="","",H6+1) -> 1 | I7: =IF(B7="","",100*(G7^(1/F7)-1)) -> 0.19582975
A8: =IF(CRes!A8="","",CRes!A8) -> 42744 | B8: =CRes!L8 -> 0.16585394 | C8: =IF(B8="","",C7+1) -> 6 | D8: =IF(B8="","",D7*(1+B8/100)) -> 1.0027799 | E8: =IF(B8="","",100*(D8^(1/C8)-1)) -> 0.046278262 | F8: =IF(D8="","",F7+1) -> 2 | G8: =IF(B8="","",G7*(1+B8/100)) -> 1.0036201 | H8: =IF(E8="","",H7+1) -> 2 | I8: =IF(B8="","",100*(G8^(1/F8)-1)) -> 0.18084072
A9: =IF(CRes!A9="","",CRes!A9) -> 42745 | B9: =CRes!L9 -> 0.098389893 | C9: =IF(B9="","",C8+1) -> 7 | D9: =IF(B9="","",D8*(1+B9/100)) -> 1.0037665 | E9: =IF(B9="","",100*(D9^(1/C9)-1)) -> 0.05372112 | F9: =IF(D9="","",F8+1) -> 3 | G9: =IF(B9="","",G8*(1+B9/100)) -> 1.0046075 | H9: =IF(E9="","",H8+1) -> 3 | I9: =IF(B9="","",100*(G9^(1/F9)-1)) -> 0.15334957
A10: =IF(CRes!A10="","",CRes!A10) -> 42746 | B10: =CRes!L10 -> 0.028161132 | C10: =IF(B10="","",C9+1) -> 8 | D10: =IF(B10="","",D9*(1+B10/100)) -> 1.0040492 | E10: =IF(B10="","",100*(D10^(1/C10)-1)) -> 0.050525764 | F10: =IF(D10="","",F9+1) -> 4 | G10: =IF(B10="","",G9*(1+B10/100)) -> 1.0048905 | H10: =IF(E10="","",H9+1) -> 4 | I10: =IF(B10="","",100*(G10^(1/F10)-1)) -> 0.12203778
A11: =IF(CRes!A11="","",CRes!A11) -> 42747 | B11: =CRes!L11 -> 0.078865065 | C11: =IF(B11="","",C10+1) -> 9 | D11: =IF(B11="","",D10*(1+B11/100)) -> 1.0048411 | E11: =IF(B11="","",100*(D11^(1/C11)-1)) -> 0.053674179 | F11: =IF(D11="","",F10+1) -> 5 | G11: =IF(B11="","",G10*(1+B11/100)) -> 1.005683 | H11: =IF(E11="","",H10+1) -> 5 | I11: =IF(B11="","",100*(G11^(1/F11)-1)) -> 0.11340175
A12: =IF(CRes!A12="","",CRes!A12) -> 42748 | B12: =CRes!L12 -> 0.063294791 | C12: =IF(B12="","",C11+1) -> 10 | D12: =IF(B12="","",D11*(1+B12/100)) -> 1.0054771 | E12: =IF(B12="","",100*(D12^(1/C12)-1)) -> 0.054636199 | F12: =IF(D12="","",F11+1) -> 6 | G12: =IF(B12="","",G11*(1+B12/100)) -> 1.0063195 | H12: =IF(E12="","",H11+1) -> 6 | I12: =IF(B12="","",100*(G12^(1/F12)-1)) -> 0.10504885
A13: =IF(CRes!A13="","",CRes!A13) | B13: =CRes!L13 -> -0.060911986 | C13: =IF(B13="","",C12+1) -> 11 | D13: =IF(B13="","",D12*(1+B13/100)) -> 1.0048646 | E13: =IF(B13="","",100*(D13^(1/C13)-1)) -> 0.0441263 | F13: =IF(D13="","",F12+1) -> 7 | G13: =IF(B13="","",G12*(1+B13/100)) -> 1.0057065 | H13: =IF(E13="","",H12+1) -> 7 | I13: =IF(B13="","",100*(G13^(1/F13)-1)) -> 0.081323293
A14: =IF(CRes!A14="","",CRes!A14) -> 42751 | B14: =CRes!L14 -> 0.034862411 | C14: =IF(B14="","",C13+1) -> 12 | D14: =IF(B14="","",D13*(1+B14/100)) -> 1.0052149 | E14: =IF(B14="","",100*(D14^(1/C14)-1)) -> 0.043354276 | F14: =IF(D14="","",F13+1) -> 8 | G14: =IF(B14="","",G13*(1+B14/100)) -> 1.0060572 | H14: =IF(E14="","",H13+1) -> 8 | I14: =IF(B14="","",100*(G14^(1/F14)-1)) -> 0.075514503
A15: =IF(CRes!A15="","",CRes!A15) -> 42752 | B15: =CRes!L15 -> 0.090490505 | C15: =IF(B15="","",C14+1) -> 13 | D15: =IF(B15="","",D14*(1+B15/100)) -> 1.0061246 | E15: =IF(B15="","",100*(D15^(1/C15)-1)) -> 0.046979352 | F15: =IF(D15="","",F14+1) -> 9 | G15: =IF(B15="","",G14*(1+B15/100)) -> 1.0069675 | H15: =IF(E15="","",H14+1) -> 9 | I15: =IF(B15="","",100*(G15^(1/F15)-1)) -> 0.077178393
A16: =IF(CRes!A16="","",CRes!A16) -> 42753 | B16: =CRes!L16 -> -0.049526675 | C16: =IF(B16="","",C15+1) -> 14 | D16: =IF(B16="","",D15*(1+B16/100)) -> 1.0056263 | E16: =IF(B16="","",100*(D16^(1/C16)-1)) -> 0.040082975 | F16: =IF(D16="","",F15+1) -> 10 | G16: =IF(B16="","",G15*(1+B16/100)) -> 1.0064688 | H16: =IF(E16="","",H15+1) -> 10 | I16: =IF(B16="","",100*(G16^(1/F16)-1)) -> 0.064500661
A17: =IF(CRes!A17="","",CRes!A17) -> 42754 | B17: =CRes!L17 -> 0.14757253 | C17: =IF(B17="","",C16+1) -> 15 | D17: =IF(B17="","",D16*(1+B17/100)) -> 1.0071103 | E17: =IF(B17="","",100*(D17^(1/C17)-1)) -> 0.047245355 | F17: =IF(D17="","",F16+1) -> 11 | G17: =IF(B17="","",G16*(1+B17/100)) -> 1.0079541 | H17: =IF(E17="","",H16+1) -> 11 | I17: =IF(B17="","",100*(G17^(1/F17)-1)) -> 0.072049801
A18: =IF(CRes!A18="","",CRes!A18) -> 42758 | B18: =CRes!L18 -> 0.083033415 | C18: =IF(B18="","",C17+1) -> 16 | D18: =IF(B18="","",D17*(1+B18/100)) -> 1.0079465 | E18: =IF(B18="","",100*(D18^(1/C18)-1)) -> 0.049481734 | F18: =IF(D18="","",F17+1) -> 12 | G18: =IF(B18="","",G17*(1+B18/100)) -> 1.008791 | H18: =IF(E18="","",H17+1) -> 12 | I18: =IF(B18="","",100*(G18^(1/F18)-1)) -> 0.072965056 | J18: 0 | K18: 1
A19: =IF(CRes!A19="","",CRes!A19) -> 42759 | B19: =CRes!L19 -> 0.26983696 | C19: =IF(B19="","",C18+1) -> 17 | D19: =IF(B19="","",D18*(1+B19/100)) -> 1.0106663 | E19: =IF(B19="","",100*(D19^(1/C19)-1)) -> 0.06243039 | F19: =IF(D19="","",F18+1) -> 13 | G19: =IF(B19="","",G18*(1+B19/100)) -> 1.0115131 | H19: =IF(E19="","",H18+1) -> 13 | I19: =IF(B19="","",100*(G19^(1/F19)-1)) -> 0.088095316 | J19: =IF(G19="","",J18+1) -> 1 | K19: =IF(B19="","",K18*(1+B19/100)) -> 1.0026984 | L19: =IF(B19="","",100*(K19^(1/J19)-1)) -> 0.26983696
A20: =IF(CRes!A20="","",CRes!A20) -> 42760 | B20: =CRes!L20 -> 0.32235923 | C20: =IF(B20="","",C19+1) -> 18 | D20: =IF(B20="","",D19*(1+B20/100)) -> 1.0139243 | E20: =IF(B20="","",100*(D20^(1/C20)-1)) -> 0.076853198 | F20: =IF(D20="","",F19+1) -> 14 | G20: =IF(B20="","",G19*(1+B20/100)) -> 1.0147738 | H20: =IF(E20="","",H19+1) -> 14 | I20: =IF(B20="","",100*(G20^(1/F20)-1)) -> 0.1048103 | J20: =IF(G20="","",J19+1) -> 2 | K20: =IF(B20="","",K19*(1+B20/100)) -> 1.0059307 | L20: =IF(B20="","",100*(K20^(1/J20)-1)) -> 0.29609466
A21: =IF(CRes!A21="","",CRes!A21) -> 42761 | B21: =CRes!L21 -> 0.42086577 | C21: =IF(B21="","",C20+1) -> 19 | D21: =IF(B21="","",D20*(1+B21/100)) -> 1.0181916 | E21: =IF(B21="","",100*(D21^(1/C21)-1)) -> 0.094929706 | F21: =IF(D21="","",F20+1) -> 15 | G21: =IF(B21="","",G20*(1+B21/100)) -> 1.0190447 | H21: =IF(E21="","",H20+1) -> 15 | I21: =IF(B21="","",100*(G21^(1/F21)-1)) -> 0.12584968 | J21: =IF(G21="","",J20+1) -> 3 | K21: =IF(B21="","",K20*(1+B21/100)) -> 1.0101643 | L21: =IF(B21="","",100*(K21^(1/J21)-1)) -> 0.33766779
A22: =IF(CRes!A22="","",CRes!A22) -> 42762 | B22: =CRes!L22 -> 0.58300546 | C22: =IF(B22="","",C21+1) -> 20 | D22: =IF(B22="","",D21*(1+B22/100)) -> 1.0241277 | E22: =IF(B22="","",100*(D22^(1/C22)-1)) -> 0.11927715 | F22: =IF(D22="","",F21+1) -> 16 | G22: =IF(B22="","",G21*(1+B22/100)) -> 1.0249857 | H22: =IF(E22="","",H21+1) -> 16 | I22: =IF(B22="","",100*(G22^(1/F22)-1)) -> 0.15436094 | J22: =IF(G22="","",J21+1) -> 4 | K22: =IF(B22="","",K21*(1+B22/100)) -> 1.0160536 | L22: =IF(B22="","",100*(K22^(1/J22)-1)) -> 0.39894605
A23: =IF(CRes!A23="","",CRes!A23) -> 42765 | B23: =CRes!L23 -> 0.38641747 | C23: =IF(B23="","",C22+1) -> 21 | D23: =IF(B23="","",D22*(1+B23/100)) -> 1.0280851 | E23: =IF(B23="","",100*(D23^(1/C23)-1)) -> 0.13198198 | F23: =IF(D23="","",F22+1) -> 17 | G23: =IF(B23="","",G22*(1+B23/100)) -> 1.0289465 | H23: =IF(E23="","",H22+1) -> 17 | I23: =IF(B23="","",100*(G23^(1/F23)-1)) -> 0.16799647 | J23: =IF(G23="","",J22+1) -> 5 | K23: =IF(B23="","",K22*(1+B23/100)) -> 1.0199798 | L23: =IF(B23="","",100*(K23^(1/J23)-1)) -> 0.39644021
A24: =IF(CRes!A24="","",CRes!A24) | B24: =CRes!L24 | C24: =IF(B24="","",C23+1) | D24: =IF(B24="","",D23*(1+B24/100)) | E24: =IF(B24="","",100*(D24^(1/C24)-1)) | F24: =IF(D24="","",F23+1) | G24: =IF(B24="","",G23*(1+B24/100)) | H24: =IF(E24="","",H23+1) | I24: =IF(B24="","",100*(G24^(1/F24)-1)) | J24: =IF(G24="","",J23+1) | K24: =IF(B24="","",K23*(1+B24/100)) | L24: =IF(B24="","",100*(K24^(1/J24)-1))
A25: =IF(CRes!A25="","",CRes!A25) | B25: =CRes!L25 | C25: =IF(B25="","",C24+1) | D25: =IF(B25="","",D24*(1+B25/100)) | E25: =IF(B25="","",100*(D25^(1/C25)-1)) | F25: =IF(D25="","",F24+1) | G25: =IF(B25="","",G24*(1+B25/100)) | H25: =IF(E25="","",H24+1) | I25: =IF(B25="","",100*(G25^(1/F25)-1)) | J25: =IF(G25="","",J24+1) | K25: =IF(B25="","",K24*(1+B25/100)) | L25: =IF(B25="","",100*(K25^(1/J25)-1))
A26: =IF(CRes!A26="","",CRes!A26) | B26: =CRes!L26 | C26: =IF(B26="","",C25+1) | D26: =IF(B26="","",D25*(1+B26/100)) | E26: =IF(B26="","",100*(D26^(1/C26)-1)) | F26: =IF(D26="","",F25+1) | G26: =IF(B26="","",G25*(1+B26/100)) | H26: =IF(E26="","",H25+1) | I26: =IF(B26="","",100*(G26^(1/F26)-1)) | J26: =IF(G26="","",J25+1) | K26: =IF(B26="","",K25*(1+B26/100)) | L26: =IF(B26="","",100*(K26^(1/J26)-1))
A27: =IF(CRes!A27="","",CRes!A27) | B27: =CRes!L27 | C27: =IF(B27="","",C26+1) | D27: =IF(B27="","",D26*(1+B27/100)) | E27: =IF(B27="","",100*(D27^(1/C27)-1)) | F27: =IF(D27="","",F26+1) | G27: =IF(B27="","",G26*(1+B27/100)) | H27: =IF(E27="","",H26+1) | I27: =IF(B27="","",100*(G27^(1/F27)-1)) | J27: =IF(G27="","",J26+1) | K27: =IF(B27="","",K26*(1+B27/100)) | L27: =IF(B27="","",100*(K27^(1/J27)-1))
A28: =IF(CRes!A28="","",CRes!A28) | B28: =CRes!L28 | C28: =IF(B28="","",C27+1) | D28: =IF(B28="","",D27*(1+B28/100)) | E28: =IF(B28="","",100*(D28^(1/C28)-1)) | F28: =IF(D28="","",F27+1) | G28: =IF(B28="","",G27*(1+B28/100)) | H28: =IF(E28="","",H27+1) | I28: =IF(B28="","",100*(G28^(1/F28)-1)) | J28: =IF(G28="","",J27+1) | K28: =IF(B28="","",K27*(1+B28/100)) | L28: =IF(B28="","",100*(K28^(1/J28)-1))
A29: =IF(CRes!A29="","",CRes!A29) | B29: =CRes!L29 | C29: =IF(B29="","",C28+1) | D29: =IF(B29="","",D28*(1+B29/100)) | E29: =IF(B29="","",100*(D29^(1/C29)-1)) | F29: =IF(D29="","",F28+1) | G29: =IF(B29="","",G28*(1+B29/100)) | H29: =IF(E29="","",H28+1) | I29: =IF(B29="","",100*(G29^(1/F29)-1)) | J29: =IF(G29="","",J28+1) | K29: =IF(B29="","",K28*(1+B29/100)) | L29: =IF(B29="","",100*(K29^(1/J29)-1))
A30: =IF(CRes!A30="","",CRes!A30) | B30: =CRes!L30 | C30: =IF(B30="","",C29+1) | D30: =IF(B30="","",D29*(1+B30/100)) | E30: =IF(B30="","",100*(D30^(1/C30)-1)) | F30: =IF(D30="","",F29+1) | G30: =IF(B30="","",G29*(1+B30/100)) | H30: =IF(E30="","",H29+1) | I30: =IF(B30="","",100*(G30^(1/F30)-1)) | J30: =IF(G30="","",J29+1) | K30: =IF(B30="","",K29*(1+B30/100)) | L30: =IF(B30="","",100*(K30^(1/J30)-1))
... A102: =IF(CRes!A102="","",CRes!A102) | B102: =CRes!L102 | C102: =IF(B102="","",C101+1) | D102: =IF(B102="","",D101*(1+B102/100)) | E102: =IF(B102="","",100*(D102^(1/C102)-1)) | F102: =IF(D102="","",F101+1) | G102: =IF(B102="","",G101*(1+B102/100)) | H102: =IF(E102="","",H101+1) | I102: =IF(B102="","",100*(G102^(1/F102)-1)) | J102: =IF(G102="","",J101+1) | K102: =IF(B102="","",K101*(1+B102/100)) | L102: =IF(B102="","",100*(K102^(1/J102)-1))

Sheet CLog
B1: # | C1: Lucro | D1: # | E1: $Ac | F1: Saldo | G1: Inclin | H1: Saldo ajustado | I1: Soma(+) | J1: # | K1: Q(+) | L1: Ganho médio | M1: # | N1: WinP(%) | O1: Soma(-) | P1: # | Q1: Q(-) | R1: # | S1: Perda média | T1: # | U1: Fator de lucro | Z1: Comentários
B2: Op # | E2: Q(+) | F2: Q(+) | G2: Q(+) | H2: Q(+) | I2: Soma(+) | K2: Q(+) | M2: # | N2: WinP | O2: Soma(+) | P2: # | Q2: Q(-) | R2: # | S2: Média(-) | T2: # | U2: R/R
B3: 0 | D3: 0 | E3: 0 | F3: =IF(E3="","",X$4+E3) -> 33112.58 | H3: =IF(F3="","",(F3+X$8)/X$9) -> 112.58 | I3: 0 | K3: 0 | O3: 0 | Q3: 0 | W3: Saldo da conta
B4: =B3+1 -> 1 | C4: =CRes!J3 -> -23.43 | D4: =IF(C4="","",D3+1) -> 1 | E4: =IF(C4="","",E3+C4) -> -23.43 | F4: =IF(E4="","",X$4+E4) -> 33089.15 | G4: =IF(F4="","",SLOPE(F$3:F4,B$3:B4)) -> -23.43 | H4: =IF(F4="","",(F4+X$8)/X$9) -> 89.15 | I4: =IF(C4="","",IF(C4>0,I3+C4,I3)) -> 0 | J4: =D4 -> 1 | K4: =IF(C4="","",IF(C4>0,K3+1,K3)) -> 0 | L4: =IF(C4="","",IF(K4=0,"",I4/K4)) | M4: =D4 -> 1 | N4: =IF(C4="","",IF(K4=0,"",100*K4/B4)) | O4: =IF(C4="","",IF(C4<0,O3+C4,O3)) -> -23.43 | P4: =D4 -> 1 | Q4: =IF(C4="","",IF(C4<0,Q3+1,Q3)) -> 1 | R4: =D4 -> 1 | S4: =IF(C4="","",IF(Q4=0,"",O4/Q4)) -> -23.43 | T4: =D4 -> 1 | U4: =IF(L4="","",IF(S4="","",-L4/S4)) | W4: Inicial | X4: 33112.58
B5: =B4+1 -> 2 | C5: =CRes!J4 -> 14.19 | D5: =IF(C5="","",D4+1) -> 2 | E5: =IF(C5="","",E4+C5) -> -9.24 | F5: =IF(E5="","",X$4+E5) -> 33103.34 | G5: =IF(F5="","",SLOPE(F$3:F5,B$3:B5)) -> -4.62 | H5: =IF(F5="","",(F5+X$8)/X$9) -> 103.34 | I5: =IF(C5="","",IF(C5>0,I4+C5,I4)) -> 14.19 | J5: =D5 -> 2 | K5: =IF(C5="","",IF(C5>0,K4+1,K4)) -> 1 | L5: =IF(C5="","",IF(K5=0,"",I5/K5)) -> 14.19 | M5: =D5 -> 2 | N5: =IF(C5="","",IF(K5=0,"",100*K5/B5)) -> 50 | O5: =IF(C5="","",IF(C5<0,O4+C5,O4)) -> -23.43 | P5: =D5 -> 2 | Q5: =IF(C5="","",IF(C5<0,Q4+1,Q4)) -> 1 | R5: =D5 -> 2 | S5: =IF(C5="","",IF(Q5=0,"",O5/Q5)) -> -23.43 | T5: =D5 -> 2 | U5: =IF(L5="","",IF(S5="","",-L5/S5)) -> 0.6056338 | W5: $ Ac | X5: =IF(D4="","",VLOOKUP(MAX(D4:D103),D4:E103,2,FALSE)) -> 929.97
B6: =B5+1 -> 3 | C6: =CRes!J5 -> 27.39 | D6: =IF(C6="","",D5+1) -> 3 | E6: =IF(C6="","",E5+C6) -> 18.15 | F6: =IF(E6="","",X$4+E6) -> 33130.73 | G6: =IF(F6="","",SLOPE(F$3:F6,B$3:B6)) -> 6.864 | H6: =IF(F6="","",(F6+X$8)/X$9) -> 130.73 | I6: =IF(C6="","",IF(C6>0,I5+C6,I5)) -> 41.58 | J6: =D6 -> 3 | K6: =IF(C6="","",IF(C6>0,K5+1,K5)) -> 2 | L6: =IF(C6="","",IF(K6=0,"",I6/K6)) -> 20.79 | M6: =D6 -> 3 | N6: =IF(C6="","",IF(K6=0,"",100*K6/B6)) -> 66.666667 | O6: =IF(C6="","",IF(C6<0,O5+C6,O5)) -> -23.43 | P6: =D6 -> 3 | Q6: =IF(C6="","",IF(C6<0,Q5+1,Q5)) -> 1 | R6: =D6 -> 3 | S6: =IF(C6="","",IF(Q6=0,"",O6/Q6)) -> -23.43 | T6: =D6 -> 3 | U6: =IF(L6="","",IF(S6="","",-L6/S6)) -> 0.88732394 | W6: Atual | X6: =IF(X4="","",IF(X5="","",X4+X5)) -> 34042.55
B7: =B6+1 -> 4 | C7: =CRes!J6 -> -45.87 | D7: =IF(C7="","",D6+1) -> 4 | E7: =IF(C7="","",E6+C7) -> -27.72 | F7: =IF(E7="","",X$4+E7) -> 33084.86 | G7: =IF(F7="","",SLOPE(F$3:F7,B$3:B7)) -> -1.386 | H7: =IF(F7="","",(F7+X$8)/X$9) -> 84.86 | I7: =IF(C7="","",IF(C7>0,I6+C7,I6)) -> 41.58 | J7: =D7 -> 4 | K7: =IF(C7="","",IF(C7>0,K6+1,K6)) -> 2 | L7: =IF(C7="","",IF(K7=0,"",I7/K7)) -> 20.79 | M7: =D7 -> 4 | N7: =IF(C7="","",IF(K7=0,"",100*K7/B7)) -> 50 | O7: =IF(C7="","",IF(C7<0,O6+C7,O6)) -> -69.3 | P7: =D7 -> 4 | Q7: =IF(C7="","",IF(C7<0,Q6+1,Q6)) -> 2 | R7: =D7 -> 4 | S7: =IF(C7="","",IF(Q7=0,"",O7/Q7)) -> -34.65 | T7: =D7 -> 4 | U7: =IF(L7="","",IF(S7="","",-L7/S7)) -> 0.6 | W7: Saldo ajustado
B8: =B7+1 -> 5 | C8: =CRes!J7 -> 64.79 | D8: =IF(C8="","",D7+1) -> 5 | E8: =IF(C8="","",E7+C8) -> 37.07 | F8: =IF(E8="","",X$4+E8) -> 33149.65 | G8: =IF(F8="","",SLOPE(F$3:F8,B$3:B8)) -> 5.7105714 | H8: =IF(F8="","",(F8+X$8)/X$9) -> 149.65 | I8: =IF(C8="","",IF(C8>0,I7+C8,I7)) -> 106.37 | J8: =D8 -> 5 | K8: =IF(C8="","",IF(C8>0,K7+1,K7)) -> 3 | L8: =IF(C8="","",IF(K8=0,"",I8/K8)) -> 35.456667 | M8: =D8 -> 5 | N8: =IF(C8="","",IF(K8=0,"",100*K8/B8)) -> 60 | O8: =IF(C8="","",IF(C8<0,O7+C8,O7)) -> -69.3 | P8: =D8 -> 5 | Q8: =IF(C8="","",IF(C8<0,Q7+1,Q7)) -> 2 | R8: =D8 -> 5 | S8: =IF(C8="","",IF(Q8=0,"",O8/Q8)) -> -34.65 | T8: =D8 -> 5 | U8: =IF(L8="","",IF(S8="","",-L8/S8)) -> 1.0232804 | W8: Somar | X8: -33000
B9: =B8+1 -> 6 | C9: =CRes!J8 -> 54.98 | D9: =IF(C9="","",D8+1) -> 6 | E9: =IF(C9="","",E8+C9) -> 92.05 | F9: =IF(E9="","",X$4+E9) -> 33204.63 | G9: =IF(F9="","",SLOPE(F$3:F9,B$3:B9)) -> 13.523929 | H9: =IF(F9="","",(F9+X$8)/X$9) -> 204.63 | I9: =IF(C9="","",IF(C9>0,I8+C9,I8)) -> 161.35 | J9: =D9 -> 6 | K9: =IF(C9="","",IF(C9>0,K8+1,K8)) -> 4 | L9: =IF(C9="","",IF(K9=0,"",I9/K9)) -> 40.3375 | M9: =D9 -> 6 | N9: =IF(C9="","",IF(K9=0,"",100*K9/B9)) -> 66.666667 | O9: =IF(C9="","",IF(C9<0,O8+C9,O8)) -> -69.3 | P9: =D9 -> 6 | Q9: =IF(C9="","",IF(C9<0,Q8+1,Q8)) -> 2 | R9: =D9 -> 6 | S9: =IF(C9="","",IF(Q9=0,"",O9/Q9)) -> -34.65 | T9: =D9 -> 6 | U9: =IF(L9="","",IF(S9="","",-L9/S9)) -> 1.1641414 | W9: Dividir | X9: 1
B10: =B9+1 -> 7 | C10: =CRes!J9 -> 32.67 | D10: =IF(C10="","",D9+1) -> 7 | E10: =IF(C10="","",E9+C10) -> 124.72 | F10: =IF(E10="","",X$4+E10) -> 33237.3 | G10: =IF(F10="","",SLOPE(F$3:F10,B$3:B10)) -> 18.375 | H10: =IF(F10="","",(F10+X$8)/X$9) -> 237.3 | I10: =IF(C10="","",IF(C10>0,I9+C10,I9)) -> 194.02 | J10: =D10 -> 7 | K10: =IF(C10="","",IF(C10>0,K9+1,K9)) -> 5 | L10: =IF(C10="","",IF(K10=0,"",I10/K10)) -> 38.804 | M10: =D10 -> 7 | N10: =IF(C10="","",IF(K10=0,"",100*K10/B10)) -> 71.428571 | O10: =IF(C10="","",IF(C10<0,O9+C10,O9)) -> -69.3 | P10: =D10 -> 7 | Q10: =IF(C10="","",IF(C10<0,Q9+1,Q9)) -> 2 | R10: =D10 -> 7 | S10: =IF(C10="","",IF(Q10=0,"",O10/Q10)) -> -34.65 | T10: =D10 -> 7 | U10: =IF(L10="","",IF(S10="","",-L10/S10)) -> 1.1198846 | W10: $ Ajustado | X10: =IF(X9="","",IF(X8="","",(X6+X8)/X9)) -> 1042.55
B11: =B10+1 -> 8 | C11: =CRes!J10 -> 9.36 | D11: =IF(C11="","",D10+1) -> 8 | E11: =IF(C11="","",E10+C11) -> 134.08 | F11: =IF(E11="","",X$4+E11) -> 33246.66 | G11: =IF(F11="","",SLOPE(F$3:F11,B$3:B11)) -> 20.037833 | H11: =IF(F11="","",(F11+X$8)/X$9) -> 246.66 | I11: =IF(C11="","",IF(C11>0,I10+C11,I10)) -> 203.38 | J11: =D11 -> 8 | K11: =IF(C11="","",IF(C11>0,K10+1,K10)) -> 6 | L11: =IF(C11="","",IF(K11=0,"",I11/K11)) -> 33.896667 | M11: =D11 -> 8 | N11: =IF(C11="","",IF(K11=0,"",100*K11/B11)) -> 75 | O11: =IF(C11="","",IF(C11<0,O10+C11,O10)) -> -69.3 | P11: =D11 -> 8 | Q11: =IF(C11="","",IF(C11<0,Q10+1,Q10)) -> 2 | R11: =D11 -> 8 | S11: =IF(C11="","",IF(Q11=0,"",O11/Q11)) -> -34.65 | T11: =D11 -> 8 | U11: =IF(L11="","",IF(S11="","",-L11/S11)) -> 0.97825878
B12: =B11+1 -> 9 | C12: =CRes!J11 -> 26.22 | D12: =IF(C12="","",D11+1) -> 9 | E12: =IF(C12="","",E11+C12) -> 160.3 | F12: =IF(E12="","",X$4+E12) -> 33272.88 | G12: =IF(F12="","",SLOPE(F$3:F12,B$3:B12)) -> 21.221576 | H12: =IF(F12="","",(F12+X$8)/X$9) -> 272.88 | I12: =IF(C12="","",IF(C12>0,I11+C12,I11)) -> 229.6 | J12: =D12 -> 9 | K12: =IF(C12="","",IF(C12>0,K11+1,K11)) -> 7 | L12: =IF(C12="","",IF(K12=0,"",I12/K12)) -> 32.8 | M12: =D12 -> 9 | N12: =IF(C12="","",IF(K12=0,"",100*K12/B12)) -> 77.777778 | O12: =IF(C12="","",IF(C12<0,O11+C12,O11)) -> -69.3 | P12: =D12 -> 9 | Q12: =IF(C12="","",IF(C12<0,Q11+1,Q11)) -> 2 | R12: =D12 -> 9 | S12: =IF(C12="","",IF(Q12=0,"",O12/Q12)) -> -34.65 | T12: =D12 -> 9 | U12: =IF(L12="","",IF(S12="","",-L12/S12)) -> 0.94660895 | W12: Resultados - Resumo
B13: =B12+1 -> 10 | C13: =CRes!J12 -> 21.06 | D13: =IF(C13="","",D12+1) -> 10 | E13: =IF(C13="","",E12+C13) -> 181.36 | F13: =IF(E13="","",X$4+E13) -> 33293.94 | G13: =IF(F13="","",SLOPE(F$3:F13,B$3:B13)) -> 21.859909 | H13: =IF(F13="","",(F13+X$8)/X$9) -> 293.94 | I13: =IF(C13="","",IF(C13>0,I12+C13,I12)) -> 250.66 | J13: =D13 -> 10 | K13: =IF(C13="","",IF(C13>0,K12+1,K12)) -> 8 | L13: =IF(C13="","",IF(K13=0,"",I13/K13)) -> 31.3325 | M13: =D13 -> 10 | N13: =IF(C13="","",IF(K13=0,"",100*K13/B13)) -> 80 | O13: =IF(C13="","",IF(C13<0,O12+C13,O12)) -> -69.3 | P13: =D13 -> 10 | Q13: =IF(C13="","",IF(C13<0,Q12+1,Q12)) -> 2 | R13: =D13 -> 10 | S13: =IF(C13="","",IF(Q13=0,"",O13/Q13)) -> -34.65 | T13: =D13 -> 10 | U13: =IF(L13="","",IF(S13="","",-L13/S13)) -> 0.90425685 | W13: Ganhos | X13: =IF(E4="","",VLOOKUP(MAX(J4:J103),J4:K103,2,FALSE)) -> 17
B14: =B13+1 -> 11 | C14: =CRes!J13 -> -20.28 | D14: =IF(C14="","",D13+1) -> 11 | E14: =IF(C14="","",E13+C14) -> 161.08 | F14: =IF(E14="","",X$4+E14) -> 33273.66 | G14: =IF(F14="","",SLOPE(F$3:F14,B$3:B14)) -> 20.607413 | H14: =IF(F14="","",(F14+X$8)/X$9) -> 273.66 | I14: =IF(C14="","",IF(C14>0,I13+C14,I13)) -> 250.66 | J14: =D14 -> 11 | K14: =IF(C14="","",IF(C14>0,K13+1,K13)) -> 8 | L14: =IF(C14="","",IF(K14=0,"",I14/K14)) -> 31.3325 | M14: =D14 -> 11 | N14: =IF(C14="","",IF(K14=0,"",100*K14/B14)) -> 72.727273 | O14: =IF(C14="","",IF(C14<0,O13+C14,O13)) -> -89.58 | P14: =D14 -> 11 | Q14: =IF(C14="","",IF(C14<0,Q13+1,Q13)) -> 3 | R14: =D14 -> 11 | S14: =IF(C14="","",IF(Q14=0,"",O14/Q14)) -> -29.86 | T14: =D14 -> 11 | U14: =IF(L14="","",IF(S14="","",-L14/S14)) -> 1.0493135 | W14: Perdas | X14: =IF(E4="","",VLOOKUP(MAX(P4:P103),P4:Q103,2,FALSE)) -> 4
B15: =B14+1 -> 12 | C15: =CRes!J14 -> 11.6 | D15: =IF(C15="","",D14+1) -> 12 | E15: =IF(C15="","",E14+C15) -> 172.68 | F15: =IF(E15="","",X$4+E15) -> 33285.26 | G15: =IF(F15="","",SLOPE(F$3:F15,B$3:B15)) -> 19.553462 | H15: =IF(F15="","",(F15+X$8)/X$9) -> 285.26 | I15: =IF(C15="","",IF(C15>0,I14+C15,I14)) -> 262.26 | J15: =D15 -> 12 | K15: =IF(C15="","",IF(C15>0,K14+1,K14)) -> 9 | L15: =IF(C15="","",IF(K15=0,"",I15/K15)) -> 29.14 | M15: =D15 -> 12 | N15: =IF(C15="","",IF(K15=0,"",100*K15/B15)) -> 75 | O15: =IF(C15="","",IF(C15<0,O14+C15,O14)) -> -89.58 | P15: =D15 -> 12 | Q15: =IF(C15="","",IF(C15<0,Q14+1,Q14)) -> 3 | R15: =D15 -> 12 | S15: =IF(C15="","",IF(Q15=0,"",O15/Q15)) -> -29.86 | T15: =D15 -> 12 | U15: =IF(L15="","",IF(S15="","",-L15/S15)) -> 0.97588747 | W15: Operações | X15: =IF(X13="","",IF(X14="","",X13+X14)) -> 21
B16: =B15+1 -> 13 | C16: =CRes!J15 -> 30.12 | D16: =IF(C16="","",D15+1) -> 13 | E16: =IF(C16="","",E15+C16) -> 202.8 | F16: =IF(E16="","",X$4+E16) -> 33315.38 | G16: =IF(F16="","",SLOPE(F$3:F16,B$3:B16)) -> 19.192879 | H16: =IF(F16="","",(F16+X$8)/X$9) -> 315.38 | I16: =IF(C16="","",IF(C16>0,I15+C16,I15)) -> 292.38 | J16: =D16 -> 13 | K16: =IF(C16="","",IF(C16>0,K15+1,K15)) -> 10 | L16: =IF(C16="","",IF(K16=0,"",I16/K16)) -> 29.238 | M16: =D16 -> 13 | N16: =IF(C16="","",IF(K16=0,"",100*K16/B16)) -> 76.923077 | O16: =IF(C16="","",IF(C16<0,O15+C16,O15)) -> -89.58 | P16: =D16 -> 13 | Q16: =IF(C16="","",IF(C16<0,Q15+1,Q15)) -> 3 | R16: =D16 -> 13 | S16: =IF(C16="","",IF(Q16=0,"",O16/Q16)) -> -29.86 | T16: =D16 -> 13 | U16: =IF(L16="","",IF(S16="","",-L16/S16)) -> 0.97916946 | W16: WinP | X16: =IF(D4="","",IF(X13=0,"",VLOOKUP(MAX(M4:M103),M4:N103,2,FALSE)/100)) -> 0.80952381
B17: =B16+1 -> 14 | C17: =CRes!J16 -> -16.5 | D17: =IF(C17="","",D16+1) -> 14 | E17: =IF(C17="","",E16+C17) -> 186.3 | F17: =IF(E17="","",X$4+E17) -> 33298.88 | G17: =IF(F17="","",SLOPE(F$3:F17,B$3:B17)) -> 18.066179 | H17: =IF(F17="","",(F17+X$8)/X$9) -> 298.88 | I17: =IF(C17="","",IF(C17>0,I16+C17,I16)) -> 292.38 | J17: =D17 -> 14 | K17: =IF(C17="","",IF(C17>0,K16+1,K16)) -> 10 | L17: =IF(C17="","",IF(K17=0,"",I17/K17)) -> 29.238 | M17: =D17 -> 14 | N17: =IF(C17="","",IF(K17=0,"",100*K17/B17)) -> 71.428571 | O17: =IF(C17="","",IF(C17<0,O16+C17,O16)) -> -106.08 | P17: =D17 -> 14 | Q17: =IF(C17="","",IF(C17<0,Q16+1,Q16)) -> 4 | R17: =D17 -> 14 | S17: =IF(C17="","",IF(Q17=0,"",O17/Q17)) -> -26.52 | T17: =D17 -> 14 | U17: =IF(L17="","",IF(S17="","",-L17/S17)) -> 1.1024887 | W17: CAR | X17: =IF(D4="","",IF(X14=0,"",-VLOOKUP(MAX(R4:R103),R4:S103,2,FALSE))) -> 26.52
B18: =B17+1 -> 15 | C18: =CRes!J17 -> 49.14 | D18: =IF(C18="","",D17+1) -> 15 | E18: =IF(C18="","",E17+C18) -> 235.44 | F18: =IF(E18="","",X$4+E18) -> 33348.02 | G18: =IF(F18="","",SLOPE(F$3:F18,B$3:B18)) -> 17.997735 | H18: =IF(F18="","",(F18+X$8)/X$9) -> 348.02 | I18: =IF(C18="","",IF(C18>0,I17+C18,I17)) -> 341.52 | J18: =D18 -> 15 | K18: =IF(C18="","",IF(C18>0,K17+1,K17)) -> 11 | L18: =IF(C18="","",IF(K18=0,"",I18/K18)) -> 31.047273 | M18: =D18 -> 15 | N18: =IF(C18="","",IF(K18=0,"",100*K18/B18)) -> 73.333333 | O18: =IF(C18="","",IF(C18<0,O17+C18,O17)) -> -106.08 | P18: =D18 -> 15 | Q18: =IF(C18="","",IF(C18<0,Q17+1,Q17)) -> 4 | R18: =D18 -> 15 | S18: =IF(C18="","",IF(Q18=0,"",O18/Q18)) -> -26.52 | T18: =D18 -> 15 | U18: =IF(L18="","",IF(S18="","",-L18/S18)) -> 1.1707116 | X18: =IF(X17="","",IF(X4="","",X17/X4)) -> 0.00080090407
B19: =B18+1 -> 16 | C19: =CRes!J18 -> 27.69 | D19: =IF(C19="","",D18+1) -> 16 | E19: =IF(C19="","",E18+C19) -> 263.13 | F19: =IF(E19="","",X$4+E19) -> 33375.71 | G19: =IF(F19="","",SLOPE(F$3:F19,B$3:B19)) -> 18.140809 | H19: =IF(F19="","",(F19+X$8)/X$9) -> 375.71 | I19: =IF(C19="","",IF(C19>0,I18+C19,I18)) -> 369.21 | J19: =D19 -> 16 | K19: =IF(C19="","",IF(C19>0,K18+1,K18)) -> 12 | L19: =IF(C19="","",IF(K19=0,"",I19/K19)) -> 30.7675 | M19: =D19 -> 16 | N19: =IF(C19="","",IF(K19=0,"",100*K19/B19)) -> 75 | O19: =IF(C19="","",IF(C19<0,O18+C19,O18)) -> -106.08 | P19: =D19 -> 16 | Q19: =IF(C19="","",IF(C19<0,Q18+1,Q18)) -> 4 | R19: =D19 -> 16 | S19: =IF(C19="","",IF(Q19=0,"",O19/Q19)) -> -26.52 | T19: =D19 -> 16 | U19: =IF(L19="","",IF(S19="","",-L19/S19)) -> 1.1601621 | W19: FL | X19: =IF(D4="","",VLOOKUP(MAX(T4:T103),T4:U103,2,FALSE)) -> 2.2980437
B20: =B19+1 -> 17 | C20: =CRes!J19 -> 90.06 | D20: =IF(C20="","",D19+1) -> 17 | E20: =IF(C20="","",E19+C20) -> 353.19 | F20: =IF(E20="","",X$4+E20) -> 33465.77 | G20: =IF(F20="","",SLOPE(F$3:F20,B$3:B20)) -> 19.502951 | H20: =IF(F20="","",(F20+X$8)/X$9) -> 465.77 | I20: =IF(C20="","",IF(C20>0,I19+C20,I19)) -> 459.27 | J20: =D20 -> 17 | K20: =IF(C20="","",IF(C20>0,K19+1,K19)) -> 13 | L20: =IF(C20="","",IF(K20=0,"",I20/K20)) -> 35.328462 | M20: =D20 -> 17 | N20: =IF(C20="","",IF(K20=0,"",100*K20/B20)) -> 76.470588 | O20: =IF(C20="","",IF(C20<0,O19+C20,O19)) -> -106.08 | P20: =D20 -> 17 | Q20: =IF(C20="","",IF(C20<0,Q19+1,Q19)) -> 4 | R20: =D20 -> 17 | S20: =IF(C20="","",IF(Q20=0,"",O20/Q20)) -> -26.52 | T20: =D20 -> 17 | U20: =IF(L20="","",IF(S20="","",-L20/S20)) -> 1.3321441
B21: =B20+1 -> 18 | C21: =CRes!J20 -> 107.88 | D21: =IF(C21="","",D20+1) -> 18 | E21: =IF(C21="","",E20+C21) -> 461.07 | F21: =IF(E21="","",X$4+E21) -> 33573.65 | G21: =IF(F21="","",SLOPE(F$3:F21,B$3:B21)) -> 21.873386 | H21: =IF(F21="","",(F21+X$8)/X$9) -> 573.65 | I21: =IF(C21="","",IF(C21>0,I20+C21,I20)) -> 567.15 | J21: =D21 -> 18 | K21: =IF(C21="","",IF(C21>0,K20+1,K20)) -> 14 | L21: =IF(C21="","",IF(K21=0,"",I21/K21)) -> 40.510714 | M21: =D21 -> 18 | N21: =IF(C21="","",IF(K21=0,"",100*K21/B21)) -> 77.777778 | O21: =IF(C21="","",IF(C21<0,O20+C21,O20)) -> -106.08 | P21: =D21 -> 18 | Q21: =IF(C21="","",IF(C21<0,Q20+1,Q20)) -> 4 | R21: =D21 -> 18 | S21: =IF(C21="","",IF(Q21=0,"",O21/Q21)) -> -26.52 | T21: =D21 -> 18 | U21: =IF(L21="","",IF(S21="","",-L21/S21)) -> 1.5275533
B22: =B21+1 -> 19 | C22: =CRes!J21 -> 141.3 | D22: =IF(C22="","",D21+1) -> 19 | E22: =IF(C22="","",E21+C22) -> 602.37 | F22: =IF(E22="","",X$4+E22) -> 33714.95 | G22: =IF(F22="","",SLOPE(F$3:F22,B$3:B22)) -> 25.306511 | H22: =IF(F22="","",(F22+X$8)/X$9) -> 714.95 | I22: =IF(C22="","",IF(C22>0,I21+C22,I21)) -> 708.45 | J22: =D22 -> 19 | K22: =IF(C22="","",IF(C22>0,K21+1,K21)) -> 15 | L22: =IF(C22="","",IF(K22=0,"",I22/K22)) -> 47.23 | M22: =D22 -> 19 | N22: =IF(C22="","",IF(K22=0,"",100*K22/B22)) -> 78.947368 | O22: =IF(C22="","",IF(C22<0,O21+C22,O21)) -> -106.08 | P22: =D22 -> 19 | Q22: =IF(C22="","",IF(C22<0,Q21+1,Q21)) -> 4 | R22: =D22 -> 19 | S22: =IF(C22="","",IF(Q22=0,"",O22/Q22)) -> -26.52 | T22: =D22 -> 19 | U22: =IF(L22="","",IF(S22="","",-L22/S22)) -> 1.7809201
B23: =B22+1 -> 20 | C23: =CRes!J22 -> 196.56 | D23: =IF(C23="","",D22+1) -> 20 | E23: =IF(C23="","",E22+C23) -> 798.93 | F23: =IF(E23="","",X$4+E23) -> 33911.51 | G23: =IF(F23="","",SLOPE(F$3:F23,B$3:B23)) -> 30.071987 | H23: =IF(F23="","",(F23+X$8)/X$9) -> 911.51 | I23: =IF(C23="","",IF(C23>0,I22+C23,I22)) -> 905.01 | J23: =D23 -> 20 | K23: =IF(C23="","",IF(C23>0,K22+1,K22)) -> 16 | L23: =IF(C23="","",IF(K23=0,"",I23/K23)) -> 56.563125 | M23: =D23 -> 20 | N23: =IF(C23="","",IF(K23=0,"",100*K23/B23)) -> 80 | O23: =IF(C23="","",IF(C23<0,O22+C23,O22)) -> -106.08 | P23: =D23 -> 20 | Q23: =IF(C23="","",IF(C23<0,Q22+1,Q22)) -> 4 | R23: =D23 -> 20 | S23: =IF(C23="","",IF(Q23=0,"",O23/Q23)) -> -26.52 | T23: =D23 -> 20 | U23: =IF(L23="","",IF(S23="","",-L23/S23)) -> 2.1328479
B24: =B23+1 -> 21 | C24: =CRes!J23 -> 131.04 | D24: =IF(C24="","",D23+1) -> 21 | E24: =IF(C24="","",E23+C24) -> 929.97 | F24: =IF(E24="","",X$4+E24) -> 34042.55 | G24: =IF(F24="","",SLOPE(F$3:F24,B$3:B24)) -> 34.848052 | H24: =IF(F24="","",(F24+X$8)/X$9) -> 1042.55 | I24: =IF(C24="","",IF(C24>0,I23+C24,I23)) -> 1036.05 | J24: =D24 -> 21 | K24: =IF(C24="","",IF(C24>0,K23+1,K23)) -> 17 | L24: =IF(C24="","",IF(K24=0,"",I24/K24)) -> 60.944118 | M24: =D24 -> 21 | N24: =IF(C24="","",IF(K24=0,"",100*K24/B24)) -> 80.952381 | O24: =IF(C24="","",IF(C24<0,O23+C24,O23)) -> -106.08 | P24: =D24 -> 21 | Q24: =IF(C24="","",IF(C24<0,Q23+1,Q23)) -> 4 | R24: =D24 -> 21 | S24: =IF(C24="","",IF(Q24=0,"",O24/Q24)) -> -26.52 | T24: =D24 -> 21 | U24: =IF(L24="","",IF(S24="","",-L24/S24)) -> 2.2980437
B25: =B24+1 -> 22 | C25: =CRes!J24 | D25: =IF(C25="","",D24+1) | E25: =IF(C25="","",E24+C25) | F25: =IF(E25="","",X$4+E25) | G25: =IF(F25="","",SLOPE(F$3:F25,B$3:B25)) | H25: =IF(F25="","",(F25+X$8)/X$9) | I25: =IF(C25="","",IF(C25>0,I24+C25,I24)) | J25: =D25 | K25: =IF(C25="","",IF(C25>0,K24+1,K24)) | L25: =IF(C25="","",IF(K25=0,"",I25/K25)) | M25: =D25 | N25: =IF(C25="","",IF(K25=0,"",100*K25/B25)) | O25: =IF(C25="","",IF(C25<0,O24+C25,O24)) | P25: =D25 | Q25: =IF(C25="","",IF(C25<0,Q24+1,Q24)) | R25: =D25 | S25: =IF(C25="","",IF(Q25=0,"",O25/Q25)) | T25: =D25 | U25: =IF(L25="","",IF(S25="","",-L25/S25))
B26: =B25+1 -> 23 | C26: =CRes!J25 | D26: =IF(C26="","",D25+1) | E26: =IF(C26="","",E25+C26) | F26: =IF(E26="","",X$4+E26) | G26: =IF(F26="","",SLOPE(F$3:F26,B$3:B26)) | H26: =IF(F26="","",(F26+X$8)/X$9) | I26: =IF(C26="","",IF(C26>0,I25+C26,I25)) | J26: =D26 | K26: =IF(C26="","",IF(C26>0,K25+1,K25)) | L26: =IF(C26="","",IF(K26=0,"",I26/K26)) | M26: =D26 | N26: =IF(C26="","",IF(K26=0,"",100*K26/B26)) | O26: =IF(C26="","",IF(C26<0,O25+C26,O25)) | P26: =D26 | Q26: =IF(C26="","",IF(C26<0,Q25+1,Q25)) | R26: =D26 | S26: =IF(C26="","",IF(Q26=0,"",O26/Q26)) | T26: =D26 | U26: =IF(L26="","",IF(S26="","",-L26/S26))
B27: =B26+1 -> 24 | C27: =CRes!J26 | D27: =IF(C27="","",D26+1) | E27: =IF(C27="","",E26+C27) | F27: =IF(E27="","",X$4+E27) | G27: =IF(F27="","",SLOPE(F$3:F27,B$3:B27)) | H27: =IF(F27="","",(F27+X$8)/X$9) | I27: =IF(C27="","",IF(C27>0,I26+C27,I26)) | J27: =D27 | K27: =IF(C27="","",IF(C27>0,K26+1,K26)) | L27: =IF(C27="","",IF(K27=0,"",I27/K27)) | M27: =D27 | N27: =IF(C27="","",IF(K27=0,"",100*K27/B27)) | O27: =IF(C27="","",IF(C27<0,O26+C27,O26)) | P27: =D27 | Q27: =IF(C27="","",IF(C27<0,Q26+1,Q26)) | R27: =D27 | S27: =IF(C27="","",IF(Q27=0,"",O27/Q27)) | T27: =D27 | U27: =IF(L27="","",IF(S27="","",-L27/S27))
B28: =B27+1 -> 25 | C28: =CRes!J27 | D28: =IF(C28="","",D27+1) | E28: =IF(C28="","",E27+C28) | F28: =IF(E28="","",X$4+E28) | G28: =IF(F28="","",SLOPE(F$3:F28,B$3:B28)) | H28: =IF(F28="","",(F28+X$8)/X$9) | I28: =IF(C28="","",IF(C28>0,I27+C28,I27)) | J28: =D28 | K28: =IF(C28="","",IF(C28>0,K27+1,K27)) | L28: =IF(C28="","",IF(K28=0,"",I28/K28)) | M28: =D28 | N28: =IF(C28="","",IF(K28=0,"",100*K28/B28)) | O28: =IF(C28="","",IF(C28<0,O27+C28,O27)) | P28: =D28 | Q28: =IF(C28="","",IF(C28<0,Q27+1,Q27)) | R28: =D28 | S28: =IF(C28="","",IF(Q28=0,"",O28/Q28)) | T28: =D28 | U28: =IF(L28="","",IF(S28="","",-L28/S28))
B29: =B28+1 -> 26 | C29: =CRes!J28 | D29: =IF(C29="","",D28+1) | E29: =IF(C29="","",E28+C29) | F29: =IF(E29="","",X$4+E29) | G29: =IF(F29="","",SLOPE(F$3:F29,B$3:B29)) | H29: =IF(F29="","",(F29+X$8)/X$9) | I29: =IF(C29="","",IF(C29>0,I28+C29,I28)) | J29: =D29 | K29: =IF(C29="","",IF(C29>0,K28+1,K28)) | L29: =IF(C29="","",IF(K29=0,"",I29/K29)) | M29: =D29 | N29: =IF(C29="","",IF(K29=0,"",100*K29/B29)) | O29: =IF(C29="","",IF(C29<0,O28+C29,O28)) | P29: =D29 | Q29: =IF(C29="","",IF(C29<0,Q28+1,Q28)) | R29: =D29 | S29: =IF(C29="","",IF(Q29=0,"",O29/Q29)) | T29: =D29 | U29: =IF(L29="","",IF(S29="","",-L29/S29))
B30: =B29+1 -> 27 | C30: =CRes!J29 | D30: =IF(C30="","",D29+1) | E30: =IF(C30="","",E29+C30) | F30: =IF(E30="","",X$4+E30) | G30: =IF(F30="","",SLOPE(F$3:F30,B$3:B30)) | H30: =IF(F30="","",(F30+X$8)/X$9) | I30: =IF(C30="","",IF(C30>0,I29+C30,I29)) | J30: =D30 | K30: =IF(C30="","",IF(C30>0,K29+1,K29)) | L30: =IF(C30="","",IF(K30=0,"",I30/K30)) | M30: =D30 | N30: =IF(C30="","",IF(K30=0,"",100*K30/B30)) | O30: =IF(C30="","",IF(C30<0,O29+C30,O29)) | P30: =D30 | Q30: =IF(C30="","",IF(C30<0,Q29+1,Q29)) | R30: =D30 | S30: =IF(C30="","",IF(Q30=0,"",O30/Q30)) | T30: =D30 | U30: =IF(L30="","",IF(S30="","",-L30/S30))
B31: =B30+1 -> 28 | C31: =CRes!J30 | D31: =IF(C31="","",D30+1) | E31: =IF(C31="","",E30+C31) | F31: =IF(E31="","",X$4+E31) | G31: =IF(F31="","",SLOPE(F$3:F31,B$3:B31)) | H31: =IF(F31="","",(F31+X$8)/X$9) | I31: =IF(C31="","",IF(C31>0,I30+C31,I30)) | J31: =D31 | K31: =IF(C31="","",IF(C31>0,K30+1,K30)) | L31: =IF(C31="","",IF(K31=0,"",I31/K31)) | M31: =D31 | N31: =IF(C31="","",IF(K31=0,"",100*K31/B31)) | O31: =IF(C31="","",IF(C31<0,O30+C31,O30)) | P31: =D31 | Q31: =IF(C31="","",IF(C31<0,Q30+1,Q30)) | R31: =D31 | S31: =IF(C31="","",IF(Q31=0,"",O31/Q31)) | T31: =D31 | U31: =IF(L31="","",IF(S31="","",-L31/S31))
... B103: =B102+1 -> 100 | C103: =CRes!J102 | D103: =IF(C103="","",D102+1) | E103: =IF(C103="","",E102+C103) | F103: =IF(E103="","",X$4+E103) | G103: =IF(F103="","",SLOPE(F$3:F103,B$3:B103)) | H103: =IF(F103="","",(F103+X$8)/X$9) | I103: =IF(C103="","",IF(C103>0,I102+C103,I102)) | J103: =D103 | K103: =IF(C103="","",IF(C103>0,K102+1,K102)) | L103: =IF(C103="","",IF(K103=0,"",I103/K103)) | M103: =D103 | N103: =IF(C103="","",IF(K103=0,"",100*K103/B103)) | O103: =IF(C103="","",IF(C103<0,O102+C103,O102)) | P103: =D103 | Q103: =IF(C103="","",IF(C103<0,Q102+1,Q102)) | R103: =D103 | S103: =IF(C103="","",IF(Q103=0,"",O103/Q103)) | T103: =D103 | U103: =IF(L103="","",IF(S103="","",-L103/S103))

Sheet $Aj

Sheet GM

Sheet PM

Sheet FL

Sheet WRes
A1: Data | B1: Depósito | C1: Principal | D1: Balanço | E1: $ Bal | F1: $ Bal Ac | G1: % Bal | H1: % Bal Ac | I1: Pos.Liq. | J1: $ Liq | K1: $ Liq Ac | L1: % Liq | M1: % Liq Ac | N1: $ Aberto | O1: Obs.
A2: 42737 | C2: 33112.58 | D2: 33112.58 | I2: 33112.58
A3: 42741 | B3: 0 | C3: =IF(B3="","",C2+B3) -> 33112.58 | D3: 33149.65 | E3: =IF(B3="","",IF(D3="","",D3-D2-B3)) -> 37.07 | F3: =IF(E3="","",F2+E3) -> 37.07 | G3: =IF(E3="","",100*E3/C3) -> 0.11195141 | H3: =IF(F3="","",100*(F3/C3)) -> 0.11195141 | I3: 33149.65 | J3: =IF(B3="","",IF(I3="","",I3-I2-B3)) -> 37.07 | K3: =IF(J3="","",K2+J3) -> 37.07 | L3: =IF(J3="","",100*J3/(I2+0.5*B3)) -> 0.11195141 | M3: =IF(K3="","",100*K3/C3) -> 0.11195141 | N3: =IF(D3="","",IF(I3="","",I3-D3)) -> 0
A4: 42748 | B4: 0 | C4: =IF(B4="","",C3+B4) -> 33112.58 | D4: 33273.66 | E4: =IF(B4="","",IF(D4="","",D4-D3-B4)) -> 124.01 | F4: =IF(E4="","",F3+E4) -> 161.08 | G4: =IF(E4="","",100*E4/(D3+0.5*B4)) -> 0.37409143 | H4: =IF(F4="","",100*(F4/C4)) -> 0.48646164 | I4: 33273.66 | J4: =IF(B4="","",IF(I4="","",I4-I3-B4)) -> 124.01 | K4: =IF(J4="","",K3+J4) -> 161.08 | L4: =IF(J4="","",100*J4/(I3+0.5*B4)) -> 0.37409143 | M4: =IF(K4="","",100*K4/C4) -> 0.48646164 | N4: =IF(D4="","",IF(I4="","",I4-D4)) -> 0
A5: 42755 | B5: 0 | C5: =IF(B5="","",C4+B5) -> 33112.58 | D5: 33348.02 | E5: =IF(B5="","",IF(D5="","",D5-D4-B5)) -> 74.36 | F5: =IF(E5="","",F4+E5) -> 235.44 | G5: =IF(E5="","",100*E5/(D4+0.5*B5)) -> 0.22348007 | H5: =IF(F5="","",100*(F5/C5)) -> 0.71102886 | I5: 33348.02 | J5: =IF(B5="","",IF(I5="","",I5-I4-B5)) -> 74.36 | K5: =IF(J5="","",K4+J5) -> 235.44 | L5: =IF(J5="","",100*J5/(I4+0.5*B5)) -> 0.22348007 | M5: =IF(K5="","",100*K5/C5) -> 0.71102886 | N5: =IF(D5="","",IF(I5="","",I5-D5)) -> 0
A6: 42762 | B6: 0 | C6: =IF(B6="","",C5+B6) -> 33112.58 | D6: 33911.51 | E6: =IF(B6="","",IF(D6="","",D6-D5-B6)) -> 563.49 | F6: =IF(E6="","",F5+E6) -> 798.93 | G6: =IF(E6="","",100*E6/(D5+0.5*B6)) -> 1.6897255 | H6: =IF(F6="","",100*(F6/C6)) -> 2.4127688 | I6: 33911.51 | J6: =IF(B6="","",IF(I6="","",I6-I5-B6)) -> 563.49 | K6: =IF(J6="","",K5+J6) -> 798.93 | L6: =IF(J6="","",100*J6/(I5+0.5*B6)) -> 1.6897255 | M6: =IF(K6="","",100*K6/C6) -> 2.4127688 | N6: =IF(D6="","",IF(I6="","",I6-D6)) -> 0
C7: =IF(B7="","",C6+B7) | E7: =IF(B7="","",IF(D7="","",D7-D6-B7)) | F7: =IF(E7="","",F6+E7) | G7: =IF(E7="","",100*E7/(D6+0.5*B7)) | H7: =IF(F7="","",100*(F7/C7)) | J7: =IF(B7="","",IF(I7="","",I7-I6-B7)) | K7: =IF(J7="","",K6+J7) | L7: =IF(J7="","",100*J7/(I6+0.5*B7)) | M7: =IF(K7="","",100*K7/C7) | N7: =IF(D7="","",IF(I7="","",I7-D7))
C8: =IF(B8="","",C7+B8) | E8: =IF(B8="","",IF(D8="","",D8-D7-B8)) | F8: =IF(E8="","",F7+E8) | G8: =IF(E8="","",100*E8/(D7+0.5*B8)) | H8: =IF(F8="","",100*(F8/C8)) | J8: =IF(B8="","",IF(I8="","",I8-I7-B8)) | K8: =IF(J8="","",K7+J8) | L8: =IF(J8="","",100*J8/(I7+0.5*B8)) | M8: =IF(K8="","",100*K8/C8) | N8: =IF(D8="","",IF(I8="","",I8-D8))
C9: =IF(B9="","",C8+B9) | E9: =IF(B9="","",IF(D9="","",D9-D8-B9)) | F9: =IF(E9="","",F8+E9) | G9: =IF(E9="","",100*E9/(D8+0.5*B9)) | H9: =IF(F9="","",100*(F9/C9)) | J9: =IF(B9="","",IF(I9="","",I9-I8-B9)) | K9: =IF(J9="","",K8+J9) | L9: =IF(J9="","",100*J9/(I8+0.5*B9)) | M9: =IF(K9="","",100*K9/C9) | N9: =IF(D9="","",IF(I9="","",I9-D9))
C10: =IF(B10="","",C9+B10) | E10: =IF(B10="","",IF(D10="","",D10-D9-B10)) | F10: =IF(E10="","",F9+E10) | G10: =IF(E10="","",100*E10/(D9+0.5*B10)) | H10: =IF(F10="","",100*(F10/C10)) | J10: =IF(B10="","",IF(I10="","",I10-I9-B10)) | K10: =IF(J10="","",K9+J10) | L10: =IF(J10="","",100*J10/(I9+0.5*B10)) | M10: =IF(K10="","",100*K10/C10) | N10: =IF(D10="","",IF(I10="","",I10-D10))
C11: =IF(B11="","",C10+B11) | E11: =IF(B11="","",IF(D11="","",D11-D10-B11)) | F11: =IF(E11="","",F10+E11) | G11: =IF(E11="","",100*E11/(D10+0.5*B11)) | H11: =IF(F11="","",100*(F11/C11)) | J11: =IF(B11="","",IF(I11="","",I11-I10-B11)) | K11: =IF(J11="","",K10+J11) | L11: =IF(J11="","",100*J11/(I10+0.5*B11)) | M11: =IF(K11="","",100*K11/C11) | N11: =IF(D11="","",IF(I11="","",I11-D11))
C12: =IF(B12="","",C11+B12) | E12: =IF(B12="","",IF(D12="","",D12-D11-B12)) | F12: =IF(E12="","",F11+E12) | G12: =IF(E12="","",100*E12/(D11+0.5*B12)) | H12: =IF(F12="","",100*(F12/C12)) | J12: =IF(B12="","",IF(I12="","",I12-I11-B12)) | K12: =IF(J12="","",K11+J12) | L12: =IF(J12="","",100*J12/(I11+0.5*B12)) | M12: =IF(K12="","",100*K12/C12) | N12: =IF(D12="","",IF(I12="","",I12-D12))
C13: =IF(B13="","",C12+B13) | E13: =IF(B13="","",IF(D13="","",D13-D12-B13)) | F13: =IF(E13="","",F12+E13) | G13: =IF(E13="","",100*E13/(D12+0.5*B13)) | H13: =IF(F13="","",100*(F13/C13)) | J13: =IF(B13="","",IF(I13="","",I13-I12-B13)) | K13: =IF(J13="","",K12+J13) | L13: =IF(J13="","",100*J13/(I12+0.5*B13)) | M13: =IF(K13="","",100*K13/C13) | N13: =IF(D13="","",IF(I13="","",I13-D13))
C14: =IF(B14="","",C13+B14) | E14: =IF(B14="","",IF(D14="","",D14-D13-B14)) | F14: =IF(E14="","",F13+E14) | G14: =IF(E14="","",100*E14/(D13+0.5*B14)) | H14: =IF(F14="","",100*(F14/C14)) | J14: =IF(B14="","",IF(I14="","",I14-I13-B14)) | K14: =IF(J14="","",K13+J14) | L14: =IF(J14="","",100*J14/(I13+0.5*B14)) | M14: =IF(K14="","",100*K14/C14) | N14: =IF(D14="","",IF(I14="","",I14-D14))
C15: =IF(B15="","",C14+B15) | E15: =IF(B15="","",IF(D15="","",D15-D14-B15)) | F15: =IF(E15="","",F14+E15) | G15: =IF(E15="","",100*E15/(D14+0.5*B15)) | H15: =IF(F15="","",100*(F15/C15)) | J15: =IF(B15="","",IF(I15="","",I15-I14-B15)) | K15: =IF(J15="","",K14+J15) | L15: =IF(J15="","",100*J15/(I14+0.5*B15)) | M15: =IF(K15="","",100*K15/C15) | N15: =IF(D15="","",IF(I15="","",I15-D15))
C16: =IF(B16="","",C15+B16) | E16: =IF(B16="","",IF(D16="","",D16-D15-B16)) | F16: =IF(E16="","",F15+E16) | G16: =IF(E16="","",100*E16/(D15+0.5*B16)) | H16: =IF(F16="","",100*(F16/C16)) | J16: =IF(B16="","",IF(I16="","",I16-I15-B16)) | K16: =IF(J16="","",K15+J16) | L16: =IF(J16="","",100*J16/(I15+0.5*B16)) | M16: =IF(K16="","",100*K16/C16) | N16: =IF(D16="","",IF(I16="","",I16-D16))
C17: =IF(B17="","",C16+B17) | E17: =IF(B17="","",IF(D17="","",D17-D16-B17)) | F17: =IF(E17="","",F16+E17) | G17: =IF(E17="","",100*E17/(D16+0.5*B17)) | H17: =IF(F17="","",100*(F17/C17)) | J17: =IF(B17="","",IF(I17="","",I17-I16-B17)) | K17: =IF(J17="","",K16+J17) | L17: =IF(J17="","",100*J17/(I16+0.5*B17)) | M17: =IF(K17="","",100*K17/C17) | N17: =IF(D17="","",IF(I17="","",I17-D17))
C18: =IF(B18="","",C17+B18) | E18: =IF(B18="","",IF(D18="","",D18-D17-B18)) | F18: =IF(E18="","",F17+E18) | G18: =IF(E18="","",100*E18/(D17+0.5*B18)) | H18: =IF(F18="","",100*(F18/C18)) | J18: =IF(B18="","",IF(I18="","",I18-I17-B18)) | K18: =IF(J18="","",K17+J18) | L18: =IF(J18="","",100*J18/(I17+0.5*B18)) | M18: =IF(K18="","",100*K18/C18) | N18: =IF(D18="","",IF(I18="","",I18-D18))
... C102: =IF(B102="","",C101+B102) | E102: =IF(B102="","",IF(D102="","",D102-D101-B102)) | F102: =IF(E102="","",F101+E102) | G102: =IF(E102="","",100*E102/(D101+0.5*B102)) | H102: =IF(F102="","",100*(F102/C102)) | J102: =IF(B102="","",IF(I102="","",I102-I101-B102)) | K102: =IF(J102="","",K101+J102) | L102: =IF(J102="","",100*J102/(I101+0.5*B102)) | M102: =IF(K102="","",100*K102/C102) | N102: =IF(D102="","",IF(I102="","",I102-D102))

Sheet WMéd
A1: Data | B1: % Liq | C1: # | D1: Fator | E1: # | F1: Mhist | G1: # | H1: Fator | I1: Mrec1 | J1: # | K1: Fator | L1: Mrec2 | M1: Obs.
A2: =IF(WRes!A2="","",WRes!A2) -> 42737 | C2: 0 | D2: 1 | E2: 0
A3: =IF(WRes!A3="","",WRes!A3) -> 42741 | B3: =WRes!L3 -> 0.11195141 | C3: =IF(B3="","",C2+1) -> 1 | D3: =IF(B3="","",D2*(1+B3/100)) -> 1.0011195 | E3: =IF(D3="","",E2+1) -> 1 | F3: =IF(B3="","",100*(D3^(1/C3)-1)) -> 0.11195141 | N3: Mhist
A4: =IF(WRes!A4="","",WRes!A4) -> 42748 | B4: =WRes!L4 -> 0.37409143 | C4: =IF(B4="","",C3+1) -> 2 | D4: =IF(B4="","",D3*(1+B4/100)) -> 1.0048646 | E4: =IF(D4="","",E3+1) -> 2 | F4: =IF(B4="","",100*(D4^(1/C4)-1)) -> 0.24293573 | N4: =IF(F3="","",VLOOKUP(MAX(E3:E102),E3:F102,2,FALSE)) -> 0.59781015 | P4: Há ganho consistente?
A5: =IF(WRes!A5="","",WRes!A5) -> 42755 | B5: =WRes!L5 -> 0.22348007 | C5: =IF(B5="","",C4+1) -> 3 | D5: =IF(B5="","",D4*(1+B5/100)) -> 1.0071103 | E5: =IF(D5="","",E4+1) -> 3 | F5: =IF(B5="","",100*(D5^(1/C5)-1)) -> 0.23645009
A6: =IF(WRes!A6="","",WRes!A6) -> 42762 | B6: =WRes!L6 -> 1.6897255 | C6: =IF(B6="","",C5+1) -> 4 | D6: =IF(B6="","",D5*(1+B6/100)) -> 1.0241277 | E6: =IF(D6="","",E5+1) -> 4 | F6: =IF(B6="","",100*(D6^(1/C6)-1)) -> 0.59781015 | G6: 0 | H6: 1 | P6: Teste T (WRes!I2:I5) | R6: =_xlfn.T.TEST(WRes!I2:I3,WRes!I4:I5,2,3) -> 0.083185227 | S6: =1-R6 -> 0.91681477
A7: =IF(WRes!A7="","",WRes!A7) | B7: =WRes!L7 | C7: =IF(B7="","",C6+1) | D7: =IF(B7="","",D6*(1+B7/100)) | E7: =IF(D7="","",E6+1) | F7: =IF(B7="","",100*(D7^(1/C7)-1)) | G7: =IF(D7="","",G6+1) | H7: =IF(B7="","",H6*(1+B7/100)) | I7: =IF(B7="","",100*(H7^(1/G7)-1)) | J7: 0 | K7: 1
A8: =IF(WRes!A8="","",WRes!A8) | B8: =WRes!L8 | C8: =IF(B8="","",C7+1) | D8: =IF(B8="","",D7*(1+B8/100)) | E8: =IF(D8="","",E7+1) | F8: =IF(B8="","",100*(D8^(1/C8)-1)) | G8: =IF(D8="","",G7+1) | H8: =IF(B8="","",H7*(1+B8/100)) | I8: =IF(B8="","",100*(H8^(1/G8)-1)) | J8: =IF(H8="","",J7+1) | K8: =IF(B8="","",K7*(1+B8/100)) | L8: =IF(B8="","",100*(K8^(1/J8)-1)) | P8: O desempenho está melhorando?
A9: =IF(WRes!A9="","",WRes!A9) | B9: =WRes!L9 | C9: =IF(B9="","",C8+1) | D9: =IF(B9="","",D8*(1+B9/100)) | E9: =IF(D9="","",E8+1) | F9: =IF(B9="","",100*(D9^(1/C9)-1)) | G9: =IF(D9="","",G8+1) | H9: =IF(B9="","",H8*(1+B9/100)) | I9: =IF(B9="","",100*(H9^(1/G9)-1)) | J9: =IF(H9="","",J8+1) | K9: =IF(B9="","",K8*(1+B9/100)) | L9: =IF(B9="","",100*(K9^(1/J9)-1))
A10: =IF(WRes!A10="","",WRes!A10) | B10: =WRes!L10 | C10: =IF(B10="","",C9+1) | D10: =IF(B10="","",D9*(1+B10/100)) | E10: =IF(D10="","",E9+1) | F10: =IF(B10="","",100*(D10^(1/C10)-1)) | G10: =IF(D10="","",G9+1) | H10: =IF(B10="","",H9*(1+B10/100)) | I10: =IF(B10="","",100*(H10^(1/G10)-1)) | J10: =IF(H10="","",J9+1) | K10: =IF(B10="","",K9*(1+B10/100)) | L10: =IF(B10="","",100*(K10^(1/J10)-1)) | P10: Teste T (B3:B6) | R10: =_xlfn.T.TEST(B3:B4,B5:B6,2,3) -> 0.50580176 | S10: =1-R10 -> 0.49419824
A11: =IF(WRes!A11="","",WRes!A11) | B11: =WRes!L11 | C11: =IF(B11="","",C10+1) | D11: =IF(B11="","",D10*(1+B11/100)) | E11: =IF(D11="","",E10+1) | F11: =IF(B11="","",100*(D11^(1/C11)-1)) | G11: =IF(D11="","",G10+1) | H11: =IF(B11="","",H10*(1+B11/100)) | I11: =IF(B11="","",100*(H11^(1/G11)-1)) | J11: =IF(H11="","",J10+1) | K11: =IF(B11="","",K10*(1+B11/100)) | L11: =IF(B11="","",100*(K11^(1/J11)-1))
A12: =IF(WRes!A12="","",WRes!A12) | B12: =WRes!L12 | C12: =IF(B12="","",C11+1) | D12: =IF(B12="","",D11*(1+B12/100)) | E12: =IF(D12="","",E11+1) | F12: =IF(B12="","",100*(D12^(1/C12)-1)) | G12: =IF(D12="","",G11+1) | H12: =IF(B12="","",H11*(1+B12/100)) | I12: =IF(B12="","",100*(H12^(1/G12)-1)) | J12: =IF(H12="","",J11+1) | K12: =IF(B12="","",K11*(1+B12/100)) | L12: =IF(B12="","",100*(K12^(1/J12)-1))
A13: =IF(WRes!A13="","",WRes!A13) | B13: =WRes!L13 | C13: =IF(B13="","",C12+1) | D13: =IF(B13="","",D12*(1+B13/100)) | E13: =IF(D13="","",E12+1) | F13: =IF(B13="","",100*(D13^(1/C13)-1)) | G13: =IF(D13="","",G12+1) | H13: =IF(B13="","",H12*(1+B13/100)) | I13: =IF(B13="","",100*(H13^(1/G13)-1)) | J13: =IF(H13="","",J12+1) | K13: =IF(B13="","",K12*(1+B13/100)) | L13: =IF(B13="","",100*(K13^(1/J13)-1))
A14: =IF(WRes!A14="","",WRes!A14) | B14: =WRes!L14 | C14: =IF(B14="","",C13+1) | D14: =IF(B14="","",D13*(1+B14/100)) | E14: =IF(D14="","",E13+1) | F14: =IF(B14="","",100*(D14^(1/C14)-1)) | G14: =IF(D14="","",G13+1) | H14: =IF(B14="","",H13*(1+B14/100)) | I14: =IF(B14="","",100*(H14^(1/G14)-1)) | J14: =IF(H14="","",J13+1) | K14: =IF(B14="","",K13*(1+B14/100)) | L14: =IF(B14="","",100*(K14^(1/J14)-1))
A15: =IF(WRes!A15="","",WRes!A15) | B15: =WRes!L15 | C15: =IF(B15="","",C14+1) | D15: =IF(B15="","",D14*(1+B15/100)) | E15: =IF(D15="","",E14+1) | F15: =IF(B15="","",100*(D15^(1/C15)-1)) | G15: =IF(D15="","",G14+1) | H15: =IF(B15="","",H14*(1+B15/100)) | I15: =IF(B15="","",100*(H15^(1/G15)-1)) | J15: =IF(H15="","",J14+1) | K15: =IF(B15="","",K14*(1+B15/100)) | L15: =IF(B15="","",100*(K15^(1/J15)-1))
A16: =IF(WRes!A16="","",WRes!A16) | B16: =WRes!L16 | C16: =IF(B16="","",C15+1) | D16: =IF(B16="","",D15*(1+B16/100)) | E16: =IF(D16="","",E15+1) | F16: =IF(B16="","",100*(D16^(1/C16)-1)) | G16: =IF(D16="","",G15+1) | H16: =IF(B16="","",H15*(1+B16/100)) | I16: =IF(B16="","",100*(H16^(1/G16)-1)) | J16: =IF(H16="","",J15+1) | K16: =IF(B16="","",K15*(1+B16/100)) | L16: =IF(B16="","",100*(K16^(1/J16)-1))
A17: =IF(WRes!A17="","",WRes!A17) | B17: =WRes!L17 | C17: =IF(B17="","",C16+1) | D17: =IF(B17="","",D16*(1+B17/100)) | E17: =IF(D17="","",E16+1) | F17: =IF(B17="","",100*(D17^(1/C17)-1)) | G17: =IF(D17="","",G16+1) | H17: =IF(B17="","",H16*(1+B17/100)) | I17: =IF(B17="","",100*(H17^(1/G17)-1)) | J17: =IF(H17="","",J16+1) | K17: =IF(B17="","",K16*(1+B17/100)) | L17: =IF(B17="","",100*(K17^(1/J17)-1))
A18: =IF(WRes!A18="","",WRes!A18) | B18: =WRes!L18 | C18: =IF(B18="","",C17+1) | D18: =IF(B18="","",D17*(1+B18/100)) | E18: =IF(D18="","",E17+1) | F18: =IF(B18="","",100*(D18^(1/C18)-1)) | G18: =IF(D18="","",G17+1) | H18: =IF(B18="","",H17*(1+B18/100)) | I18: =IF(B18="","",100*(H18^(1/G18)-1)) | J18: =IF(H18="","",J17+1) | K18: =IF(B18="","",K17*(1+B18/100)) | L18: =IF(B18="","",100*(K18^(1/J18)-1))
A19: =IF(WRes!A19="","",WRes!A19) | B19: =WRes!L19 | C19: =IF(B19="","",C18+1) | D19: =IF(B19="","",D18*(1+B19/100)) | E19: =IF(D19="","",E18+1) | F19: =IF(B19="","",100*(D19^(1/C19)-1)) | G19: =IF(D19="","",G18+1) | H19: =IF(B19="","",H18*(1+B19/100)) | I19: =IF(B19="","",100*(H19^(1/G19)-1)) | J19: =IF(H19="","",J18+1) | K19: =IF(B19="","",K18*(1+B19/100)) | L19: =IF(B19="","",100*(K19^(1/J19)-1))
A20: =IF(WRes!A20="","",WRes!A20) | B20: =WRes!L20 | C20: =IF(B20="","",C19+1) | D20: =IF(B20="","",D19*(1+B20/100)) | E20: =IF(D20="","",E19+1) | F20: =IF(B20="","",100*(D20^(1/C20)-1)) | G20: =IF(D20="","",G19+1) | H20: =IF(B20="","",H19*(1+B20/100)) | I20: =IF(B20="","",100*(H20^(1/G20)-1)) | J20: =IF(H20="","",J19+1) | K20: =IF(B20="","",K19*(1+B20/100)) | L20: =IF(B20="","",100*(K20^(1/J20)-1))
A21: =IF(WRes!A21="","",WRes!A21) | B21: =WRes!L21 | C21: =IF(B21="","",C20+1) | D21: =IF(B21="","",D20*(1+B21/100)) | E21: =IF(D21="","",E20+1) | F21: =IF(B21="","",100*(D21^(1/C21)-1)) | G21: =IF(D21="","",G20+1) | H21: =IF(B21="","",H20*(1+B21/100)) | I21: =IF(B21="","",100*(H21^(1/G21)-1)) | J21: =IF(H21="","",J20+1) | K21: =IF(B21="","",K20*(1+B21/100)) | L21: =IF(B21="","",100*(K21^(1/J21)-1))
A22: =IF(WRes!A22="","",WRes!A22) | B22: =WRes!L22 | C22: =IF(B22="","",C21+1) | D22: =IF(B22="","",D21*(1+B22/100)) | E22: =IF(D22="","",E21+1) | F22: =IF(B22="","",100*(D22^(1/C22)-1)) | G22: =IF(D22="","",G21+1) | H22: =IF(B22="","",H21*(1+B22/100)) | I22: =IF(B22="","",100*(H22^(1/G22)-1)) | J22: =IF(H22="","",J21+1) | K22: =IF(B22="","",K21*(1+B22/100)) | L22: =IF(B22="","",100*(K22^(1/J22)-1))
... A102: =IF(WRes!A102="","",WRes!A102) | B102: =WRes!L102 | C102: =IF(B102="","",C101+1) | D102: =IF(B102="","",D101*(1+B102/100)) | E102: =IF(D102="","",E101+1) | F102: =IF(B102="","",100*(D102^(1/C102)-1)) | G102: =IF(D102="","",G101+1) | H102: =IF(B102="","",H101*(1+B102/100)) | I102: =IF(B102="","",100*(H102^(1/G102)-1)) | J102: =IF(H102="","",J101+1) | K102: =IF(B102="","",K101*(1+B102/100)) | L102: =IF(B102="","",100*(K102^(1/J102)-1))

Sheet MRes
A1: Data | B1: Depósito | C1: Principal | D1: Balanço | E1: $ Bal | F1: $ Bal Ac | G1: % Bal | H1: % Bal Ac | I1: Pos.Liq. | J1: $ Liq | K1: $ Liq Ac | L1: % Liq | M1: % Liq Ac | N1: $ Aberto | O1: Obs.
A2: 42737 | C2: 33112.58 | D2: 33112.58 | I2: 33112.58
C3: =IF(B3="","",C2+B3) | E3: =IF(B3="","",IF(D3="","",D3-D2-B3)) | F3: =IF(E3="","",F2+E3) | G3: =IF(E3="","",100*E3/(D2+0.5*B3)) | H3: =IF(F3="","",100*(F3/C3)) | J3: =IF(B3="","",IF(I3="","",I3-I2-B3)) | K3: =IF(J3="","",K2+J3) | L3: =IF(J3="","",100*J3/(I2+0.5*B3)) | M3: =IF(K3="","",100*K3/C3) | N3: =IF(D3="","",IF(I3="","",I3-D3))
C4: =IF(B4="","",C3+B4) | E4: =IF(B4="","",IF(D4="","",D4-D3-B4)) | F4: =IF(E4="","",F3+E4) | G4: =IF(E4="","",100*E4/(D3+0.5*B4)) | H4: =IF(F4="","",100*(F4/C4)) | J4: =IF(B4="","",IF(I4="","",I4-I3-B4)) | K4: =IF(J4="","",K3+J4) | L4: =IF(J4="","",100*J4/(I3+0.5*B4)) | M4: =IF(K4="","",100*K4/C4) | N4: =IF(D4="","",IF(I4="","",I4-D4))
C5: =IF(B5="","",C4+B5) | E5: =IF(B5="","",IF(D5="","",D5-D4-B5)) | F5: =IF(E5="","",F4+E5) | G5: =IF(E5="","",100*E5/(D4+0.5*B5)) | H5: =IF(F5="","",100*(F5/C5)) | J5: =IF(B5="","",IF(I5="","",I5-I4-B5)) | K5: =IF(J5="","",K4+J5) | L5: =IF(J5="","",100*J5/(I4+0.5*B5)) | M5: =IF(K5="","",100*K5/C5) | N5: =IF(D5="","",IF(I5="","",I5-D5))
C6: =IF(B6="","",C5+B6) | E6: =IF(B6="","",IF(D6="","",D6-D5-B6)) | F6: =IF(E6="","",F5+E6) | G6: =IF(E6="","",100*E6/(D5+0.5*B6)) | H6: =IF(F6="","",100*(F6/C6)) | J6: =IF(B6="","",IF(I6="","",I6-I5-B6)) | K6: =IF(J6="","",K5+J6) | L6: =IF(J6="","",100*J6/(I5+0.5*B6)) | M6: =IF(K6="","",100*K6/C6) | N6: =IF(D6="","",IF(I6="","",I6-D6))
C7: =IF(B7="","",C6+B7) | E7: =IF(B7="","",IF(D7="","",D7-D6-B7)) | F7: =IF(E7="","",F6+E7) | G7: =IF(E7="","",100*E7/(D6+0.5*B7)) | H7: =IF(F7="","",100*(F7/C7)) | J7: =IF(B7="","",IF(I7="","",I7-I6-B7)) | K7: =IF(J7="","",K6+J7) | L7: =IF(J7="","",100*J7/(I6+0.5*B7)) | M7: =IF(K7="","",100*K7/C7) | N7: =IF(D7="","",IF(I7="","",I7-D7))
C8: =IF(B8="","",C7+B8) | E8: =IF(B8="","",IF(D8="","",D8-D7-B8)) | F8: =IF(E8="","",F7+E8) | G8: =IF(E8="","",100*E8/(D7+0.5*B8)) | H8: =IF(F8="","",100*(F8/C8)) | J8: =IF(B8="","",IF(I8="","",I8-I7-B8)) | K8: =IF(J8="","",K7+J8) | L8: =IF(J8="","",100*J8/(I7+0.5*B8)) | M8: =IF(K8="","",100*K8/C8) | N8: =IF(D8="","",IF(I8="","",I8-D8))
C9: =IF(B9="","",C8+B9) | E9: =IF(B9="","",IF(D9="","",D9-D8-B9)) | F9: =IF(E9="","",F8+E9) | G9: =IF(E9="","",100*E9/(D8+0.5*B9)) | H9: =IF(F9="","",100*(F9/C9)) | J9: =IF(B9="","",IF(I9="","",I9-I8-B9)) | K9: =IF(J9="","",K8+J9) | L9: =IF(J9="","",100*J9/(I8+0.5*B9)) | M9: =IF(K9="","",100*K9/C9) | N9: =IF(D9="","",IF(I9="","",I9-D9))
C10: =IF(B10="","",C9+B10) | E10: =IF(B10="","",IF(D10="","",D10-D9-B10)) | F10: =IF(E10="","",F9+E10) | G10: =IF(E10="","",100*E10/(D9+0.5*B10)) | H10: =IF(F10="","",100*(F10/C10)) | J10: =IF(B10="","",IF(I10="","",I10-I9-B10)) | K10: =IF(J10="","",K9+J10) | L10: =IF(J10="","",100*J10/(I9+0.5*B10)) | M10: =IF(K10="","",100*K10/C10) | N10: =IF(D10="","",IF(I10="","",I10-D10))
C11: =IF(B11="","",C10+B11) | E11: =IF(B11="","",IF(D11="","",D11-D10-B11)) | F11: =IF(E11="","",F10+E11) | G11: =IF(E11="","",100*E11/(D10+0.5*B11)) | H11: =IF(F11="","",100*(F11/C11)) | J11: =IF(B11="","",IF(I11="","",I11-I10-B11)) | K11: =IF(J11="","",K10+J11) | L11: =IF(J11="","",100*J11/(I10+0.5*B11)) | M11: =IF(K11="","",100*K11/C11) | N11: =IF(D11="","",IF(I11="","",I11-D11))
C12: =IF(B12="","",C11+B12) | E12: =IF(B12="","",IF(D12="","",D12-D11-B12)) | F12: =IF(E12="","",F11+E12) | G12: =IF(E12="","",100*E12/(D11+0.5*B12)) | H12: =IF(F12="","",100*(F12/C12)) | J12: =IF(B12="","",IF(I12="","",I12-I11-B12)) | K12: =IF(J12="","",K11+J12) | L12: =IF(J12="","",100*J12/(I11+0.5*B12)) | M12: =IF(K12="","",100*K12/C12) | N12: =IF(D12="","",IF(I12="","",I12-D12))
C13: =IF(B13="","",C12+B13) | E13: =IF(B13="","",IF(D13="","",D13-D12-B13)) | F13: =IF(E13="","",F12+E13) | G13: =IF(E13="","",100*E13/(D12+0.5*B13)) | H13: =IF(F13="","",100*(F13/C13)) | J13: =IF(B13="","",IF(I13="","",I13-I12-B13)) | K13: =IF(J13="","",K12+J13) | L13: =IF(J13="","",100*J13/(I12+0.5*B13)) | M13: =IF(K13="","",100*K13/C13) | N13: =IF(D13="","",IF(I13="","",I13-D13))
C14: =IF(B14="","",C13+B14) | E14: =IF(B14="","",IF(D14="","",D14-D13-B14)) | F14: =IF(E14="","",F13+E14) | G14: =IF(E14="","",100*E14/(D13+0.5*B14)) | H14: =IF(F14="","",100*(F14/C14)) | J14: =IF(B14="","",IF(I14="","",I14-I13-B14)) | K14: =IF(J14="","",K13+J14) | L14: =IF(J14="","",100*J14/(I13+0.5*B14)) | M14: =IF(K14="","",100*K14/C14) | N14: =IF(D14="","",IF(I14="","",I14-D14))
... C102: =IF(B102="","",C101+B102) | E102: =IF(B102="","",IF(D102="","",D102-D101-B102)) | F102: =IF(E102="","",F101+E102) | G102: =IF(E102="","",100*E102/(D101+0.5*B102)) | H102: =IF(F102="","",100*(F102/C102)) | J102: =IF(B102="","",IF(I102="","",I102-I101-B102)) | K102: =IF(J102="","",K101+J102) | L102: =IF(J102="","",100*J102/(I101+0.5*B102)) | M102: =IF(K102="","",100*K102/C102) | N102: =IF(D102="","",IF(I102="","",I102-D102))

Sheet MMéd
A1: Data | B1: % Liq | C1: # | D1: Fator | E1: # | F1: Mhist | G1: # | H1: Fator | I1: Mrec1 | J1: # | K1: Fator | L1: Mrec2 | M1: Obs.
A2: =IF(MRes!A2="","",MRes!A2) -> 42737 | C2: 0 | D2: 1 | E2: 0
A3: =IF(MRes!A3="","",MRes!A3) | B3: =MRes!L3 | C3: =IF(B3="","",C2+1) | D3: =IF(B3="","",D2*(1+B3/100)) | E3: =IF(D3="","",E2+1) | F3: =IF(B3="","",100*(D3^(1/C3)-1)) | N3: Mhist
A4: =IF(MRes!A4="","",MRes!A4) | B4: =MRes!L4 | C4: =IF(B4="","",C3+1) | D4: =IF(B4="","",D3*(1+B4/100)) | E4: =IF(D4="","",E3+1) | F4: =IF(B4="","",100*(D4^(1/C4)-1)) | N4: =IF(F3="","",VLOOKUP(MAX(E3:E102),E3:F102,2,FALSE)) | P4: Há ganho consistente?
A5: =IF(MRes!A5="","",MRes!A5) | B5: =MRes!L5 | C5: =IF(B5="","",C4+1) | D5: =IF(B5="","",D4*(1+B5/100)) | E5: =IF(D5="","",E4+1) | F5: =IF(B5="","",100*(D5^(1/C5)-1))
A6: =IF(MRes!A6="","",MRes!A6) | B6: =MRes!L6 | C6: =IF(B6="","",C5+1) | D6: =IF(B6="","",D5*(1+B6/100)) | E6: =IF(D6="","",E5+1) | F6: =IF(B6="","",100*(D6^(1/C6)-1)) | G6: 0 | H6: 1 | P6: Teste T (MRes!I2:I5) | R6: =_xlfn.T.TEST(MRes!I2:I3,MRes!I4:I5,2,3) -> #DIV/0! | S6: =1-R6 -> #DIV/0!
A7: =IF(MRes!A7="","",MRes!A7) | B7: =MRes!L7 | C7: =IF(B7="","",C6+1) | D7: =IF(B7="","",D6*(1+B7/100)) | E7: =IF(D7="","",E6+1) | F7: =IF(B7="","",100*(D7^(1/C7)-1)) | G7: =IF(D7="","",G6+1) | H7: =IF(B7="","",H6*(1+B7/100)) | I7: =IF(B7="","",100*(H7^(1/G7)-1)) | J7: 0 | K7: 1
A8: =IF(MRes!A8="","",MRes!A8) | B8: =MRes!L8 | C8: =IF(B8="","",C7+1) | D8: =IF(B8="","",D7*(1+B8/100)) | E8: =IF(D8="","",E7+1) | F8: =IF(B8="","",100*(D8^(1/C8)-1)) | G8: =IF(D8="","",G7+1) | H8: =IF(B8="","",H7*(1+B8/100)) | I8: =IF(B8="","",100*(H8^(1/G8)-1)) | J8: =IF(H8="","",J7+1) | K8: =IF(B8="","",K7*(1+B8/100)) | L8: =IF(B8="","",100*(K8^(1/J8)-1)) | P8: O desempenho está melhorando?
A9: =IF(MRes!A9="","",MRes!A9) | B9: =MRes!L9 | C9: =IF(B9="","",C8+1) | D9: =IF(B9="","",D8*(1+B9/100)) | E9: =IF(D9="","",E8+1) | F9: =IF(B9="","",100*(D9^(1/C9)-1)) | G9: =IF(D9="","",G8+1) | H9: =IF(B9="","",H8*(1+B9/100)) | I9: =IF(B9="","",100*(H9^(1/G9)-1)) | J9: =IF(H9="","",J8+1) | K9: =IF(B9="","",K8*(1+B9/100)) | L9: =IF(B9="","",100*(K9^(1/J9)-1))
A10: =IF(MRes!A10="","",MRes!A10) | B10: =MRes!L10 | C10: =IF(B10="","",C9+1) | D10: =IF(B10="","",D9*(1+B10/100)) | E10: =IF(D10="","",E9+1) | F10: =IF(B10="","",100*(D10^(1/C10)-1)) | G10: =IF(D10="","",G9+1) | H10: =IF(B10="","",H9*(1+B10/100)) | I10: =IF(B10="","",100*(H10^(1/G10)-1)) | J10: =IF(H10="","",J9+1) | K10: =IF(B10="","",K9*(1+B10/100)) | L10: =IF(B10="","",100*(K10^(1/J10)-1)) | P10: Teste T (B3:B6) | R10: =_xlfn.T.TEST(B3:B4,B5:B6,2,3) -> #DIV/0! | S10: =1-R10 -> #DIV/0!
A11: =IF(MRes!A11="","",MRes!A11) | B11: =MRes!L11 | C11: =IF(B11="","",C10+1) | D11: =IF(B11="","",D10*(1+B11/100)) | E11: =IF(D11="","",E10+1) | F11: =IF(B11="","",100*(D11^(1/C11)-1)) | G11: =IF(D11="","",G10+1) | H11: =IF(B11="","",H10*(1+B11/100)) | I11: =IF(B11="","",100*(H11^(1/G11)-1)) | J11: =IF(H11="","",J10+1) | K11: =IF(B11="","",K10*(1+B11/100)) | L11: =IF(B11="","",100*(K11^(1/J11)-1))
A12: =IF(MRes!A12="","",MRes!A12) | B12: =MRes!L12 | C12: =IF(B12="","",C11+1) | D12: =IF(B12="","",D11*(1+B12/100)) | E12: =IF(D12="","",E11+1) | F12: =IF(B12="","",100*(D12^(1/C12)-1)) | G12: =IF(D12="","",G11+1) | H12: =IF(B12="","",H11*(1+B12/100)) | I12: =IF(B12="","",100*(H12^(1/G12)-1)) | J12: =IF(H12="","",J11+1) | K12: =IF(B12="","",K11*(1+B12/100)) | L12: =IF(B12="","",100*(K12^(1/J12)-1))
A13: =IF(MRes!A13="","",MRes!A13) | B13: =MRes!L13 | C13: =IF(B13="","",C12+1) | D13: =IF(B13="","",D12*(1+B13/100)) | E13: =IF(D13="","",E12+1) | F13: =IF(B13="","",100*(D13^(1/C13)-1)) | G13: =IF(D13="","",G12+1) | H13: =IF(B13="","",H12*(1+B13/100)) | I13: =IF(B13="","",100*(H13^(1/G13)-1)) | J13: =IF(H13="","",J12+1) | K13: =IF(B13="","",K12*(1+B13/100)) | L13: =IF(B13="","",100*(K13^(1/J13)-1))
A14: =IF(MRes!A14="","",MRes!A14) | B14: =MRes!L14 | C14: =IF(B14="","",C13+1) | D14: =IF(B14="","",D13*(1+B14/100)) | E14: =IF(D14="","",E13+1) | F14: =IF(B14="","",100*(D14^(1/C14)-1)) | G14: =IF(D14="","",G13+1) | H14: =IF(B14="","",H13*(1+B14/100)) | I14: =IF(B14="","",100*(H14^(1/G14)-1)) | J14: =IF(H14="","",J13+1) | K14: =IF(B14="","",K13*(1+B14/100)) | L14: =IF(B14="","",100*(K14^(1/J14)-1))
A15: =IF(MRes!A15="","",MRes!A15) | B15: =MRes!L15 | C15: =IF(B15="","",C14+1) | D15: =IF(B15="","",D14*(1+B15/100)) | E15: =IF(D15="","",E14+1) | F15: =IF(B15="","",100*(D15^(1/C15)-1)) | G15: =IF(D15="","",G14+1) | H15: =IF(B15="","",H14*(1+B15/100)) | I15: =IF(B15="","",100*(H15^(1/G15)-1)) | J15: =IF(H15="","",J14+1) | K15: =IF(B15="","",K14*(1+B15/100)) | L15: =IF(B15="","",100*(K15^(1/J15)-1))
A16: =IF(MRes!A16="","",MRes!A16) | B16: =MRes!L16 | C16: =IF(B16="","",C15+1) | D16: =IF(B16="","",D15*(1+B16/100)) | E16: =IF(D16="","",E15+1) | F16: =IF(B16="","",100*(D16^(1/C16)-1)) | G16: =IF(D16="","",G15+1) | H16: =IF(B16="","",H15*(1+B16/100)) | I16: =IF(B16="","",100*(H16^(1/G16)-1)) | J16: =IF(H16="","",J15+1) | K16: =IF(B16="","",K15*(1+B16/100)) | L16: =IF(B16="","",100*(K16^(1/J16)-1))
A17: =IF(MRes!A17="","",MRes!A17) | B17: =MRes!L17 | C17: =IF(B17="","",C16+1) | D17: =IF(B17="","",D16*(1+B17/100)) | E17: =IF(D17="","",E16+1) | F17: =IF(B17="","",100*(D17^(1/C17)-1)) | G17: =IF(D17="","",G16+1) | H17: =IF(B17="","",H16*(1+B17/100)) | I17: =IF(B17="","",100*(H17^(1/G17)-1)) | J17: =IF(H17="","",J16+1) | K17: =IF(B17="","",K16*(1+B17/100)) | L17: =IF(B17="","",100*(K17^(1/J17)-1))
A18: =IF(MRes!A18="","",MRes!A18) | B18: =MRes!L18 | C18: =IF(B18="","",C17+1) | D18: =IF(B18="","",D17*(1+B18/100)) | E18: =IF(D18="","",E17+1) | F18: =IF(B18="","",100*(D18^(1/C18)-1)) | G18: =IF(D18="","",G17+1) | H18: =IF(B18="","",H17*(1+B18/100)) | I18: =IF(B18="","",100*(H18^(1/G18)-1)) | J18: =IF(H18="","",J17+1) | K18: =IF(B18="","",K17*(1+B18/100)) | L18: =IF(B18="","",100*(K18^(1/J18)-1))
A19: =IF(MRes!A19="","",MRes!A19) | B19: =MRes!L19 | C19: =IF(B19="","",C18+1) | D19: =IF(B19="","",D18*(1+B19/100)) | E19: =IF(D19="","",E18+1) | F19: =IF(B19="","",100*(D19^(1/C19)-1)) | G19: =IF(D19="","",G18+1) | H19: =IF(B19="","",H18*(1+B19/100)) | I19: =IF(B19="","",100*(H19^(1/G19)-1)) | J19: =IF(H19="","",J18+1) | K19: =IF(B19="","",K18*(1+B19/100)) | L19: =IF(B19="","",100*(K19^(1/J19)-1))
A20: =IF(MRes!A20="","",MRes!A20) | B20: =MRes!L20 | C20: =IF(B20="","",C19+1) | D20: =IF(B20="","",D19*(1+B20/100)) | E20: =IF(D20="","",E19+1) | F20: =IF(B20="","",100*(D20^(1/C20)-1)) | G20: =IF(D20="","",G19+1) | H20: =IF(B20="","",H19*(1+B20/100)) | I20: =IF(B20="","",100*(H20^(1/G20)-1)) | J20: =IF(H20="","",J19+1) | K20: =IF(B20="","",K19*(1+B20/100)) | L20: =IF(B20="","",100*(K20^(1/J20)-1))
A21: =IF(MRes!A21="","",MRes!A21) | B21: =MRes!L21 | C21: =IF(B21="","",C20+1) | D21: =IF(B21="","",D20*(1+B21/100)) | E21: =IF(D21="","",E20+1) | F21: =IF(B21="","",100*(D21^(1/C21)-1)) | G21: =IF(D21="","",G20+1) | H21: =IF(B21="","",H20*(1+B21/100)) | I21: =IF(B21="","",100*(H21^(1/G21)-1)) | J21: =IF(H21="","",J20+1) | K21: =IF(B21="","",K20*(1+B21/100)) | L21: =IF(B21="","",100*(K21^(1/J21)-1))
A22: =IF(MRes!A22="","",MRes!A22) | B22: =MRes!L22 | C22: =IF(B22="","",C21+1) | D22: =IF(B22="","",D21*(1+B22/100)) | E22: =IF(D22="","",E21+1) | F22: =IF(B22="","",100*(D22^(1/C22)-1)) | G22: =IF(D22="","",G21+1) | H22: =IF(B22="","",H21*(1+B22/100)) | I22: =IF(B22="","",100*(H22^(1/G22)-1)) | J22: =IF(H22="","",J21+1) | K22: =IF(B22="","",K21*(1+B22/100)) | L22: =IF(B22="","",100*(K22^(1/J22)-1))
... A102: =IF(MRes!A102="","",MRes!A102) | B102: =MRes!L102 | C102: =IF(B102="","",C101+1) | D102: =IF(B102="","",D101*(1+B102/100)) | E102: =IF(D102="","",E101+1) | F102: =IF(B102="","",100*(D102^(1/C102)-1)) | G102: =IF(D102="","",G101+1) | H102: =IF(B102="","",H101*(1+B102/100)) | I102: =IF(B102="","",100*(H102^(1/G102)-1)) | J102: =IF(H102="","",J101+1) | K102: =IF(B102="","",K101*(1+B102/100)) | L102: =IF(B102="","",100*(K102^(1/J102)-1))

Sheet Cap
A1: DATA | C1: PROJETADO
A2: Ano | B2: Mês | C2: Saldo | D2: Ganho | E2: Dep / Ret
A3: 2017 | B3: 40179 | C3: =E3 -> 33112.58 | D3: =C3*$G$5 -> 992.58215 | E3: 33112.58
B4: =DATE(YEAR(B3),MONTH(B3)+1,DAY(B3)) -> 40210 | C4: =C3+D3+E4 -> 34105.162 | D4: =C4*$G$5 -> 1022.3358 | E4: 0 | F4: Rentabilidade semanal (%) | G4: =Cy!$Q$9 -> 0.6915415
B5: =DATE(YEAR(B4),MONTH(B4)+1,DAY(B4)) -> 40238 | C5: =C4+D4+E5 -> 35127.498 | D5: =C5*$G$5 -> 1052.9813 | E5: 0 | F5: Rentabilidade mensal | G5: =(1+G4/100)^(30/7)-1 -> 0.029975984
B6: =DATE(YEAR(B5),MONTH(B5)+1,DAY(B5)) -> 40269 | C6: =C5+D5+E6 -> 36180.479 | D6: =C6*$G$5 -> 1084.5454 | E6: 0 | F6: Cotação do dólar | G6: 3.2
B7: =DATE(YEAR(B6),MONTH(B6)+1,DAY(B6)) -> 40299 | C7: =C6+D6+E7 -> 37265.025 | D7: =C7*$G$5 -> 1117.0558 | E7: 0 | F7: Retirada mensal (%) | G7: 25
B8: =DATE(YEAR(B7),MONTH(B7)+1,DAY(B7)) -> 40330 | C8: =C7+D7+E8 -> 38382.08 | D8: =C8*$G$5 -> 1150.5406 | E8: 0 | F8: Impostos | G8: 0.15
B9: =DATE(YEAR(B8),MONTH(B8)+1,DAY(B8)) -> 40360 | C9: =C8+D8+E9 -> 39532.621 | D9: =C9*$G$5 -> 1185.0292 | E9: 0 | I9: Coluna C: saldo no início do mês
B10: =DATE(YEAR(B9),MONTH(B9)+1,DAY(B9)) -> 40391 | C10: =C9+D9+E10 -> 40717.65 | D10: =C10*$G$5 -> 1220.5516 | E10: 0 | I10: Coluna D: ganhos no mês
B11: =DATE(YEAR(B10),MONTH(B10)+1,DAY(B10)) -> 40422 | C11: =C10+D10+E11 -> 41938.202 | D11: =C11*$G$5 -> 1257.1388 | E11: 0 | I11: Coluna E: depósitos e retiradas no mês
B12: =DATE(YEAR(B11),MONTH(B11)+1,DAY(B11)) -> 40452 | C12: =C11+D11+E12 -> 43195.341 | D12: =C12*$G$5 -> 1294.8228 | E12: 0
B13: =DATE(YEAR(B12),MONTH(B12)+1,DAY(B12)) -> 40483 | C13: =C12+D12+E13 -> 44490.164 | D13: =C13*$G$5 -> 1333.6364 | E13: 0 | F13: SALÁRIO (livre de impostos)
B14: =DATE(YEAR(B13),MONTH(B13)+1,DAY(B13)) -> 40513 | C14: =C13+D13+E14 -> 45823.8 | D14: =C14*$G$5 -> 1373.6135 | E14: 0 | F14: PROJETADO | G14: REAL
A15: =A3+1 -> 2018 | B15: =DATE(YEAR(B14),MONTH(B14)+1,DAY(B14)) -> 40544 | C15: =C14+D14+E15 -> 46854.01 | D15: =C15*$G$5 -> 1404.495 | E15: =-D14*$G$7/100 -> -343.40337 | F15: =-(E15-$G$8*E15)*$G$6 -> 934.05716
B16: =DATE(YEAR(B15),MONTH(B15)+1,DAY(B15)) -> 40575 | C16: =C15+D15+E16 -> 47907.381 | D16: =C16*$G$5 -> 1436.0709 | E16: =-D15*$G$7/100 -> -351.12376 | F16: =-(E16-$G$8*E16)*$G$6 -> 955.05662
B17: =DATE(YEAR(B16),MONTH(B16)+1,DAY(B16)) -> 40603 | C17: =C16+D16+E17 -> 48984.434 | D17: =C17*$G$5 -> 1468.3566 | E17: =-D16*$G$7/100 -> -359.01772 | F17: =-(E17-$G$8*E17)*$G$6 -> 976.52819
B18: =DATE(YEAR(B17),MONTH(B17)+1,DAY(B17)) -> 40634 | C18: =C17+D17+E18 -> 50085.702 | D18: =C18*$G$5 -> 1501.3682 | E18: =-D17*$G$7/100 -> -367.08915 | F18: =-(E18-$G$8*E18)*$G$6 -> 998.48249
B19: =DATE(YEAR(B18),MONTH(B18)+1,DAY(B18)) -> 40664 | C19: =C18+D18+E19 -> 51211.728 | D19: =C19*$G$5 -> 1535.1219 | E19: =-D18*$G$7/100 -> -375.34204 | F19: =-(E19-$G$8*E19)*$G$6 -> 1020.9304
B20: =DATE(YEAR(B19),MONTH(B19)+1,DAY(B19)) -> 40695 | C20: =C19+D19+E20 -> 52363.07 | D20: =C20*$G$5 -> 1569.6345 | E20: =-D19*$G$7/100 -> -383.78048 | F20: =-(E20-$G$8*E20)*$G$6 -> 1043.8829
B21: =DATE(YEAR(B20),MONTH(B20)+1,DAY(B20)) -> 40725 | C21: =C20+D20+E21 -> 53540.295 | D21: =C21*$G$5 -> 1604.923 | E21: =-D20*$G$7/100 -> -392.40863 | F21: =-(E21-$G$8*E21)*$G$6 -> 1067.3515
B22: =DATE(YEAR(B21),MONTH(B21)+1,DAY(B21)) -> 40756 | C22: =C21+D21+E22 -> 54743.988 | D22: =C22*$G$5 -> 1641.0049 | E22: =-D21*$G$7/100 -> -401.23075 | F22: =-(E22-$G$8*E22)*$G$6 -> 1091.3476
B23: =DATE(YEAR(B22),MONTH(B22)+1,DAY(B22)) -> 40787 | C23: =C22+D22+E23 -> 55974.741 | D23: =C23*$G$5 -> 1677.8979 | E23: =-D22*$G$7/100 -> -410.25122 | F23: =-(E23-$G$8*E23)*$G$6 -> 1115.8833
B24: =DATE(YEAR(B23),MONTH(B23)+1,DAY(B23)) -> 40817 | C24: =C23+D23+E24 -> 57233.165 | D24: =C24*$G$5 -> 1715.6204 | E24: =-D23*$G$7/100 -> -419.47448 | F24: =-(E24-$G$8*E24)*$G$6 -> 1140.9706
B25: =DATE(YEAR(B24),MONTH(B24)+1,DAY(B24)) -> 40848 | C25: =C24+D24+E25 -> 58519.88 | D25: =C25*$G$5 -> 1754.191 | E25: =-D24*$G$7/100 -> -428.9051 | F25: =-(E25-$G$8*E25)*$G$6 -> 1166.6219
B26: =DATE(YEAR(B25),MONTH(B25)+1,DAY(B25)) -> 40878 | C26: =C25+D25+E26 -> 59835.523 | D26: =C26*$G$5 -> 1793.6287 | E26: =-D25*$G$7/100 -> -438.54774 | F26: =-(E26-$G$8*E26)*$G$6 -> 1192.8499
A27: =A15+1 -> 2019 | B27: =DATE(YEAR(B26),MONTH(B26)+1,DAY(B26)) -> 40909 | C27: =C26+D26+E27 -> 61180.745 | D27: =C27*$G$5 -> 1833.953 | E27: =-D26*$G$7/100 -> -448.40717 | F27: =-(E27-$G$8*E27)*$G$6 -> 1219.6675
B28: =DATE(YEAR(B27),MONTH(B27)+1,DAY(B27)) -> 40940 | C28: =C27+D27+E28 -> 62556.21 | D28: =C28*$G$5 -> 1875.1839 | E28: =-D27*$G$7/100 -> -458.48825 | F28: =-(E28-$G$8*E28)*$G$6 -> 1247.088
B29: =DATE(YEAR(B28),MONTH(B28)+1,DAY(B28)) -> 40969 | C29: =C28+D28+E29 -> 63962.597 | D29: =C29*$G$5 -> 1917.3418 | E29: =-D28*$G$7/100 -> -468.79598 | F29: =-(E29-$G$8*E29)*$G$6 -> 1275.1251
B30: =DATE(YEAR(B29),MONTH(B29)+1,DAY(B29)) -> 41000 | C30: =C29+D29+E30 -> 65400.604 | D30: =C30*$G$5 -> 1960.4474 | E30: =-D29*$G$7/100 -> -479.33544 | F30: =-(E30-$G$8*E30)*$G$6 -> 1303.7924
B31: =DATE(YEAR(B30),MONTH(B30)+1,DAY(B30)) -> 41030 | C31: =C30+D30+E31 -> 66870.939 | D31: =C31*$G$5 -> 2004.5222 | E31: =-D30*$G$7/100 -> -490.11186 | F31: =-(E31-$G$8*E31)*$G$6 -> 1333.1042
B32: =DATE(YEAR(B31),MONTH(B31)+1,DAY(B31)) -> 41061 | C32: =C31+D31+E32 -> 68374.331 | D32: =C32*$G$5 -> 2049.5878 | E32: =-D31*$G$7/100 -> -501.13054 | F32: =-(E32-$G$8*E32)*$G$6 -> 1363.0751
B33: =DATE(YEAR(B32),MONTH(B32)+1,DAY(B32)) -> 41091 | C33: =C32+D32+E33 -> 69911.522 | D33: =C33*$G$5 -> 2095.6666 | E33: =-D32*$G$7/100 -> -512.39695 | F33: =-(E33-$G$8*E33)*$G$6 -> 1393.7197
B34: =DATE(YEAR(B33),MONTH(B33)+1,DAY(B33)) -> 41122 | C34: =C33+D33+E34 -> 71483.272 | D34: =C34*$G$5 -> 2142.7814 | E34: =-D33*$G$7/100 -> -523.91666 | F34: =-(E34-$G$8*E34)*$G$6 -> 1425.0533
B35: =DATE(YEAR(B34),MONTH(B34)+1,DAY(B34)) -> 41153 | C35: =C34+D34+E35 -> 73090.358 | D35: =C35*$G$5 -> 2190.9554 | E35: =-D34*$G$7/100 -> -535.69534 | F35: =-(E35-$G$8*E35)*$G$6 -> 1457.0913
B36: =DATE(YEAR(B35),MONTH(B35)+1,DAY(B35)) -> 41183 | C36: =C35+D35+E36 -> 74733.574 | D36: =C36*$G$5 -> 2240.2124 | E36: =-D35*$G$7/100 -> -547.73884 | F36: =-(E36-$G$8*E36)*$G$6 -> 1489.8496
B37: =DATE(YEAR(B36),MONTH(B36)+1,DAY(B36)) -> 41214 | C37: =C36+D36+E37 -> 76413.734 | D37: =C37*$G$5 -> 2290.5768 | E37: =-D36*$G$7/100 -> -560.0531 | F37: =-(E37-$G$8*E37)*$G$6 -> 1523.3444
B38: =DATE(YEAR(B37),MONTH(B37)+1,DAY(B37)) -> 41244 | C38: =C37+D37+E38 -> 78131.666 | D38: =C38*$G$5 -> 2342.0735 | E38: =-D37*$G$7/100 -> -572.64421 | F38: =-(E38-$G$8*E38)*$G$6 -> 1557.5922
A39: =A27+1 -> 2020 | B39: =DATE(YEAR(B38),MONTH(B38)+1,DAY(B38)) -> 41275 | C39: =C38+D38+E39 -> 79888.221 | D39: =C39*$G$5 -> 2394.728 | E39: =-D38*$G$7/100 -> -585.51839 | F39: =-(E39-$G$8*E39)*$G$6 -> 1592.61
B40: =DATE(YEAR(B39),MONTH(B39)+1,DAY(B39)) -> 41306 | C40: =C39+D39+E40 -> 81684.267 | D40: =C40*$G$5 -> 2448.5663 | E40: =-D39*$G$7/100 -> -598.682 | F40: =-(E40-$G$8*E40)*$G$6 -> 1628.415
B41: =DATE(YEAR(B40),MONTH(B40)+1,DAY(B40)) -> 41334 | C41: =C40+D40+E41 -> 83520.692 | D41: =C41*$G$5 -> 2503.6149 | E41: =-D40*$G$7/100 -> -612.14156 | F41: =-(E41-$G$8*E41)*$G$6 -> 1665.0251
B42: =DATE(YEAR(B41),MONTH(B41)+1,DAY(B41)) -> 41365 | C42: =C41+D41+E42 -> 85398.403 | D42: =C42*$G$5 -> 2559.9011 | E42: =-D41*$G$7/100 -> -625.90372 | F42: =-(E42-$G$8*E42)*$G$6 -> 1702.4581
B43: =DATE(YEAR(B42),MONTH(B42)+1,DAY(B42)) -> 41395 | C43: =C42+D42+E43 -> 87318.329 | D43: =C43*$G$5 -> 2617.4528 | E43: =-D42*$G$7/100 -> -639.97528 | F43: =-(E43-$G$8*E43)*$G$6 -> 1740.7328
B44: =DATE(YEAR(B43),MONTH(B43)+1,DAY(B43)) -> 41426 | C44: =C43+D43+E44 -> 89281.419 | D44: =C44*$G$5 -> 2676.2983 | E44: =-D43*$G$7/100 -> -654.3632 | F44: =-(E44-$G$8*E44)*$G$6 -> 1779.8679
B45: =DATE(YEAR(B44),MONTH(B44)+1,DAY(B44)) -> 41456 | C45: =C44+D44+E45 -> 91288.643 | D45: =C45*$G$5 -> 2736.4668 | E45: =-D44*$G$7/100 -> -669.07458 | F45: =-(E45-$G$8*E45)*$G$6 -> 1819.8829
B46: =DATE(YEAR(B45),MONTH(B45)+1,DAY(B45)) -> 41487 | C46: =C45+D45+E46 -> 93340.993 | D46: =C46*$G$5 -> 2797.9881 | E46: =-D45*$G$7/100 -> -684.11671 | F46: =-(E46-$G$8*E46)*$G$6 -> 1860.7975
B47: =DATE(YEAR(B46),MONTH(B46)+1,DAY(B46)) -> 41518 | C47: =C46+D46+E47 -> 95439.484 | D47: =C47*$G$5 -> 2860.8924 | E47: =-D46*$G$7/100 -> -699.49701 | F47: =-(E47-$G$8*E47)*$G$6 -> 1902.6319
B48: =DATE(YEAR(B47),MONTH(B47)+1,DAY(B47)) -> 41548 | C48: =C47+D47+E48 -> 97585.153 | D48: =C48*$G$5 -> 2925.2109 | E48: =-D47*$G$7/100 -> -715.2231 | F48: =-(E48-$G$8*E48)*$G$6 -> 1945.4068
B49: =DATE(YEAR(B48),MONTH(B48)+1,DAY(B48)) -> 41579 | C49: =C48+D48+E49 -> 99779.061 | D49: =C49*$G$5 -> 2990.9755 | E49: =-D48*$G$7/100 -> -731.30273 | F49: =-(E49-$G$8*E49)*$G$6 -> 1989.1434
B50: =DATE(YEAR(B49),MONTH(B49)+1,DAY(B49)) -> 41609 | C50: =C49+D49+E50 -> 102022.29 | D50: =C50*$G$5 -> 3058.2186 | E50: =-D49*$G$7/100 -> -747.74387 | F50: =-(E50-$G$8*E50)*$G$6 -> 2033.8633
A51: =A39+1 -> 2021 | B51: =DATE(YEAR(B50),MONTH(B50)+1,DAY(B50)) -> 41640 | C51: =C50+D50+E51 -> 104315.96 | D51: =C51*$G$5 -> 3126.9734 | E51: =-D50*$G$7/100 -> -764.55464 | F51: =-(E51-$G$8*E51)*$G$6 -> 2079.5886
B52: =DATE(YEAR(B51),MONTH(B51)+1,DAY(B51)) -> 41671 | C52: =C51+D51+E52 -> 106661.19 | D52: =C52*$G$5 -> 3197.274 | E52: =-D51*$G$7/100 -> -781.74335 | F52: =-(E52-$G$8*E52)*$G$6 -> 2126.3419
B53: =DATE(YEAR(B52),MONTH(B52)+1,DAY(B52)) -> 41699 | C53: =C52+D52+E53 -> 109059.14 | D53: =C53*$G$5 -> 3269.1551 | E53: =-D52*$G$7/100 -> -799.31849 | F53: =-(E53-$G$8*E53)*$G$6 -> 2174.1463
B54: =DATE(YEAR(B53),MONTH(B53)+1,DAY(B53)) -> 41730 | C54: =C53+D53+E54 -> 111511.01 | D54: =C54*$G$5 -> 3342.6522 | E54: =-D53*$G$7/100 -> -817.28876 | F54: =-(E54-$G$8*E54)*$G$6 -> 2223.0254
B55: =DATE(YEAR(B54),MONTH(B54)+1,DAY(B54)) -> 41760 | C55: =C54+D54+E55 -> 114018 | D55: =C55*$G$5 -> 3417.8016 | E55: =-D54*$G$7/100 -> -835.66304 | F55: =-(E55-$G$8*E55)*$G$6 -> 2273.0035
B56: =DATE(YEAR(B55),MONTH(B55)+1,DAY(B55)) -> 41791 | C56: =C55+D55+E56 -> 116581.35 | D56: =C56*$G$5 -> 3494.6406 | E56: =-D55*$G$7/100 -> -854.45041 | F56: =-(E56-$G$8*E56)*$G$6 -> 2324.1051
B57: =DATE(YEAR(B56),MONTH(B56)+1,DAY(B56)) -> 41821 | C57: =C56+D56+E57 -> 119202.33 | D57: =C57*$G$5 -> 3573.2071 | E57: =-D56*$G$7/100 -> -873.66015 | F57: =-(E57-$G$8*E57)*$G$6 -> 2376.3556
B58: =DATE(YEAR(B57),MONTH(B57)+1,DAY(B57)) -> 41852 | C58: =C57+D57+E58 -> 121882.23 | D58: =C58*$G$5 -> 3653.5399 | E58: =-D57*$G$7/100 -> -893.30177 | F58: =-(E58-$G$8*E58)*$G$6 -> 2429.7808
B59: =DATE(YEAR(B58),MONTH(B58)+1,DAY(B58)) -> 41883 | C59: =C58+D58+E59 -> 124622.39 | D59: =C59*$G$5 -> 3735.6787 | E59: =-D58*$G$7/100 -> -913.38496 | F59: =-(E59-$G$8*E59)*$G$6 -> 2484.4071
B60: =DATE(YEAR(B59),MONTH(B59)+1,DAY(B59)) -> 41913 | C60: =C59+D59+E60 -> 127424.15 | D60: =C60*$G$5 -> 3819.6642 | E60: =-D59*$G$7/100 -> -933.91967 | F60: =-(E60-$G$8*E60)*$G$6 -> 2540.2615
B61: =DATE(YEAR(B60),MONTH(B60)+1,DAY(B60)) -> 41944 | C61: =C60+D60+E61 -> 130288.9 | D61: =C61*$G$5 -> 3905.5378 | E61: =-D60*$G$7/100 -> -954.91604 | F61: =-(E61-$G$8*E61)*$G$6 -> 2597.3716
B62: =DATE(YEAR(B61),MONTH(B61)+1,DAY(B61)) -> 41974 | C62: =C61+D61+E62 -> 133218.05 | D62: =C62*$G$5 -> 3993.3421 | E62: =-D61*$G$7/100 -> -976.38446 | F62: =-(E62-$G$8*E62)*$G$6 -> 2655.7657

Sheet Stop
B2: Lotes sem usar alvo e stop | F2: Conta | I2: Lotes usando alvo e stop
B3: Balanço | C3: 50000 | F3: Saldo inicial | G3: 50000 | I3: Ask | J3: =Open!$E$6 -> 1.06951
B4: Leverage | C4: 2 | F4: Saldo Atual | G4: =CLog!$X$6 -> 34042.55 | I4: Lev Maxlots | J4: =G4*G6/J3/G5 -> 159.15022
B5: $ Lot size | C5: 100000 | F5: $ Lot size | G5: 100000 | I5: Margin Maxlots | J5: =G4/G5/(G7*J3/100/G6+J12/10000) -> 176.58719
B6: Lotes | C6: =IF(C3="","",IF(C4="","",IF(C5="","",C3*C4/C5))) -> 1 | F6: Leverage | G6: 500 | I6: Ideal Maxlots | J6: =IF(G13="","",IF(J12="","",G13/J12/10)) -> 118.01417
F7: Margin call | G7: 20 | I7: Lots limit | J7: =IF(J4<J5,IF(J4<J6,J4,J6),IF(J5<J6,J5,J6)) -> 118.01417
F8: Mín lot size | G8: 0.01 | I8: Limit type | J8: =IF(J7=J4,"MaxLev",IF(J7=J5,"Margin","Ideal")) -> Ideal
F9: Saldo Mín Op | G9: =IF(G8="","",G8*G5*J3/G6) -> 2.13902 | I9: % Agress | J9: 100
I10: Lots used | J10: =IF(J7="","",IF(J9="","",INT(J7*J9)/100)) -> 118.01
F11: Ideais por operação | I11: Leverage used | J11: =IF(J10="","",INT(G6*J10/J4)) -> 370
F12: Capital em risco | G12: =Risk!I25 -> 0.52 | I12: Stop pips | J12: 15
G13: =Risk!I26 -> 17702.126 | I13: Risco $ | J13: =IF(J12="","",J12*J10*G5/10000) -> 17701.5
F14: Payoff | G14: =Risk!I27 -> 0.6079702 | I14: Risco % | J14: =J13/G4 -> 0.51998161
G15: =Risk!I28 -> 20696.856 | I15: % por pip | J15: =J14/J12 -> 0.034665441
I16: Nº erros | J16: =(G4-G9)/J13 -> 1.9230241
I17: Alvo pips | J17: 2
I18: Ganho $ | J18: =IF(J17="","",J17*J10*G5/10000) -> 2360.2
C19: Quando for usada, esta planilha precisará de revisão | I19: Ganho % | J19: =J18/G4 -> 0.069330881
I20: WinP | J20: 0.2
I21: Payoff | J21: =IF(J20="","",J20*J18-(1-J20)*J13) -> -13689.16
J22: =IF(J21="","",J21/G4) -> -0.40211911
